Workbook
Name condicion: #REF!
Name edad: #REF!
Name etnias: #REF!
Name frecuencia: #REF!
Name genero: #REF!
Name INDICADOR: #REF!
Name localidad: #REF!
Name metas: #REF!
Name objetivoest: #REF!
Name objetivos: #REF!
Name pmr: #REF!
Name responsable: #REF!
Name SUBSECRETARIA: #REF!
Name subsecretarias: #REF!
Name tactividad: #REF!
Name tcalculo: #REF!
Name tindicador: #REF!
Name tipometa: #REF!
Name tmeta: #REF!

Sheet Instructivo
A1: PROGRAMACIÓN, ACTUALIZACIÓN Y SEGUIMIENTO PLAN DE ACCIÓN DE PROYECTOS DE INVERSIÓN
A2: ENCABEZADO DE TODAS LAS HOJAS
A3: ITEM | B3: DESCRIPCIÓN
A4: NOMBRE DEL PROYECTO | B4: En este campo se diligencia el nombre del proyecto de inversión como se encuentra en la ficha EBI-D y en la ficha MGA de formulación.
A5: PERIODO REPORTADO | B5: En este campo se marca con "X" el mes al cual corresponde el reporte de seguimiento
A6: TIPO DE REPORTE | B6: En este campo se selecciona según aplique. Programación: Corresponde al proceso de formulación del plan de acción de proyectos de inversión, el cual se realiza una vez por vigencia. Actualización: Corresponde al proceso mediante el cual la gerencia del proyecto modifica o ajusta la información contenida en el plan de acción de proyectos de inversión Seguimiento: Corresponde al proceso de reporte de avance de las actividades, tareas, meta PDD, producto MGA, territorialización y PMR de acuerdo con la programación.
A7: HOJA ACTIVIDAD
A8: ACTIVIDAD DEL PROYECTO | B8: En este campo se diligencia el nombre de la actividad del proyecto de inversión, como se encuentra registrada tanto en la ficha MGA como en la ficha EBI-D del proyecto de inversión
A9: PRODUCTO MGA | B9: En este campo se diligencia el nombre del producto registrado en la ficha MGA, asociado a la actividad correspondiente del proyecto de inversión.
A10: INDICADOR ACTIVIDAD | B10: En este campo se diligencia el nombre del indicador que se estableció para la actividad correspondiente, debe ser coherente con lo registrado en la hoja de vida de vida de indicadores.
A11: OBJETIVO ESTRATÉGICO | B11: En este campo se diligencia el nombre del Objetivo Estratégico establecido en la estructura Plan de Desarrollo vigente, bajo la cual se encuentra articulado el proyecto de inversión
A12: PROGRAMA | B12: En este campo se diligencia el nombre del Programa de acuerdo con la la estructura Plan de Desarrollo vigente, bajo la cual se encuentra articulado el proyecto de inversión
A13: META PDD | B13: En este campo se diligencia el nombre de la meta Plan de Desarrollo vigente, al cual se encuentra articulada la actividad correspondiente del proyecto de inversión.
A14: EJECUCIÓN PRESUPUESTAL DEL PROYECTO
A15: PROGRAMACION DE COMPROMISOS | B15: Se diligencia el valor de la programación mensual de compromisos. Para este campo, los insumos son la programación del proyecto coincidente con la programación PAABS.
A16: COMPROMISOS | B16: Se diligencia el valor de los compromisos efectivamente ejecutados mensualmente. Este dato debe coincidir con las ejecuciones de CRP de los informes BOGDATA.
A17: GIROS | B17: Se diligencia el valor mensual de los giros efectivamente ejecutados. Este dato debe coincidir con las ejecuciones de CRP (autorización giros) de los informes BOGDATA.
A19: PROGRAMACIÓN DE RESERVAS | B19: En este campo se diligencia el valor de la programación mensual a ejecutar de las reservas constituidas al inicio de la vigencia.
A20: LIBERACIÓN DE RESERVAS | B20: En este campo se registra el valor de las liberaciones de las reservas realizadas en el mes que corresponda.
A21: GIROS RESERVAS | B21: En este campo se diligencia el valor efectivo de los giros de la reserva para el mes correspondiente, este dato debe coincidir con la autorización de giros del informe de Rersevas de BOGDATA.
A22: REPORTE ACTIVIDADES VIGENCIA (Ejecución vigencia)
A23: DESCRIPCIÓN DE LA ACTIVIDAD | B23: Este campo se diligencia automaticamente, y corresponde al nombre de la actividad del proyecto de inversión, como quedó formulada tanto en la ficha MGA como en la ficha EBI-D del proyecto de inversión
A24: ANUALIZACIÓN DE LA ACTIVIDAD | B24: En este campo se diligencia para cada una de las vigencias, la meta numérica de la actividad (en valores absolutos o porcentuales), cuyo valor total debe corresponder a la meta del cuatrienio de la actividad, en coherencia con la información registrada en la ficha EBI-D del proyecto de inversión.
A25: TIPO DE ANUALIZACIÓN | B25: En este campo se diligencia el tipo de anualización de la actividad en coherencia con las mediciones establecidas por la SDP: Suma: La magnitud se distribuyen entre las vigencias y al final se tienen una totalización,es decir, la meta total de la actividad. Creciente: No tienen total y puede haber 2 años consecutivos con el mismo valor. El valor del último año corresponde a la meta total de la actividad. Decreciente: No tienen total y se registran en cada vigencia una magnitud igual o inferior hasta llegar a la meta de la actividad. Constante: No tienen total y las magnitudes deberán corresponder a un valor igual para cada vigencia
A26: PONDERACIÓN ACTIVIDAD | B26: En este campo se registra el valor porcentual asignado a la actividad dentro del plan de acción del proyecto de inversión. Es necesario tener en cuenta que la sumatoria de las ponderaciones de todas las actividades del plan de acción debe ser igual al 100%
A27: Programación | B27: Corresponde a las magnitudes que se mediran para cuantificar el bien o servicio, lo que se espera alcanzar en un periodo de tiempo a través de la ejecución o desempeño de las actividades. La sumatoria de la programación mensual debe corresponder con el valor de la anualización de la vigencia correspondiente.
A28: Ejecución | B28: Se diligencia la magnitud alcanzada durante el periodo reportado, a fin de cumplir la programación realizada para la actividad
A29: Avances y Logros Mensual (2.000 caracteres) | B29: En este campo se diligencia lo relacionando a los logros y avances del mes en coherencia con lo registrado en el avance cuantitativo de la actividad. Se recomienda dejar la información que se considere estratégica y de mayor relevancia.
A30: Avances y Logros Acumulado (2.000 caracteres) | B30: En este campo se diligencia lo relacionando a los logros y avances acumulados a la fecha del reporte en coherencia con lo registrado en el avance cuantitativo de la actividad, así como con la información reportada en meses anteriores. Se recomienda dejar la información que se considere estratégica y de mayor relevancia. IMPORTANTE: Se debe diligenciar la descripción cualitativa de manera acumulada de manera ejecutiva, sin replicar toda la información mes a mes de los seguimientos.
A31: Retrasos y Alternativas de solución (1.000 caracteres) | B31: En este campo se deberá diligenciar lo relacionando a las dificultades y alternativas de solución presentadas en el periodo en el que se dan. Cuando la ejecución del proyecto se encuentra acorde a lo programado, no se diligencia este campo o se incluye que el proyecto no presenta retrasos. IMPORTANTE: Se debe diligenciar la descripción cualitativa de manera acumulada de manera ejecutiva, sin replicar toda la información mes a mes de los seguimientos.
A32: Beneficios | B32: En este campo se deberá diligenciar lo relacionando con los beneficios aportados por la ejecución de la actividad, de forma acumulada e integrada. IMPORTANTE: Se debe diligenciar la descripción cualitativa de manera acumulada de manera ejecutiva, sin replicar toda la información mes a mes de los seguimientos.
A33: DESCRIPCIÓN CUALITATIVA Y PORCENTUAL DEL AVANCE POR TAREA
A34: DESCRIPCIÓN DE LA TAREA | B34: En este campo se diligencia el nombre de la tarea definida para la gestión de cumplimiento de la actividad del proyecto de inversión. Las tareas deben ser coherentes con las actividades a las cuales están asociadas y son aquellas que las dependencias deben llevar a cabo para producir los resultados definidos en las mismas.
A35: PONDERACIÓN DE LA TAREA | B35: En este campo se registra el valor porcentual asignado a la tarea (s) asociada (s) a la actividad, es decir, la sumatoria de las ponderaciones de las tareas de un actividad, debe ser igual al peso % de dicha actividad a la cual se encuentran asociadas.
A36: Programación (Tareas) | B36: En este campo se diligencia el porcentaje que se va a realizar en el mes de la tarea, la sumatoria de las programaciones mensuales debe sumar 100%.
A37: Ejecución (Tareas) | B37: En este campo se diligencia la magnitud alcanzada durante el periodo reportado, a fin de cumplir la programación mensual para la tarea.
A38: Logros y beneficios y Retrasos y alternativas de solución (2.000 caracteres) (Tareas) | B38: En este campo se registra: - El avance de la gestión mensual señalando las alertas que puedan afectar el cumplimiento de la tarea o producto, cuando aplique. - El avance acumulado y los productos obtenidos, indicando si se presentan retrasos y señalando las alternativas de solución que se implementarán.
A39: Evidencias de ejecución | B39: En este campo se registra el link o la ruta donde se puede consultar las evidencias que soportan la ejecución de las tareas.
A40: HOJA META PDD
A41: ITEM | B41: DESCRIPCIÓN
A42: META PDD | B42: En este campo se diligencia el nombre de la Meta Plan de Desarrollo vigente, al cual se encuentra articulado el proyecto de inversión
A43: OBJETIVO ODS | B43: En este campo se diligencia el nombre del Objetivo de Deasarrollo Sostenible al cual se encuentra asociada la Meta Plan Distrital de Desarrollo que compete al proyecto de inversión
A44: META ODS | B44: En este campo se diligencia el nombre de la Meta del Objetivo de Deasarrollo Sostenible al cual se encuentra asociada la Meta Plan Distrital de Desarrollo que compete al proyecto de inversión
A45: INDICADOR META PDD | B45: En este campo se diligencia el nombre del Indicador PDD establecido para la Meta Plan de Desarrollo a la que se encuentre asociado el proyecto de inversión y que se encuentran definidos en los documento del Plan de Desarrollo vigente.
A46: PROGRAMACIÓN CUATRIENAL INDICADOR PDD | B46: En este campo se diligencia en cada vigencia la magnitud numérica del Indicador de la Meta PDD (en valores absolutos o porcentuales), según corresponda con lo establecido en el documento del Plan de Desarrollo vigente.
A47: AVANCE ACUMULADO CUATRIENIO | B47: En este campo se diligencia la sumatoria de la programación cuatrienal del Indicador PDD, de acuerdo con el tipo de anualización establecido.
A48: TIPO DE ANUALIZACIÓN (Según aplique) | B48: En este campo se diligencia el tipo de anualización del indicador de la Meta PDD en coherencia con las mediciones establecidas por la SDP: Suma: La magnitud se distribuyen entre las vigencias y al final se tienen una totalización,es decir, la meta total deL indicador. Creciente: No tienen total y puede haber 2 años consecutivos con el mismo valor. El valor del último año corresponde a la meta total del indicador Decreciente: No tienen total y se registran en cada vigencia una magnitud igual o inferior hasta llegar a la meta del indicador. Constante: No tienen total y las magnitudes deberán corresponder a un valor igual para cada vigencia
A49: EJECUCIÓN MENSUAL INDICADOR PDD
A50: PROGRAMACIÓN | B50: Corresponde a la programación de las magnitudes que se mediran para cuantificar el bien o servicio, lo que se espera alcanzar en un periodo de tiempo a través de la ejecución o desempeño de las actividades asociadas a la Meta PDD. La sumatoria de la programación mensual debe corresponder con el valor de la anualización del Indicador de la vigencia correspondiente.
A51: EJECUCIÓN | B51: Se diligencia la magnitud alcanzada durante el periodo reportado, a fin de cumplir la programación relizada para el indicador
A52: AVANCES Y LOGROS MENSUAL (2.000 CARACTERES) | B52: En este campo se diligencia lo relacionando a los logros y avances del mes en coherencia con lo registrado en el avance cuantitativo del indicador Se recomienda dejar la información que se considere estratégica y de mayor relevancia.
A53: AVANCES Y LOGROS ACUMULADO (2.000 CARACTERES) | B53: En este campo se diligencia lo relacionando a los logros y avances acumulados a la fecha del reporte en coherencia con lo registrado en el avance cuantitativo indicador, así como con la información reportada en meses anteriores. Se recomienda dejar la información que se considere estratégica y de mayor relevancia. IMPORTANTE: Se debe diligenciar la descripción cualitativa de manera acumulada de manera ejecutiva, sin replicar toda la información mes a mes de los seguimientos.
A54: RETRASOS Y ALTERNATIVAS DE SOLUCIÓN (1.000 CARACTERES) | B54: En este campo se deberá diligenciar lo relacionando a las dificultades y alternativas de solución presentadas en el periodo en el que se dan. Cuando la ejecución del proyecto se encuentra acorde a lo programado, no se diligencia este campo o se incluye que el proyecto no presenta retrasos. IMPORTANTE: Se debe diligenciar la descripción cualitativa de manera acumulada de manera ejecutiva, sin replicar toda la información mes a mes de los seguimientos.
A55: BENEFICIOS | B55: En este campo se deberá diligenciar lo relacionando con los beneficios aportados por la ejecución de la Meta PDD, de forma acumulada e integrada. IMPORTANTE: Se debe diligenciar la descripción cualitativa de manera acumulada de manera ejecutiva, sin replicar toda la información mes a mes de los seguimientos.
A56: EVIDENCIAS DEL AVANCE | B56: En este campo se pone el link o la ruta donde se puede consultar las evidencias que soportan la ejecución de la Meta PDD.
A57: HOJA PRODUCTO MGA
A58: EJECUCIÓN PRESUPUESTAL DEL PRODUCTO
A59: OBJETIVO ESPECÍFICO | B59: En este campo se diligencia el nombre del objetivo especfíco al cual se encuentra asociado el producto (s) de acuerdo con la ficha MGA del proyecto de inversión
A60: ACTIVIDAD | B60: En este campo se registra el nombre de la actividad formulada en la ficha MGA del proyecto de inversión, asociada (s) al producto descrito en dicha ficha MGA
A61: PRODUCTO MGA | B61: En este campo se registra el nombre del producto que asocia la actividad mediante la cual se aporta a su cumplimiento. Cuando un producto tenga asociada más de una actividad, se requiere combinar la celda.
A62: COMPROMISOS | B62: En este campo se diligencia el valor de los compromisos efectivamente ejecutados a nivel de producto, por tanto, para aquellos productos que tenga asocidas más de una actividad, el valor a diligenciar en este campo corresponde a la sumatoria de la ejecución de compromisos de dichas actividades.
A63: GIROS | B63: En este campo se diligencia el valor de los giros efectivamente ejecutados a nivel de producto, por tanto, para aquellos productos que tenga asociadas más de una actividad, el valor a diligenciar en este campo corresponde a la sumatoria de la ejecución de giros de dichas actividades.
A64: EJECUTADO MAGNITUD | B64: En este campo se diligencia la ejecución mensual de la magnitud del producto para dar cumplimiento a la meta anual, de acuerdo con la información registrada en la ficha MGA del proyecto de inversión.
A65: HOJA TERRITORIALIZACIÓN
A66: DESCRIPCIÓN
A67: Este anexo, responde a la necesidad de plasmar la información correspondiente que las acciones (derivadas de metas PDD, metas proyecto de inversión, indicadores PMR, actividades) que se territorializan incluyendo el enfoque diferencial y según grupo etario, así como las reportadas a nivel distrital. De ser necesario las celdas correspondientes a enfoque diferencial, especificamente población con discapacidad (Sordociega, auditiva,, visual, multiple, mental, física, cognitiva, otro) y población LGBTI (Lesbianas, gays, bisexuales, hererosexuales, No responde...) se puede establecer mayor desagregue de ser necesario en la misma celda.
A68: INDICADOR TERRITORIALIZABLE | B68: En este campo se diligencia el nombre de la actividad o indicador PMR cuyas acciones se pueden estimar y ejecutar en las localidades de Bogotá.
A69: PROGRAMACIÓN MAGNITUD | B69: En este campo se diligencia la programación mensual de la magnitud de la actividad y/o indicador PMR en las ubicaciones que corresponda (Localidades y Distrito)
A70: PROGRAMACIÓN PRESUPUESTO | B70: En este campo se diligencia la programación mensual del presupuesto de la actividad y/o del indicador PMR en las ubicaciones que corresponda (Localidades y Distrito)
A71: EJECUCIÓN MAGNITUD | B71: En este campo se diligencia la ejecución mensual de la magnitud de la actividad y/o indicador PMR en las ubicaciones que corresponda (Localidades y Distrito)
A72: EJECUCIÓN PRESUPUESTO | B72: En este campo se debe diligencia la ejecución (compromisos) mensual del presupuesto de la actividad y/o del indicador PMR en las ubicaciones que corresponda (Localidades y Distrito)
A73: HOJA PMR
A74: Numero de objetivo | B74: En este campo se diligencia el número del objetivo PMR al cual se encuentra asociado el Producto PMR articulado al proyecto de inversión.
A75: Objetivo | B75: En este campo se diligencia el nombre objetivo PMR al cual se encuentra asociado el Producto PMR articulado al proyecto de inversión.
A76: producto | B76: En este campo se diligencia el nombre del producto PMR articulado al proyecto de inversión.
A77: Numero de indicador de producto | B77: En este campo se diligencia el número del indicador PMR articulado al proyecto de inversión.
A78: Indicador de Producto | B78: En este campo se diligencia el nombre del indicador de producto PMR articulado al proyecto de inversión.
A79: Actividad que aporta al indicador | B79: En este campo se diligencia el nombre de la actividad del proyecto de inversión que aporta al cumplimiento del indicador PMR, en los casos que aplique y exista relación directa.
A80: Naturaleza | B80: En este campo se diligencia la naturaleza según corresponda al tipo de indicador, el cual puede ser acumulado, stock o de capacidad.
A81: Territorializable | B81: En este campo se debe diligenciar "SI" o "NO" según corresponda.
A82: Linea Base (Corte 31 diciembre 2023 | B82: En este campo se diligencia el valor de la línea base del indicador PMR, el cual corresponde al valor registrado en la última vigencia del Plan Distrital de Desarrollo inmediatamente anterior.
A83: Meta Plan (TotaL PMR 10 Años) | B83: En este campo se diligencia la Meta total programada para un lapso de 10 años. Dicha información se formula previamenteentre las gerencias de los proyectos de inversión y el enlace de PMR ante laSecretaría Distrital de Hacienda.
A84: Meta Anual 2025 | B84: En este campo se diligencia la meta (valor numérico) para la vigencia correspondiente, la cual fue previamente establecida por las gerencias de los proyectos de inversión y revisada por la Secretaría Distrital de Hacienda.
A85: Programación | B85: En este campo se diligncia la programación mensual de la magnitud (valor numérico)del indicador PMR y que debe totalizar la meta anual.
... A87: Avance cualitativo | B87: En este campo se diligencia la información relacionada con los logros y avances del mes en máximo 250 caracteres, en coherencia con lo registrado en el avance cuantitativo del indicador PMR.
A88: HOJA CONTROL DE CAMBIOS
A89: Fecha de solicitud del cambio | B89: Diligencie la fecha en la que se realizó la solicitud de modificación al plan de acción
A90: Fecha de aprobación del cambio | B90: Diligencie la fecha en la que el cambio solicitado al plan de acción es aprobado
A91: Cambio | B91: Descripción de la información modificada y/o ajustada en el plan de acción
A92: Justificación del cambio | B92: Justificación del motivo que genera la modificación y/o ajuste en el plan de acción
A93: FIN INSTRUCTIVO

Sheet ACTIVIDAD_1
B1: SECRETARÍA DISTRITAL DE LA MUJER | M1: Código: DE-FO-5
B2: DIRECCIONAMIENTO ESTRATEGICO | M2: Versión: 14
B3: PROGRAMACIÓN, ACTUALIZACIÓN Y SEGUIMIENTO PLAN DE ACCIÓN DE PROYECTOS DE INVERSIÓN | M3: Fecha de Emisión: 28/04/2025
B4: ACTIVIDADES | M4: Página 2 de 7
A6: PROYECTO DE INVERSIÓN | B6: 8190 - Desarrollo de capacidades digitales para potenciar la inclusión social de las mujeres en zonas urbanas y rurales en Bogotá D.C. | L6: BPIN | M6: 2024110010313
A8: PERIODO REPORTADO | B8: Enero | D8: Febrero | F8: Marzo | H8: Abril | J8: TIPO DE REPORTE | L8: FORMULACION
B9: Mayo | D9: Junio | F9: Julio | H9: Agosto | I9: X | L9: ACTUALIZACION
B10: Septiembre | D10: Octubre | F10: Noviembre | H10: Diciembre | L10: SEGUIMIENTO | M10: X
A12: ACTIVIDAD DEL PROYECTO | B12: Diseñar 4 contenidos nuevos de formación en capacidades digitales con enfoque de género y diferencial
A16: PRODUCTO MGA | B16: Servicios de Educación Informal | G16: INDICADOR ACTIVIDAD | I16: Numero de contenidos nuevos de formación en capacidades digitales con enfoque de género y diferencial diseñados
A18: OBJETIVO ESTRATÉGICO | B18: 3. Bogotá confia en su potencial | F18: PROGRAMA | G18: 3.17. Formación para el trabajo y acceso a oportunidades educativas | J18: META PDD | K18: Formar 27.000 mujeres en habilidades digitales a través de los Centros de Inclusión Digital – CID, en zonas rurales y urbanas.
A21: EJECUCIÓN PRESUPUESTAL DEL PROYECTO
A22: PRESUPUESTO ASIGNADO EN LA VIGENCIA ACTUAL (en pesos, sin decimales)
B23: Enero | C23: Febrero | D23: Marzo | E23: Abril | F23: Mayo | G23: Junio | H23: Julio | I23: Agosto | J23: Septiembre | K23: Octubre | L23: Noviembre | M23: Diciembre | N23: Total | O23: Porcentaje de ejecución
A24: PROGRAMACION DE COMPROMISOS | B24: 650082000 | C24: 0 | D24: 0 | E24: 0 | F24: 0 | G24: 0 | H24: 20547797 | I24: -337312 | J24: 0 | K24: 0 | L24: 0 | M24: 0 | N24: =SUM(B24:M24) -> 670292485 | O24: 1
A25: COMPROMISOS | B25: 643259000 | C25: 0 | D25: -660000 | E25: -696666 | F25: 104370 | G25: 5113630 | H25: 16500000 | I25: 0 | J25: 0 | K25: 0 | L25: 0 | M25: 0 | N25: =SUM(B25:M25) -> 663620334 | O25: =N25/N24 -> 0.99004591
A26: GIROS | B26: 0 | C26: 9168860 | D26: 59075996 | E26: 59182665 | F26: 58267666 | G26: 59342666 | H26: 59557666 | I26: 60269333 | J26: 0 | K26: 0 | L26: 0 | M26: 0 | N26: =SUM(B26:M26) -> 364864852 | O26: =N26/N25 -> 0.54980963
A27: PROGRAMACIÓN RESERVAS | B27: 0 | C27: 41303031 | D27: 0 | E27: 0 | F27: 0 | G27: 0 | H27: 0 | I27: 0 | J27: 0 | K27: 0 | L27: 0 | M27: 0 | N27: =SUM(B27:M27) -> 41303031 | O27: 1
A28: LIBERACION DE RESERVAS | B28: 0 | C28: 0 | D28: 0 | E28: 1 | F28: 0 | G28: 0 | H28: 0 | I28: 0 | J28: 0 | K28: 0 | L28: 0 | M28: 0 | N28: =SUM(B28:M28) -> 1 | O28: =N28/N27 -> 2.4211298e-08
A29: GIROS RESERVAS | B29: 2142000 | C29: 25377434 | D29: 7794824 | E29: 0 | F29: 3521062 | G29: 0 | H29: 0 | I29: 0 | J29: 0 | K29: 0 | L29: 0 | M29: 0 | N29: =SUM(B29:M29) -> 38835320 | O29: =N29/N27 -> 0.94025351
A33: REPORTE ACTIVIDADES VIGENCIA (Ejecución vigencia)
A34: DESCRIPCION DE LA ACTIVIDAD | B34: =+B12 -> Diseñar 4 contenidos nuevos de formación en capacidades digitales con enfoque de género y diferencial
A35: ANUALIZACIÓN DE LA ACTIVIDAD | B35: 2024 | C35: 2025 | D35: 2026 | E35: 2027 | F35: TOTAL PDD | G35: TIPO DE ANUALIZACIÓN | H35: Suma
B36: 1 | C36: 1 | D36: 1 | E36: 1 | F36: =B36+C36+D36+E36 -> 4
A37: PONDERACIÓN ACTIVIDAD | B37: 0.44 | D37: DESCRIPCIÓN CUALITATIVA DEL AVANCE POR ACTIVIDAD
A38: ENERO | B38: PROGRAMACIÓN | C38: EJECUCIÓN | D38: AVANCES Y LOGROS MENSUAL (2.000 CARACTERES) | F38: AVANCES Y LOGROS ACUMULADO (2.000 CARACTERES) | H38: RETRASOS Y ALTERNATIVAS DE SOLUCIÓN (1.000 CARACTERES) | I38: BENEFICIOS
B39: 0 | C39: 0 | D39: No se presentan avances de acuerdo con la programación | F39: No se presentan avances de acuerdo con la programación | H39: No aplica.
A40: FEBRERO | B40: PROGRAMACIÓN | C40: EJECUCIÓN | D40: AVANCES Y LOGROS MENSUAL (2.000 CARACTERES) | F40: AVANCES Y LOGROS ACUMULADO (2.000 CARACTERES) | H40: RETRASOS Y ALTERNATIVAS DE SOLUCIÓN (1.000 CARACTERES) | I40: BENEFICIOS
B41: 0.08 | C41: 0.08 | D41: Con el fin de avanzar en la priorización de un nuevo curso de formación, en el mes de febrero se realizó una recopilación de necesidades, a partir de las percepciones de las ciudadanas y de las facilitadoras, expresadas en los instrumentos aplicados en los distintos procesos de formación. El curso seleccionado tendrá en cuenta: capacidad del equipo de los CID, urgencia de la temática para las mujeres, información disponible para la creación de contenido. | F41: Se avanzó en la priorización de posibles temáticas a desarrollar para el nuevo curso de formación. | H41: No se presentaron retrasos | I41: La identificación participativa de las necesidades de formación permitió consolidar insumos clave para fortalecer los procesos pedagógicos dirigidos a las mujeres en los territorios. Este análisis no solo visibilizó intereses concretos relacionados con el uso de herramientas web, digitales y de inteligencia artificial para la vida cotidiana y el emprendimiento, sino que también resaltó la importancia de la protección digital y la gestión de riesgos. Como resultado, se cuenta ahora con una base más precisa y contextualizada para orientar la oferta formativa, potenciar la autonomía económica de las participantes y enriquecer los contenidos de los cursos existentes.
A42: MARZO | B42: PROGRAMACIÓN | C42: EJECUCIÓN | D42: AVANCES Y LOGROS MENSUAL (2.000 CARACTERES) | F42: AVANCES Y LOGROS ACUMULADO (2.000 CARACTERES) | H42: RETRASOS Y ALTERNATIVAS DE SOLUCIÓN (1.000 CARACTERES) | I42: BENEFICIOS
B43: 0.08 | C43: 0.08 | D43: En el mes de marzo se avanzo en la construcción de la estructura del nuevo curso, el cual tendrá como contenido principal el reconocimiento y uso de la Inteligencia Artficial. Este contenido está pendiente de ser validado por la directora de gestión del conocimiento, luego de lo cual se iniciará el proceso de construcción de contenido y definición de línea gráfica. Adicional a este proceso, se tiene un gran avance en la actulización del curso de Prevención de Violencias Digitales-PVD, teniendo en cuenta que este proceso se inición desde el 2025 en el marco de la alianza estratégica con la Fundación Karisma. Por otro lado se han realizado las siguientes gestiones con aliados estratégicos, con el fin de iniciar la difinición de otros espacios para el fortalecimiento de las habilidades digitales de las mujeres, los cuales tienen como eje central la innovación pública y la tecnología: 1. Alianza CCB: Se realizará un espacio de circuito y panel con mujeres emprendedoras, en el cual el eje central de converzación será el uso de la IA para fortalecer emprndimientos. Este espacio se llevará a cabo en el Centro de Innovación de CCB y Ecopetrol. 2. Alianza con IDARTES-Estrategfia de arte ciencia y tecnología: se realizará un laboratorio creativo, el cual tendrá como eje central el intercambio intergeneracional y la creación de viodejuegos. El producto de este laboratorio será presentado en el amrco del SOFA. 3. Alianza con la Cinemateca Distrital: Se iniciaron acercamientos para realizar un laboratorio audiovisual. El producto del laboratoría se circulará en el 8M 2027 de Idartes. | F43: Se avanzó en la definición de la temática de l curso nuevo, así como la estructura y el contenido de cada uno de los módulos. Por otro lado se tiene un avance en el curso de Prevención de Violencias Digitales, el cual fue priorizado para su actualización, en el marco de la alianza estratégica con Karisma. Se iniciaron gestiones para la definición de 3 espacios de innovación para el fortalecimiento de las Habilidades Digitales de las mujeres. | H43: No se presentaron retrasos | I43: La identificación participativa de las necesidades de formación permitió consolidar insumos estratégicos para fortalecer los procesos pedagógicos dirigidos a las mujeres en los territorios, a partir de sus intereses reales y contextuales. Este ejercicio permitió la definición de la temática y la estructura del nuevo curso de inteligencia artificial, junto con la actualización del curso de Prevención de Violencias Digitales, lo cual permite fortalecer la pertinencia, calidad y actualidad de la oferta formativa de los Centros de Inclusión Digital. La articulación con aliados estratégicos en campos como la innovación, las artes, la tecnología y el audiovisual amplía las oportunidades de aprendizaje, fomenta el intercambio de saberes y contribuye al desarrollo integral de habilidades digitales de las mujeres, con enfoque de género y diferencial
A44: ABRIL | B44: PROGRAMACIÓN | C44: EJECUCIÓN | D44: AVANCES Y LOGROS MENSUAL (2.000 CARACTERES) | F44: AVANCES Y LOGROS ACUMULADO (2.000 CARACTERES) | H44: RETRASOS Y ALTERNATIVAS DE SOLUCIÓN (1.000 CARACTERES) | I44: BENEFICIOS
B45: 0.08 | C45: 0.08 | D45: Durante el mes de abril se avanzó de manera significativa en el ajuste y consolidación del curso nuevo de Inteligencia Artificial, adecuando su estructura, módulos, actividades prácticas y evaluaciones para responder a las necesidades, capacidades y contextos de las mujeres participantes. Paralelamente, se desarrolló la actualización del curso de Prevención de Violencias Digitales, redefiniendo sus contenidos, fortaleciendo el enfoque de derechos, seguridad y autocuidado digital, e iniciando la producción gráfica de los primeros módulos, en articulación con la línea comunicativa institucional. Estos avances fortalecen la calidad, pertinencia y actualidad de la oferta formativa de los Centros de Inclusión Digital. | F45: Se avanzó en la definición de la estructura del curso nuevo sobre IA, y la guía de contenidos. Por otro lado se inició la graficación de los primeros módulos del curso Prevención de Violencias Digitales, el cual fue priorizado para su actualización, en el marco de la alianza estratégica con Karisma. Se iniciaron gestiones para la definición de 3 espacios de innovación para el fortalecimiento de las Habilidades Digitales de las mujeres. | H45: No se presentaron retrasos | I45: Los avances desarrollados durante el mes de abril aportaron beneficios estratégicos al fortalecimiento de la oferta formativa de los Centros de Inclusión Digital, al consolidar contenidos pedagógicos actualizados, pertinentes y alineados con el enfoque de género y diferencial. El ajuste integral del curso de Inteligencia Artificial permitió contar con una estructura clara, progresiva y aplicada, que facilita la apropiación de conocimientos y habilidades digitales por parte de las mujeres, promoviendo un uso consciente, práctico y ético de estas tecnologías en su vida cotidiana, educativa y laboral. Asimismo, la actualización del curso de Prevención de Violencias Digitales contribuyó a fortalecer los procesos de sensibilización, identificación y prevención de riesgos en entornos digitales, brindando herramientas concretas para el autocuidado, la protección de la información y el ejercicio pleno de los derechos de las mujeres en escenarios digitales. Estos ajustes mejoran la calidad pedagógica de los contenidos, incrementan su vigencia frente a los riesgos tecnológicos emergentes y fortalecen la capacidad institucional para responder a las necesidades reales de las mujeres en los territorios. En conjunto, estos avances permiten consolidar una oferta formativa más robusta, coherente y articulada, que amplía las oportunidades de aprendizaje, fortalece la autonomía digital de las mujeres y aporta al cierre de brechas de acceso, uso y apropiación de las tecnologías, en concordancia con los objetivos del proyecto de inversión y la Meta PDD.
A46: MAYO | B46: PROGRAMACIÓN | C46: EJECUCIÓN | D46: AVANCES Y LOGROS MENSUAL (2.000 CARACTERES) | F46: AVANCES Y LOGROS ACUMULADO (2.000 CARACTERES) | H46: RETRASOS Y ALTERNATIVAS DE SOLUCIÓN (1.000 CARACTERES) | I46: BENEFICIOS
B47: 0.08 | C47: 0.08 | D47: En mayo se avanzó en la mejora y consolidación de dos procesos formativos: un nuevo curso de inteligencia artificial y el ajuste del curso de Prevención de Violencias Digitales. En el primero, se incorporaron observaciones para optimizar los contenidos, simplificar los módulos y hacerlos más claros y accesibles, además de establecer lineamientos pedagógicos que priorizan el lenguaje inclusivo, los ejemplos prácticos y la integración del enfoque de género. Se desarrollaron los guiones de los dos primeros módulos, abordando tanto los fundamentos de la IA como el uso crítico de herramientas generativas. En paralelo, se ajustaron los contenidos y estructura del curso de prevención de violencias digitales, se fortalecieron varios módulos y se produjeron recursos audiovisuales prácticos. También se diseñó un nuevo módulo sobre canales de denuncia. Finalmente, se avanzó en la articulación con la Cámara de Comercio de Bogotá para la realización de un BootCamp dirigido a emprendedoras, definiendo su metodología, contenidos y logística, con énfasis en el uso seguro y estratégico de la tecnología | F47: Se avanzó en la definición de la construcción de guíones instrucciones del curso IA. Por otro lado se inició la graficación de los primeros módulos del curso Prevención de Violencias Digitales, el cual fue priorizado para su actualización, en el marco de la alianza estratégica con Karisma. Se realizó una reunión de definición del Boot Camp que se llevará a cabo el 22 de julio en el Centro de Innovación de la Cámara de Comercio de Bogotá. | H47: No se presentaron retrasos | I47: Durante el mes de mayo, los avances en la construcción y ajuste de los cursos permitieron fortalecer de manera significativa la calidad pedagógica, la claridad de los contenidos y la pertinencia de las experiencias de aprendizaje. La incorporación de observaciones del equipo y lineamientos metodológicos contribuyó a simplificar y organizar mejor los módulos, asegurar el uso de un lenguaje claro, inclusivo y accesible, e integrar ejemplos prácticos desde el inicio, lo que facilita la comprensión y apropiación de los temas por parte de las participantes. Asimismo, la estructuración coherente de los contenidos, la mejora en las instrucciones de actividades y la incorporación de recursos audiovisuales e interactivos potencian procesos formativos más dinámicos, comprensibles y orientados a la aplicación en la vida cotidiana. Adicionalmente, la consolidación de contenidos clave —como los fundamentos de la inteligencia artificial, el uso crítico de herramientas generativas y la prevención de violencias digitales—, junto con el desarrollo de materiales audiovisuales prácticos y la inclusión del enfoque de género de manera transversal, fortalece las capacidades de las mujeres para el uso seguro, informado y autónomo de las tecnologías digitales. La articulación interinstitucional y la planificación del BootCamp, por su parte, amplían el alcance de la estrategia formativa, promoviendo espacios de aprendizaje colaborativo y aplicado que contribuyen al fortalecimiento de emprendimientos, la generación de redes y la apropiación tecnológica en contextos reales.
A48: JUNIO | B48: PROGRAMACIÓN | C48: EJECUCIÓN | D48: AVANCES Y LOGROS MENSUAL (2.000 CARACTERES) | F48: AVANCES Y LOGROS ACUMULADO (2.000 CARACTERES) | H48: RETRASOS Y ALTERNATIVAS DE SOLUCIÓN (1.000 CARACTERES) | I48: BENEFICIOS
B49: 0.08 | C49: 0.08 | D49: Durante junio se avanzó en la estructuración del curso de Inteligencia Artificial, reorganizando sus contenidos en tres módulos: Entendiendo la inteligencia artificial, enfocado en conceptos básicos, historia, tipos de IA y una mirada crítica sobre sesgos, ética y sostenibilidad; IA generativa de propósitos generales, centrado en Prompt Engineering y el uso práctico de herramientas como Meta AI, ChatGPT y Google Gemini; e IA generativa de diseño y productividad, orientado al uso de Claude, NotebookLM y Microsoft Designer. Con base en esta propuesta se ajustó el guion instruccional del primer módulo, se avanzó en la construcción del segundo y se remitió la nueva versión a un aliado experto para su valoración y recomendaciones. Paralelamente, se continuó con el diseño del curso de Prevención de Violencias Digitales (PVD) en Adobe Illustrator. Se entregaron los diseños de los módulos generales y de los módulos 1 al 4, además de las piezas gráficas para los contenidos paso a paso de los módulos 4 y 6. Posteriormente, el equipo realizó la revisión integral de los materiales, incorporó los ajustes requeridos y entregó los módulos aprobados al administrador Moodle para su virtualización. Asimismo, se realizaron ajustes metodológicos al módulo 5, dando inicio a su fase de diseño una vez fueron aprobados. | F49: Se avanzó en la definición de la construcción de guíones instrucciones del curso IA, con el ajuste a 3 módulos. Por otro lado se cuenta con la graficación de los 5 de los 7 módulos del curso Prevención de Violencias Digitales. El próximo 22 de julio se desarrollará el BootCamp “Mujeres, Inteligencia Artificial y Emprendimiento”, en articulación con la Cámara de Comercio de Bogotá, en las instalaciones del Centro de Innovación Tecnológica de la Cámara de Comercio de Bogotá. | H49: No se presentaron retrasos | I49: Estos desarrollos aportarán al cierre de brechas digitales de género al ofrecer formación accesible sobre tecnologías emergentes, promoviendo una comprensión crítica de temas como los sesgos algorítmicos, la inclusión en el entrenamiento de modelos de IA y el uso responsable de estas herramientas. Asimismo, la incorporación de contenidos sobre Prompt Engineering y plataformas como Meta AI, ChatGPT, Google Gemini, Claude, NotebookLM y Microsoft Designer permitirá que las participantes adquieran competencias relevantes para desenvolverse en entornos digitales cada vez más mediados por la inteligencia artificial. De manera complementaria, el avance en el diseño y virtualización del curso de Prevención de Violencias Digitales contribuirá a fortalecer las capacidades de las mujeres para reconocer, prevenir y afrontar riesgos en los entornos digitales. La consolidación de los módulos, la producción de recursos gráficos y la preparación de los contenidos para su implementación en Moodle facilitarán el acceso a procesos de formación virtual más dinámicos, comprensibles y centrados en las necesidades de las participantes. Estos insumos también se articulan con el desarrollo del BootCamp “Mujeres, Inteligencia Artificial y Emprendimiento”, que beneficiará a 80 mujeres emprendedoras mediante una experiencia práctica de aproximación a la inteligencia artificial. Los contenidos desarrollados para el curso de IA servirán como base conceptual para fortalecer las capacidades de las participantes en el uso de herramientas digitales orientadas al posicionamiento de sus negocios, la creación de contenido, la gestión de redes sociales y la optimización de procesos productivos. De igual manera, los conocimientos asociados a prevención de violencias digitales y ciberseguridad contribuirán a promover una participación más segura y confiable en los entornos digitales.
A50: JULIO | B50: PROGRAMACIÓN | C50: EJECUCIÓN | D50: AVANCES Y LOGROS MENSUAL (2.000 CARACTERES) | F50: AVANCES Y LOGROS ACUMULADO (2.000 CARACTERES) | H50: RETRASOS Y ALTERNATIVAS DE SOLUCIÓN (1.000 CARACTERES) | I50: BENEFICIOS
B51: 0.08 | C51: 0.08 | D51: Durante el mes de julio se avanzó en el desarrollo, diseño e implementación de contenidos formativos virtuales. Se finalizó el guion instruccional del módulo 2 del curso IA Generativa para Propósitos Generales, incorporando contenidos sobre ChatGPT y Google Gemini, sus funcionalidades, interfaces, formas de acceso y aplicaciones prácticas para tareas educativas, organización de actividades, búsquedas y generación de contenido. Asimismo, se completó el diseño gráfico de los módulos 6 y 7 del curso, incluyendo la atención de observaciones, ajustes en los archivos de trabajo y la aprobación para su virtualización en Moodle. Adicionalmente, se realizó la implementación en la plataforma Moodle de los cursos Prevención de Violencias Digitales con Enfoque de Género y Mujeres Emprendedoras, configurando y poniendo en funcionamiento los módulos, actividades, recursos y funcionalidades necesarias para garantizar su operación, seguimiento y certificación de las participantes dentro del entorno virtual de aprendizaje de la Secretaría Distrital de la Mujer. | F51: Se avanzó en la definición de la construcción de guíones instrucciones del curso IA, con el ajuste a 3 módulos. Por otro lado se cuenta con la graficación de los 7 módulos del curso Prevención de Violencias Digitales. El 22 de julio se desarrolló el BootCamp “Mujeres, Inteligencia Artificial y Emprendimiento”, en articulación con la Cámara de Comercio de Bogotá, en las instalaciones del Centro de Innovación Tecnológica de la Cámara de Comercio de Bogotá. | H51: No se presentaron retrasos | I51: Estas actividades fortalecen la oferta de formación virtual de la Secretaría Distrital de la Mujer al disponer de contenidos actualizados sobre inteligencia artificial, emprendimiento y prevención de violencias digitales, facilitando el acceso de las mujeres a procesos de aprendizaje pertinentes y de calidad. La consolidación de guiones, diseños gráficos, guías metodológicas e implementaciones en Moodle contribuye a mejorar la experiencia educativa, garantizar la coherencia pedagógica de los cursos y optimizar los procesos de acompañamiento y certificación. Asimismo, la incorporación de enfoques metodológicos participativos y críticos favorece el desarrollo de capacidades digitales, la autonomía tecnológica, la apropiación segura de herramientas digitales y el fortalecimiento de habilidades para la participación, el emprendimiento y el ejercicio de derechos en entornos digitales.
A52: AGOSTO | B52: PROGRAMACIÓN | C52: EJECUCIÓN | D52: AVANCES Y LOGROS MENSUAL (2.000 CARACTERES) | F52: AVANCES Y LOGROS ACUMULADO (2.000 CARACTERES) | H52: RETRASOS Y ALTERNATIVAS DE SOLUCIÓN (1.000 CARACTERES) | I52: BENEFICIOS
B53: 0.08 | C53: 0.08 | D53: Se avanzó en la reorganización y redistribución de contenidos de los módulos 2, 3 y 4 del Curso de Inteligencia Artificial, los cuales se encuentran actualmente en fase de revisión. La nueva estructura contempla un Módulo 2 enfocado en los tipos de inteligencia artificial, la inteligencia artificial generativa y descriptiva, así como en el desarrollo de habilidades de Prompt Engineering y el uso de Meta AI; un Módulo 3 orientado a herramientas de IA de propósito general, incluyendo ChatGPT y Google Gemini, sus funcionalidades, aplicaciones prácticas y capacidades avanzadas; y un Módulo 4 centrado en herramientas para la productividad y gestión del conocimiento, como Claude y NotebookLM, abordando análisis documental, verificación de información y generación de contenidos a partir de fuentes propias. Adicionalmente, el Módulo 1 se encuentra en etapa de diseño y se está trabajando en la elaboración de los fondos de pantalla para los videos ilustrativos de los módulos 3 y 4. Por otra parte, continúa el proceso de virtualización y reconfiguración de los módulos del curso Prevención de Violencias Digitales con Enfoque de Género, en el marco de la migración a la nueva versión de Moodle 4.5.11+. Las actividades desarrolladas incluyen la instalación, configuración y personalización de funcionalidades, complementos, temas de visualización, componentes, módulos de actividades, bloques, sistemas de autenticación, reportes e integraciones, con el fin de garantizar el adecuado funcionamiento de la plataforma y responder a las necesidades académicas y administrativas de las usuarias de la Secretaría Distrital de la Mujer. | F53: Se avanzó en la definición de la construcción de guíones instrucciones del curso IA, con el ajuste a 4 módulos. Por otro lado se cuenta con la virtualización de los 7 módulos del curso Prevención de Violencias Digitales. El 22 de julio se desarrolló el BootCamp “Mujeres, Inteligencia Artificial y Emprendimiento”, en articulación con la Cámara de Comercio de Bogotá, en las instalaciones del Centro de Innovación Tecnológica de la Cámara de Comercio de Bogotá. El 29 de julio se inició el laboratorio de videojuegos en articulación con IDARTES, en el cual han participado 9 mujeres jóvenes, el cierre será el 26 de septiembre. | H53: No se presentaron retrasos | I53: La reorganización y actualización de los módulos del Curso de Inteligencia Artificial permitirá ofrecer una ruta de aprendizaje más clara, progresiva y pertinente para las participantes, fortaleciendo sus competencias digitales mediante el conocimiento de diferentes herramientas de IA aplicadas a la productividad, el aprendizaje y la generación de contenidos. Asimismo, la incorporación de nuevas plataformas y funcionalidades facilitará la apropiación práctica de estas tecnologías para la vida cotidiana, educativa y laboral. De igual manera, la virtualización y optimización de los cursos en la nueva versión de Moodle contribuirá a mejorar la experiencia de navegación, el acceso a los contenidos, la estabilidad de la plataforma y el seguimiento de los procesos formativos, garantizando espacios de aprendizaje más accesibles, actualizados y acordes con las necesidades de las usuarias de la Secretaría Distrital de la Mujer.
A54: SEPTIEMBRE | B54: PROGRAMACIÓN | C54: EJECUCIÓN | D54: AVANCES Y LOGROS MENSUAL (2.000 CARACTERES) | F54: AVANCES Y LOGROS ACUMULADO (2.000 CARACTERES) | H54: RETRASOS Y ALTERNATIVAS DE SOLUCIÓN (1.000 CARACTERES) | I54: BENEFICIOS
B55: 0.08
A56: OCTUBRE | B56: PROGRAMACIÓN | C56: EJECUCIÓN | D56: AVANCES Y LOGROS MENSUAL (2.000 CARACTERES) | F56: AVANCES Y LOGROS ACUMULADO (2.000 CARACTERES) | H56: RETRASOS Y ALTERNATIVAS DE SOLUCIÓN (1.000 CARACTERES) | I56: BENEFICIOS
B57: 0.08444444
A58: NOVIEMBRE | B58: PROGRAMACIÓN | C58: EJECUCIÓN | D58: AVANCES Y LOGROS MENSUAL (2.000 CARACTERES) | F58: AVANCES Y LOGROS ACUMULADO (2.000 CARACTERES) | H58: RETRASOS Y ALTERNATIVAS DE SOLUCIÓN (1.000 CARACTERES) | I58: BENEFICIOS
B59: 0.084444
A60: DICIEMBRE | B60: PROGRAMACIÓN | C60: EJECUCIÓN | D60: AVANCES Y LOGROS MENSUAL (2.000 CARACTERES) | F60: AVANCES Y LOGROS ACUMULADO (2.000 CARACTERES) | H60: RETRASOS Y ALTERNATIVAS DE SOLUCIÓN (1.000 CARACTERES) | I60: BENEFICIOS
B61: 0.2
B62: =B61+B59+B57+B55+B53+B51+B49+B47+B45+B43+B41 -> 1.0088884 | C62: =C61+C59+C57+C55+C53+C51+C49+C47+C45+C43+C41 -> 0.56
A65: DESCRIPCIÓN CUALITATIVA Y PORCENTUAL DEL AVANCE POR TAREA
A66: DESCRIPCIÓN DE LA TAREA | B66: 1. Implementar en la plataforma de aprendizaje Moodle los contenidos nuevos diseñados con enfoque de género y diferencial para el desarrollo de capacidades digitaltes de las mujeres | D66: 2. Actualizar los contenidos para el desarrollo de capacidades digitales con los que cuenta actualmente la dirección, incorporando el enfoque diferencial y de género | F66: 3. Realizar acciónes pedagógicas complementarias para el desarrollo de capacidades de la mujeres | H66: Tarea
A67: PONDERACIÓN DE LA TAREA | B67: 0.2 | D67: 0.12 | F67: 0.12
A68: Enero | B68: PROGRAMACIÓN | C68: EJECUCIÓN | D68: PROGRAMACIÓN | E68: EJECUCIÓN | F68: PROGRAMACIÓN | G68: EJECUCIÓN | H68: PROGRAMACIÓN | I68: EJECUCIÓN
B69: 0 | C69: 0 | D69: 0 | E69: 0 | F69: 0 | G69: 0
A70: LOGROS Y BENEFICIOS Y RETRASOS Y ALTERNATIVAS DE SOLUCIÓN | B70: No se presentan avances de acuerdo con la programación | D70: No se presentan avances de acuerdo con la programación | F70: No se presentan avances de acuerdo con la programación
A71: EVIDENCIAS DE EJECUCIÓN | B71: N/A | D71: N/A | F71: N/A
A72: Febrero | B72: PROGRAMACIÓN | C72: EJECUCIÓN | D72: PROGRAMACIÓN | E72: EJECUCIÓN | F72: PROGRAMACIÓN | G72: EJECUCIÓN | H72: PROGRAMACIÓN | I72: EJECUCIÓN
B73: 0.05 | C73: 0.05 | D73: 0 | E73: 0 | F73: 0 | G73: 0
A74: LOGROS Y BENEFICIOS Y RETRASOS Y ALTERNATIVAS DE SOLUCIÓN | B74: Con el fin de avanzar en la identificación de las necesidades de formación de las mujeres, y teniendo en cuenta tanto los procesos de formación implementados por las facilitadoras como sus observaciones sobre la dinámica pedagógica y percepciones expresadas por las participantes, se construyó una recopilación general de las necesidades de contenidos. Este ejercicio permitió consolidar insumos clave sobre los intereses, de las mujeres en los territorios. Entre las necesidades priorizadas se identificaron: - Herramientas web de libre acceso para facilitar procesos cotidianos, académicos, laborales y comunitarios, sobre todo para temas relacionados con emprendimiento y autonomia economica. - Herramientas digitales para fortalecer emprendimientos, especialmente aquellas que apoyan la visibilización, el mercadeo y la gestión administrativa. - Herramientas de inteligencia artificial aplicadas a tareas prácticas, creativas y productivas. - Protección digital y gestión de riesgos asociados a la inteligencia artificial, con énfasis en seguridad, cuidado de la información y prevención de violencias digitales. - Otros temas: se relacionaron algunos contenidos que podrían fortalecer algunos de los cursos ofertados. | D74: No se presentan avances de acuerdo con la programación | F74: No se presentan avances de acuerdo con la programación
A75: EVIDENCIAS DE EJECUCIÓN | B75: Evidencias: - INFORME DE ANÁLISIS DE LÍNEAS DE SALIDA: Identificacion Necesidades de formación Repositorio: https://secretariadistritald.sharepoint.com/:f:/s/ContratacinSPI-2022/IgAZ0o5Ia62fQa24JZdKXAuFAcECPY8w3nbxMTYCODp0QTY?e=Lov5Et | D75: No aplica. | F75: No aplica.
A76: Marzo | B76: PROGRAMACIÓN | C76: EJECUCIÓN | D76: PROGRAMACIÓN | E76: EJECUCIÓN | F76: PROGRAMACIÓN | G76: EJECUCIÓN | H76: PROGRAMACIÓN | I76: EJECUCIÓN
B77: 0.05 | C77: 0.05 | D77: 0 | E77: 0 | F77: 0 | G77: 0
A78: LOGROS Y BENEFICIOS Y RETRASOS Y ALTERNATIVAS DE SOLUCIÓN | B78: Se presenta la propuesta de contenido del curso sobre inteligencia artificial el cual conta de los siguientes módulos y temas: Módulo 1. Introducción a la Inteligencia Artificial: Este módulo brinda una aproximación conceptual a la IA, abordando su definición, presencia en la vida cotidiana y principales debates alrededor del término. Se exploran los tipos de IA, la diferencia entre IA descriptiva y generativa, una mirada histórica a su desarrollo y los mitos más comunes asociados a esta tecnología. Módulo 2. Ciclo de vida de la Inteligencia Artificial: Se presenta el ciclo completo de desarrollo de un modelo de IA, describiendo sus etapas principales. El módulo profundiza en la obtención y el manejo de datos (big data, datos estructurados y no estructurados), la ingeniería de características, la optimización y el entrenamiento de modelos mediante técnicas de machine learning y deep learning. Módulo 3. Inteligencia Artificial Generativa: Este módulo introduce la IA generativa, explicando su funcionamiento y aplicaciones. Se abordan conceptos clave como los prompts, los modelos fundacionales, las técnicas utilizadas en los modelos generativos, el fenómeno de las alucinaciones y los mitos relacionados con la construcción y uso de esta tecnología, así como una mirada general al mercado que la respalda. Módulo 4. Prompt Engineering: Se desarrolla el concepto de Prompt Engineering a partir del pensamiento computacional. El módulo explica la estructura y los elementos que componen un buen prompt, ofrece pautas para reconocerlos y brinda recomendaciones prácticas para escribir instrucciones claras y efectivas para interactuar con sistemas de IA generativa. Módulo 5. IA de propósito general: Este módulo compara distintas herramientas de IA de uso general, como ChatGPT, Google Gemini y Claude. Además, introduce reflexiones sobre privacidad y ética en la interacción con estos sistemas, promoviendo un uso consciente y responsable de estas tecnologías. Módulo 6. IA para investigación y búsqueda de información: Se centra en el uso de IA para la búsqueda, análisis y validación de información. Incluye herramientas como Perplexity AI y Microsoft Copilot, y orienta sobre cómo interpretar las fuentes proporcionadas por la IA. Presenta casos de uso prácticos, como la búsqueda de cursos gratuitos y la investigación de precios de mercado para emprendimientos. Módulo 7. IA para creatividad, diseño, productividad y utilidades: Este módulo explora herramientas de IA aplicadas a la creatividad visual, el diseño y la productividad. Incluye el uso de plataformas como Microsoft Designer, Leonardo.ai, Gamma.app, DeepL, NotebookLM y Napkin. Además, aborda reflexiones sobre el uso responsable de imágenes, los derechos de autor y la propiedad de los contenidos generados por inteligencia artificial. | D78: No se presentan avances de acuerdo con la programación | F78: No se presentan avances de acuerdo con la programación
A79: EVIDENCIAS DE EJECUCIÓN | B79: 01. Documento de propuesta del curso de herramientas digitales y emprendimiento. 02. Documento de propuest del curso de Inteligencia Artificial. Repositorio: https://secretariadistritald.sharepoint.com/:f:/s/ContratacinSPI-2022/IgAQDJaSC8xxRpTJHm7C5odLASeDSxgHZsM_h3tuPZTBqrY?e=62Nwqq | D79: No aplica. | F79: No aplica.
A80: Abril | B80: PROGRAMACIÓN | C80: EJECUCIÓN | D80: PROGRAMACIÓN | E80: EJECUCIÓN | F80: PROGRAMACIÓN | G80: EJECUCIÓN | H80: PROGRAMACIÓN | I80: EJECUCIÓN
B81: 0.1 | C81: 0.1 | D81: 0.05 | E81: 0.05 | F81: 0 | G81: 0
A82: LOGROS Y BENEFICIOS Y RETRASOS Y ALTERNATIVAS DE SOLUCIÓN | B82: Durante el mes de abril se ajustó la estructura del curso nuevo “Inteligencia Artificial”, con el fin de que respondiera a las necesidades y capacidades de las mujeres. Sobre este ajuste se construyó la guía de contenido del curso donde se definieron secciones, temas y actividades: Módulo 1. Entendiendo la Inteligencia Artificial Este módulo introduce a las participantes en los conceptos fundamentales de la inteligencia artificial, abordando su historia, definiciones clave, mitos comunes, tipos de IA y su presencia en la vida cotidiana (trabajo, salud y educación). También se explica de manera sencilla cómo funciona la IA, su ciclo de vida y los principios básicos del aprendizaje automático. Para este módulo se diseñó una actividad práctica de exploración conceptual y un cuestionario de evaluación para verificar la comprensión de los contenidos abordados. Módulo 2. Usando la IA Generativa En este módulo se profundiza en el uso práctico de la IA generativa, incluyendo modelos de lenguaje e imagen, el concepto de alucinaciones y la identificación de errores. Se introduce el prompt engineering, brindando recomendaciones para la redacción de instrucciones efectivas, y se explora el uso de herramientas como ChatGPT y Google Gemini para apoyar tareas educativas, de planificación y creación de contenidos. Cada sección cuenta con una actividad práctica aplicada y un cuestionario que evalúa el aprendizaje alcanzado. Módulo 3. IA para Propósitos Generales Este módulo se centra en el análisis y uso de herramientas de IA de propósito general como ChatGPT, Gemini y Claude, así como su comparación en términos de funciones y aplicaciones. También se incorpora NotebookLM para el trabajo con documentos y fuentes verificables. El módulo incluye actividades prácticas orientadas al uso guiado de estas herramientas y un estudio de caso acompañado de un cuestionario para evaluar la apropiación de los conceptos y habilidades desarrolladas. Módulo 4. IA de Diseño y Productividad En este módulo se abordan herramientas de IA enfocadas en el diseño y la productividad, como Microsoft Designer y otras soluciones complementarias (Perplexity, Leonardo.ai, entre otras). Se exploran sus principales funcionalidades, interfaces y usos prácticos en contextos educativos y laborales. Para reforzar lo aprendido, se diseñó una actividad práctica de aplicación creativa y un cuestionario que permite evaluar el dominio de las herramientas presentadas. Módulo 5. Ética y Recomendaciones para Trabajar con IA El último módulo está orientado al uso responsable y ético de la inteligencia artificial, abordando temas como la privacidad de la información, los límites de lo que debe compartirse, la validación de información y la identificación de sesgos o errores. Se brindan recomendaciones prácticas para el uso adecuado de la IA en educación y trabajo. Este módulo incluye una actividad práctica de análisis ético y un cuestionario final para evaluar la comprensión de los principios abordados. | D82: Durante el mes de abril se realizaron las siguientes acciones orientadas a la actualización del curso Prevención de Violencias Digitales: a. Se elaboró la propuesta de ajuste de contenido del curso, la cual se presenta en seis módulos de la siguiente manera: Módulo 1. Introducción a las violencias digitales hacia las mujeres Este módulo aborda los conceptos fundamentales sobre las violencias digitales, explicando por qué es importante reconocerlas y cómo se manifiestan en entornos virtuales. Se analizan las violencias digitales de género y su impacto en la vida de las mujeres, haciendo énfasis en la vulneración de derechos humanos de las mujeres en contextos digitales. El módulo busca brindar una comprensión inicial que permita identificar estas violencias y reconocer sus consecuencias. Módulo 2. Tipos de violencias digitales En este módulo se profundiza en los diferentes tipos de violencias digitales, como la difusión no consentida de material íntimo, el ciberacoso, el grooming, el phishing, el doxing, la suplantación de identidad y el uso de deepfakes, entre otros. A través de ejemplos claros, se describen las características de cada tipo de violencia, con el fin de facilitar su identificación y prevención en distintos espacios digitales. Módulo 3. Navegación segura Este módulo se centra en el fortalecimiento de la seguridad digital, abordando conceptos clave como privacidad, protección de datos y riesgos digitales. Se trabajan temas como la huella digital, la gestión de contraseñas seguras, el uso de gestores de contraseñas y las acciones a seguir en caso de una vulneración. El objetivo es brindar herramientas prácticas para una navegación más segura y consciente. Módulo 4. Privacidad en el correo electrónico En este módulo se desarrollan buenas prácticas para el uso seguro del correo electrónico, incluyendo la configuración de seguridad, la verificación en dos pasos, el uso de correos y llaves de recuperación, así como la identificación de correos fraudulentos y phishing. También se abordan medidas para la protección de datos personales y la verificación segura de archivos adjuntos. Módulo 5. Privacidad en redes sociales y aplicaciones Este módulo está orientado a la protección de la información personal en redes sociales y aplicaciones móviles. Se revisan las configuraciones de privacidad en plataformas de uso frecuente como WhatsApp, Facebook, Instagram y TikTok, así como el control de etiquetas, menciones, geolocalización y permisos de aplicaciones. El propósito es fortalecer el autocuidado digital en entornos sociales digitales. Módulo 6. Herramientas para fortalecer la seguridad y canales de denuncia El último módulo presenta herramientas básicas para fortalecer la seguridad digital, como el uso de antivirus, firewalls, navegación privada y bloqueadores de rastreo. Asimismo, se socializan canales institucionales de denuncia y orientación, con el fin de que las mujeres conozcan dónde acudir en caso de enfrentar situaciones de violencia digital. b. Se inició con la graficación de los módulo 1, 2 y 3, de acuerdo con la línea gráfica apobada por la directora y la oficina de comunicaciones de la SDMujer | F82: No se presentan avances de acuerdo con la programación
A83: EVIDENCIAS DE EJECUCIÓN | B83: Anexo 1. Acta acciones metodológicas_20260422 Anexo 2. Actividades por módulo_curso IA Anexo 3. Guion Curso IA Repositorio: https://secretariadistritald.sharepoint.com/:f:/s/ContratacinSPI-2022/IgCtUAc7z0gAQpH2l_ZXYI65AbCjlnTn-zZFWrjU33ZSu5s?e=AcHfel | D83: Anexo 1. Módulo 1_Introducción a las violencias digitales hacia las mujeres Anexo 2. Módulo 2_Tipos de Violencias Digitales hacia las mujeres Anexo 3. Módulo 3_Riegos digitales Anexo 4. Módulo 4_Privacidad en el correo electrónico Anexo 5. Módulo 5_Privacidad en redes sociales y aplicaciones Anexo 5.1. RevisiónMódulo5PVD_20260428 Anexo 6. Módulo 6 -Herramientas para fortalecer la seguridad y canales de denuncia Anexo 7. Apoyo Metodológico Curso PVD_20260424 Anexo 8. Guion Instruccionales Videos Módulo 5 PVD Anexo 9. Guiones Instruccionales Diseño_20260423 Anexo 10. Propuesta_Estructura PVD Repositorio: https://secretariadistritald.sharepoint.com/:b:/s/ContratacinSPI-2022/IQBHMXQBf1RtRoriAvj6BVkTAb-LVMeBXmhwxj22e_ZTEHQ?e=AXAc2G | F83: No aplica.
A84: Mayo | B84: PROGRAMACIÓN | C84: EJECUCIÓN | D84: PROGRAMACIÓN | E84: EJECUCIÓN | F84: PROGRAMACIÓN | G84: EJECUCIÓN | H84: PROGRAMACIÓN | I84: EJECUCIÓN
B85: 0.15 | C85: 0.15 | D85: 0.1 | E85: 0.1 | F85: 0.5 | G85: 0.5
A86: LOGROS Y BENEFICIOS Y RETRASOS Y ALTERNATIVAS DE SOLUCIÓN | B86: Durante el mes de mayo se realizaron las siguientes acciones para avanzar en la construcción del curso nuevo: - Se recibieron observaciones por parte del equipo frente al guión del curso, orientados a reducir contenido innecesario para evitar alargar los módulos; ajustar actividades que resultaban confusas; incorporar ejemplos desde el inicio para facilitar la comprensión; dar continuidad a los temas seleccionados en módulos anteriores; traducir anglicismos y contextualizarlos; definir mejores instrucciones en actividades (evitar supuestos implícitos). - Se realizó una reunión de orientación para la construcción de los guiones instruccionales del curso, en la que se brindaron lineamientos metodológicos y pedagógicos para el desarrollo de los contenidos. Entre las orientaciones impartidas se destacó el uso de un lenguaje claro, cercano e inclusivo; la elaboración de textos breves y de extensión moderada; la organización de los módulos bajo una estructura compuesta por introducción, desarrollo temático y actividad de aprendizaje; la incorporación transversal del enfoque de género; el uso de ejemplos prácticos y situaciones cotidianas que facilitaran la comprensión de los temas; y la integración de recursos audiovisuales e interactivos que contribuyeran a dinamizar el proceso formativo y fortalecer la experiencia de aprendizaje de las participantes. Se elaboró el guión instruccional del módulo 1, Entendiendo la Inteligencia Artificial, el cual introduce a las participantes en los conceptos fundamentales de la IA. El módulo aborda su evolución histórica mediante una línea de tiempo, la definición y principales características de la inteligencia artificial, los tipos de IA —incluyendo la IA generativa y la IA descriptiva—, así como una explicación de su funcionamiento a partir de conceptos como el Machine Learning y el Deep Learning. Adicionalmente, incorpora una reflexión sobre los sesgos de género presentes en los sistemas de IA y la importancia de promover procesos Se elaboró el guion instruccional del módulo 2, Usando la IA generativa, orientado a fortalecer las capacidades de las participantes para comprender y utilizar de manera crítica y efectiva las herramientas de inteligencia artificial generativa. El módulo aborda conceptos relacionados con los modelos generativos de lenguaje e imagen, presenta las principales herramientas de IA generativa y sus aplicaciones prácticas, y explica los diferentes usos para los que fueron diseñadas. Asimismo, desarrolla contenidos sobre las alucinaciones en la inteligencia artificial y sus implicaciones, introduce los fundamentos del Prompt Engineering para mejorar la interacción con estos sistemas y ofrece una aproximación a Meta AI, sus funcionalidades y posibles usos en distintos contextos. | D86: Durante el mes de mayo se avanzó en el ajuste del curso de Prevención de Violencias Digitales: Se ajustó los aspectos generales del curso como los objetivo, meta, contenido, duración y modalidad. Se realizaron ajustes a los guiones instruccionales de los módulos 4 (Privacidad en el correo electrónico), 5 (Seguridad en redes sociales) y 6 (Herramientas para fortalecer la seguridad), con el fin de fortalecer la coherencia y pertinencia de los contenidos. Se elaboraron doce videos de apoyo audiovisual para el módulo 5, los cuales presentan de manera práctica y detallada el paso a paso para configurar opciones de seguridad y privacidad en redes sociales y aplicaciones como WhatsApp, Facebook, Instagram y TikTok. Se elaboró el guion instruccional del módulo 7, Canales de denuncia, en el que se aborda la normatividad vigente en Colombia relacionada con las violencias digitales, así como las entidades y mecanismos de atención a los que pueden acudir las mujeres que sean víctimas de este tipo de violencia. Se realiza el diseño de los módulos (Aspectos generales, MOD 1 y MOD2) se entregan para revisión, una vez hecha se realizan ajustes finales y es enviada para su implementación en moode. | F86: Se llevó a cabo una reunión de articulación con la Cámara de Comercio de Bogotá para avanzar en la planeación del BootCamp sobre Inteligencia Artificial y Seguridad Digital, dirigido a emprendedoras con habilidades digitales básicas o intermedias, el cual se realizará el 22 de julio en el Centro de Innobación de Ecopetrol y la CCB. En cuanto a la metodología, se definió una dinámica de rotación por cuatro estaciones temáticas: - Reconocimiento entre emprendedoras y redes sociales. - Fundamentos de inteligencia artificial. - IA para la visibilidad y ventas digitales. - Ciberseguridad con énfasis en la prevención de riesgos y violencias digitales Todos los contenidos se desarrollarán bajo un enfoque de género, con lenguaje incluyente, claro y accesible, integrando la inteligencia artificial de manera transversal y priorizando el uso de dispositivos móviles para facilitar la participación de las asistentes. En materia organizativa, se definieron los lineamientos de infraestructura, agenda, registro de participantes, comunicaciones y logística. La jornada abrirá con un panel conformado por representantes institucionales, una experta en inteligencia artificial y una mujer emprendedora, seguido de la rotación por las estaciones de aprendizaje. Respecto a la distribución de responsabilidades, la Cámara de Comercio tendrá a su cargo el diseño y la administración del formulario de asistencia, el apoyo en la difusión y la entrega de lineamientos técnicos. Por su parte, el equipo CID asumirá la elaboración de piezas gráficas, la definición de panelistas, la gestión logística y el acompañamiento durante el registro. Por último se realizaron dos reuniones de articulación para revisar y ajustar de manera conjunta la propuesta de laboratorio de creación de videojuegos con enfoque de género, en el marco de la articulación entre la Secretaría Distrital de la Mujer (SDMujer) y el Idartes, y con el equipo de la estrategia SOFIA.
A87: EVIDENCIAS DE EJECUCIÓN | B87: Evidencias: 01. Módulo 1_Entendiendo la IA 02. Módulo 2 Usando la IA generativa 03. Linea_tiempo_ia_Enfoque de Género 04. ActaGuionesInstruccionalesCusoIA_20260527 05. Actividades por módulo_Curso IA_Comentarios Evidencias: https://secretariadistritald.sharepoint.com/:f:/s/ContratacinSPI-2022/IgArJoiVuU7cRpfHFS3f9mR_AWVOP3xLwUYBjG-QXsISboM?e=LoNfF3 | D87: 01. Propuesta_Estructura PVD 02. Módulo 7 - Canales de Denuncia 03. Acta_reunion entrega modulos_curso PVD 04. Captura pantalla_drive modulos diseñados PVD Evidencia: https://secretariadistritald.sharepoint.com/:f:/s/ContratacinSPI-2022/IgAk9UWfuJynRbEg4P1N1bYiAdKt5ardcQjJJJZzy7l7Miw?e=oC4qBc | F87: 01. Acta de Planeación del Boot Camp 02. Actas de reunión del laboratorio: 02.1. 2026-05-04_DEE_ActaIdartesJTR2026 y su listado de asistencia. 02.2. 2026-05-22_DEE_ActaMesaJTR2026 y su listado de asistencia. Evidencias: https://secretariadistritald.sharepoint.com/:f:/s/ContratacinSPI-2022/IgBMUQQdNbR4QaRBIoSnJiC9Ae6sYuOBo4RgMyJolSHGdy8?e=L1fYog
A88: Junio | B88: PROGRAMACIÓN | C88: EJECUCIÓN | D88: PROGRAMACIÓN | E88: EJECUCIÓN | F88: PROGRAMACIÓN | G88: EJECUCIÓN | H88: PROGRAMACIÓN | I88: EJECUCIÓN
B89: 0.15 | C89: 0.15 | D89: 0.1 | E89: 0.1 | G89: 0
A90: LOGROS Y BENEFICIOS Y RETRASOS Y ALTERNATIVAS DE SOLUCIÓN | B90: Durante el mes de junio se ajustó el guion general del curso, proponiendo 3 módulos distribuidos de la siguiente manera: Módulo 1 – Entendiendo la inteligencia artificial: recorre la historia de la IA a través de una línea de tiempo con sus momentos clave, explica qué es (y qué no es) la IA junto con sus mitos más comunes, ofrece una mirada crítica sobre sesgos de género, entrenamiento incluyente, medio ambiente, ética y lineamientos del Distrito, y cierra con una aproximación a los tipos de IA: generativa y descriptiva. Módulo 2 – IA generativa de propósitos generales: desarrolla el Prompt Engineering (qué es un prompt, sus elementos, recomendaciones para escribirlo y cómo identificar alucinaciones), y presenta un recorrido práctico por META AI, ChatGPT y Google Gemini, sus funciones, interfaces y aplicaciones cotidianas. Módulo 3 – IA generativa de diseño y productividad: explora herramientas especializadas como Claude (Anthropic), enfocada en redacción y análisis; NotebookLM, para trabajar con fuentes propias y generar resúmenes y guías de estudio; y Microsoft Designer, para creación y edición visual con apoyo de IA. A partir de esta propuesta se ajusta el contenido del guion instruccional del primer módulo y se avanza en la elaboración del guion del segundo módulo. Se envía nueva propuesta a un aliado experto en IA para valoración y recomendaciones del curso. | D90: Se avanza con el diseño del curso PVD (Prevención de Violencias Digitales), elaborado en la plataforma Adobe Illustrator. El proceso se desarrolló de la siguiente manera: - Se hace entrega del diseño de los módulos: Aspectos generales, MOD 01, MOD 02, MOD 03 y MOD 04. - Se crearon las imágenes que ilustran los paso a paso del módulos 4 y 6. - Una vez recibido el diseño, se procede con la revisión general por parte del equipo. - Se realizan los ajustes correspondientes según las observaciones brindadas. - Una vez levantadas las observaciones, se hace entrega de los módulos al administrador de Moodle para su virtualización en la plataforma. De forma paralela, se realizan ajustes en la parte metodológica del MOD 05. Una vez recibidos estos ajustes, se da inicio a su fase de diseño. | F90: NA | H90: NA
A91: EVIDENCIAS DE EJECUCIÓN | B91: Anexo 1. Módulo 1_Entendiendo la IA Anexo 2. Módulo 2_ IA Generativa Anexo 3. DocumentoNUEVA PROPUESTA_GUION CURSO IA Anexo 4. Correo de validación Experto IA Repositorio: https://secretariadistritald.sharepoint.com/:f:/s/ContratacinSPI-2022/IgBNsaxwLRzRSpUo4tD7TUWYAcnsrZe0DXnbrdMIhoysPiY?e=stwf2i | D91: Anexo 1. Remisión de contenidos para diseño. Anexo 2. Evidencia del repositorio con diseños. Anexo 3. Evidencias de diseño CPV Anexo 4. Imágenes paso a Paso Repositorio: https://secretariadistritald.sharepoint.com/:f:/s/ContratacinSPI-2022/IgADgQFqoBsGRbUsbUGKbfYDAWvQ5zF3k1LMTwtqvPjkXHU?e=jBTeXj | F91: NA | H91: NA
A92: Julio | B92: PROGRAMACIÓN | C92: EJECUCIÓN | D92: PROGRAMACIÓN | E92: EJECUCIÓN | F92: PROGRAMACIÓN | G92: EJECUCIÓN | H92: PROGRAMACIÓN | I92: EJECUCIÓN
B93: 0.2 | C93: 0.2 | D93: 0.2 | E93: 0.2 | F93: 0 | G93: 0
A94: LOGROS Y BENEFICIOS Y RETRASOS Y ALTERNATIVAS DE SOLUCIÓN | B94: Durante el mes de julio se terminó el guion instruccional del módulo 2 del curso IA Generativa para Propósitos Generales. Se construyó el contenido sobre ChatGPT, abordando: qué es ChatGPT y cómo funciona; cómo acceder y crear una cuenta; recorrido por la interfaz; y apoyos en tareas educativas, elaboración de listas, planificación y generación de imágenes. Asimismo, se desarrolló el contenido sobre Google Gemini, incluyendo: qué es y sus características; recorrido por la interfaz; integración con el ecosistema Google; tipos de búsquedas; y herramientas como Nano Banana. | D94: Se realizó el diseño gráfico de los módulos 6 y 7 del curso. En el caso del módulo 6, se entregó el guion diseñado (formato PPT) al equipo para su respectiva revisión (Anexo 1. Captura de pantalla del envío del correo). Una vez recibidas las observaciones, se realizaron los ajustes correspondientes tanto en el guion (PPT) como en el archivo fuente de Adobe Illustrator. Posteriormente, se envió un correo de confirmación con los ajustes realizados y la confirmación para continuar con el proceso de virtualización en Moodle (Anexo 2. Captura de pantalla del envío del correo). Respecto al módulo 7, se realizó el diseño gráfico y se entregó el guion diseñado (PPT) al equipo para su revisión (Anexo 3. Captura de pantalla del envío del correo). Una vez recibidas las observaciones, se realizaron los ajustes correspondientes tanto en el guion (PPT) como en el archivo fuente de Adobe Illustrator. Posteriormente, se envió un correo de confirmación con los ajustes realizados y la confirmación para continuar con el proceso de virtualización en Moodle (Anexo 4. Captura de pantalla del envío del correo). Se elabora la guía metodológica del curso, la cual integra los enfoques metodológicos de los Centros de Innovación Digital (CID): Desarrollo de Capacidades, Diálogo de Saberes, Aprendizaje Basado en Problemas y Pedagogía Crítica.La guía presenta los aspectos generales del curso, incluyendo la modalidad de formación, duración, meta de aprendizaje, objetivos, contenidos y estructura metodológica. Asimismo, incorpora orientaciones y recomendaciones para la facilitación del proceso formativo antes, durante y al finalizar el curso, con el propósito de garantizar una experiencia de aprendizaje participativa, reflexiva y centrada en las necesidades de las participantes. Adicionalmente, se describe el material pedagógico disponible para el desarrollo del curso y se brindan recomendaciones específicas para la facilitación de cada módulo, ofreciendo orientaciones prácticas, estrategias metodológicas y sugerencias que apoyen el abordaje de los contenidos y favorezcan el logro de los aprendizajes esperados. Se realiza la implementación de siguientes módulos del Curso Prevención de Violencias Digitales con enfoque de Género en Moodle Introducción - Módulo 0 -Servicios de la Secretaría de la Mujer - Módulo 1 - Introducción a las violencias digitales hacia las mujeres - Módulo 2 - Tipos de violencias digitales - Módulo 3 - Navegación segura - Módulo 4 - Privacidad en el correo electrónico - Módulo 5 - Privacidad en redes sociales y aplicaciones - Módulo 6 - Herramientas para fortalecer la seguridad - Módulo 7 - Canales de denuncia Curso Virtual de Mujeres emprendedoras Introducción - Módulo 0 -Servicios de la Secretaría de la Mujer - Módulo 1 - Mi emprendimiento mi Historia - Módulo 2 - Crear mi la identidad de mi emprendimiento - Módulo 3 - Fotografía para emprendedoras - Módulo 4 - Guía instruccional para el uso de WhatsApp Businees - Módulo 5 - Conectando tus redes - Módulo 6 - Certificación en el proceso de instalar, configurar, personalizar y poner en funcionamiento las funcionalidades dentro de la plataforma Moodle de la Secretaría de la Mujer para satisfacer necesidades académicas o administrativas de nuestras usuarias. Esto incluye módulos de actividades, bloques, temas, autenticación, reportes o integraciones con otros sistemas que se encuentran en la plataforma. | F94: NA
A95: EVIDENCIAS DE EJECUCIÓN | B95: Evidencias: Anexo 1. Módulo 1_Entendiendo la IA Anexo 2. IA Generativa Anexo 3. NUEVA PROPUESTA_GUION CURSO IA Anexo 4. Acta Revisión Técnica Pedagógica CursoIA_20260701 Repositorio: https://secretariadistritald.sharepoint.com/:f:/s/ContratacinSPI-2022/IgC_i1Y1sDgqR5NScwsIiZgwAZ8P2bUDcQB8QqOIg8iBrJI?e=PdbwXF | D95: Evidencias: Anexo 1. Diseño: Anexo 1.1. Evidencia de los módulos desarrollados Anexo 1.2. Imágenes paso a Paso Anexo 1.3. GUÍA METODOLÓGICA PREVENCION DE VIOLENCIAS DIGITALES Anexo 1.4. Evidencia de diseños realizados y enviados Anexo 2. Evidencias de las visualizaciones de los módulos Repositorio: https://secretariadistritald.sharepoint.com/:f:/s/ContratacinSPI-2022/IgCubXoxhQ_CRalPKtIfq0j2AWN3yAmAgfSYJHLIS5h-0CY?e=VWY3M9 | F95: NA
A96: Agosto | B96: PROGRAMACIÓN | C96: EJECUCIÓN | D96: PROGRAMACIÓN | E96: EJECUCIÓN | F96: PROGRAMACIÓN | G96: EJECUCIÓN | H96: PROGRAMACIÓN | I96: EJECUCIÓN
B97: 0.2 | C97: 0.2 | D97: 0.2 | E97: 0.2 | F97: 0 | G97: 0
A98: LOGROS Y BENEFICIOS Y RETRASOS Y ALTERNATIVAS DE SOLUCIÓN | B98: Se realizó la redistribución y organización de los contenidos de los módulos 2, 3 y 4 del curso en IA, los cuales se encuentran en revisión. La distribución será la siguiente: Módulo 2. Tipos de IA y Prompt Engineering: En este módulo las participantes conocerán los principales tipos de inteligencia artificial y aprenderán a comunicarse efectivamente con estas herramientas mediante la creación de instrucciones o prompts claros y precisos. 1. Introducción a los tipos de inteligencia artificial; 2. Inteligencia artificial generativa; 3. Inteligencia artificial descriptiva; 4. ¿Qué es un prompt y para qué sirve?; 5. Elementos que conforman un prompt efectivo; 6. Recomendaciones para escribir mejores prompts; 7. Alucinaciones en la IA: qué son y cómo identificarlas; 8. Introducción a Meta AI y formas de acceso. Módulo 3. IA para Propósitos Generales: Este módulo aborda herramientas de inteligencia artificial de uso general que permiten facilitar tareas académicas, laborales y personales mediante la generación de contenido, la búsqueda de información y la planificación de actividades. 1.¿Qué es ChatGPT y cómo funciona?; 2. Creación de cuenta y acceso a la plataforma; 3. Recorrido por la interfaz de ChatGPT; 4. Aplicaciones prácticas de ChatGPT en educación, planificación y productividad; 5. Generación de imágenes con IA; 6. ¿Qué es Google Gemini y cuáles son sus características?; 7. Navegación por la interfaz de Gemini; 8. Integración con el ecosistema de Google; 9. Tipos de búsquedas y consultas inteligentes; 10. Herramientas avanzadas: Nano Banana, Veo y aprendizaje guiado. Módulo 4. IA para la Productividad: Este módulo presenta herramientas especializadas en análisis de información, gestión del conocimiento y productividad, que facilitan la organización, comprensión y generación de contenidos a partir de diferentes fuentes documentales. 1. Introducción a Claude y sus características principales; 2. Uso conversacional y análisis de información con Claude; 3. Recorrido por la interfaz de Claude; 4. Aplicaciones para redacción, aprendizaje y análisis documental; 5. ¿Qué es NotebookLM y cómo funciona?; 6. Carga y gestión de documentos, enlaces y fuentes de información; 7. Grounding: generación de respuestas basadas en fuentes propias; 8. Verificación de información mediante citas y referencias; 9. Creación de resúmenes, guías de estudio y cronogramas; 10. Generación de Audio Overview (podcast dinámico) con IA. Por su parte el Módulo 1 se encuentra en etapa de diseño y se estan elaborando los fondos de pantalla para los videos ilustrativos de los módulos 3 y 4 de curso. | D98: Se continúa con la virtualización y reconfiguración de los módulos del Curso Prevención de Violencias Digitales con enfoque de Género tras la migración a la nueva versión Versión de Moodle 4.5.11+ (Build: 20260501),20260501), proceso de instalar, configurar, personalizar las funcionalidades, plugins, temas de visualización, componentes ya las establecidos dentro de la plataforma Moodle de la Secretaría de la Mujer para satisfacer necesidades académicas o administrativas de nuestras usuarias. Esto incluye módulos de actividades, bloques, temas, autenticación, reportes o integraciones con otros sistemas que se encuentran en la plataforma. | F98: NA
A99: EVIDENCIAS DE EJECUCIÓN | B99: Anexo 1. Diagramaciones IA ANEXO 2. Portada IA Anexo 3. Guion Contenido_Curso IA Anexo 4. EnvíoGuiones_Revisión Anexo 5. Módulo 2_Tipos de IA y Prompt Engineering Anexo 6. Módulo 3_IA Propositos Generales Anexo 7. Módulo 4_ IA de Productividad_ Avance Anexo 8. Solicitud y Envio_fondos Videos Repositorio: https://secretariadistritald.sharepoint.com/:f:/s/ContratacinSPI-2022/IgDH59mphOjeToqb0A-TgjZaAWhVmtqpvlX-hsH7azdf2Xg?e=yaQ93v | D99: Anexo 1. Curso de prevenciós de violencias digitales. Anexo 2. Evidencia de Actualización de modulos Evidencia: https://secretariadistritald.sharepoint.com/:f:/s/ContratacinSPI-2022/IgDyYQF3qcWrRrXolxfTs5kkAQM9nBaHKQdt7X4szGlyovQ?e=YV0loT | F99: NA
A100: Septiembre | C100: EJECUCIÓN | D100: PROGRAMACIÓN | E100: EJECUCIÓN | F100: PROGRAMACIÓN | G100: EJECUCIÓN | H100: PROGRAMACIÓN | I100: EJECUCIÓN
B101: 0.1 | C101: 0 | D101: 0.2 | E101: 0 | F101: 0.5 | G101: 0
A102: LOGROS Y BENEFICIOS Y RETRASOS Y ALTERNATIVAS DE SOLUCIÓN
A103: EVIDENCIAS DE EJECUCIÓN
A104: Octubre | B104: PROGRAMACIÓN | C104: EJECUCIÓN | D104: PROGRAMACIÓN | E104: EJECUCIÓN | F104: PROGRAMACIÓN | G104: EJECUCIÓN | H104: PROGRAMACIÓN | I104: EJECUCIÓN
B105: 0 | C105: 0 | D105: 0.1 | E105: 0 | F105: 0 | G105: 0
A106: LOGROS Y BENEFICIOS Y RETRASOS Y ALTERNATIVAS DE SOLUCIÓN
A107: EVIDENCIAS DE EJECUCIÓN
A108: Noviembre | B108: PROGRAMACIÓN | C108: EJECUCIÓN | D108: PROGRAMACIÓN | E108: EJECUCIÓN | F108: PROGRAMACIÓN | G108: EJECUCIÓN | H108: PROGRAMACIÓN | I108: EJECUCIÓN
B109: 0 | C109: 0 | D109: 0.05 | E109: 0 | F109: 0 | G109: 0
A110: LOGROS Y BENEFICIOS Y RETRASOS Y ALTERNATIVAS DE SOLUCIÓN
A111: EVIDENCIAS DE EJECUCIÓN
A112: Diciembre | B112: PROGRAMACIÓN | C112: EJECUCIÓN | D112: PROGRAMACIÓN | E112: EJECUCIÓN | F112: PROGRAMACIÓN | G112: EJECUCIÓN | H112: PROGRAMACIÓN | I112: EJECUCIÓN
B113: 0 | C113: 0 | D113: 0 | E113: 0 | F113: 0 | G113: 0
A114: LOGROS Y BENEFICIOS Y RETRASOS Y ALTERNATIVAS DE SOLUCIÓN
...

Sheet ACTIVIDAD_2
B1: SECRETARÍA DISTRITAL DE LA MUJER | M1: Código: DE-FO-5
B2: DIRECCIONAMIENTO ESTRATEGICO | M2: Versión: 14
B3: PROGRAMACIÓN, ACTUALIZACIÓN Y SEGUIMIENTO PLAN DE ACCIÓN DE PROYECTOS DE INVERSIÓN | M3: Fecha de Emisión: 28/04/2025
B4: ACTIVIDADES | M4: Página 2 de 7
A6: PROYECTO DE INVERSIÓN | B6: 8190 - Desarrollo de capacidades digitales para potenciar la inclusión social de las mujeres en zonas urbanas y rurales en Bogotá D.C. | L6: BPIN | M6: 2024110010313
A8: PERIODO REPORTADO | B8: Enero | D8: Febrero | F8: Marzo | H8: Abril | J8: TIPO DE REPORTE | L8: FORMULACION
B9: Mayo | D9: Junio | F9: Julio | H9: Agosto | I9: X | L9: ACTUALIZACION
B10: Septiembre | D10: Octubre | F10: Noviembre | H10: Diciembre | L10: SEGUIMIENTO | M10: X
A12: ACTIVIDAD DEL PROYECTO | B12: Implementar 7 cursos con enfoque de género y diferencial para el desarrollo de capacidades digitales de las mujeres en zonas rurales de la ciudad
A16: PRODUCTO MGA | B16: Servicio de promoción a la participación ciudadana | G16: INDICADOR ACTIVIDAD | I16: Numero de cursos con enfoque de género y diferencial para el desarrollo de capacidades digitales de las mujeres en zonas rurales de la ciudad implementados
A18: OBJETIVO ESTRATÉGICO | B18: 3. Bogotá confia en su potencial | F18: PROGRAMA | G18: 3.17. Formación para el trabajo y acceso a oportunidades educativas | J18: META PDD | K18: Formar 27.000 mujeres en habilidades digitales a través de los Centros de Inclusión Digital – CID, en zonas rurales y urbanas.
A21: EJECUCIÓN PRESUPUESTAL DEL PROYECTO
A22: PRESUPUESTO ASIGNADO EN LA VIGENCIA ACTUAL (en pesos, sin decimales)
B23: Enero | C23: Febrero | D23: Marzo | E23: Abril | F23: Mayo | G23: Junio | H23: Julio | I23: Agosto | J23: Septiembre | K23: Octubre | L23: Noviembre | M23: Diciembre | N23: Total | O23: Porcentaje de ejecución
A24: PROGRAMACION DE COMPROMISOS | B24: 617083000 | C24: 0 | D24: 0 | E24: 0 | F24: 0 | G24: 0 | H24: 4047797 | I24: -337312 | J24: 0 | K24: 0 | L24: 0 | M24: 0 | N24: =SUM(B24:M24) -> 620793485 | O24: 1 | Q24: 621130797 | S24: =Q24-N24 -> 337312
A25: COMPROMISOS | B25: 610259000 | C25: 0 | D25: -660000 | E25: -696667 | F25: 104370 | G25: 5114630 | H25: 0 | I25: 0 | J25: 0 | K25: 0 | L25: 0 | M25: 0 | N25: =SUM(B25:M25) -> 614121333 | O25: =+(B25+C25+D25+E25+F25+G25+H25+I25+J25+K25+L25+M25)/N24 -> 0.98925222
A26: GIROS | B26: 0 | C26: 8618871 | D26: 53576003 | E26: 53682668 | F26: 52767667 | G26: 53842667 | H26: 54057667 | I26: 54769334 | J26: 0 | K26: 0 | L26: 0 | M26: 0 | N26: =SUM(B26:M26) -> 331314877 | O26: =+(B26+C26+D26+E26+F26+G26+H26+I26+J26+K26+L26+M26)/N25 -> 0.53949417
A27: PROGRAMACIÓN RESERVAS | B27: 0 | C27: 32325861 | D27: 18352962 | E27: 12337672 | F27: 0 | G27: 0 | H27: 0 | I27: 0 | J27: 0 | K27: 0 | L27: 0 | M27: 0 | N27: =SUM(B27:M27) -> 63016495 | O27: 1
A28: LIBERACION DE RESERVAS | B28: 0 | C28: 0 | D28: 0 | E28: 0 | F28: 0 | G28: 0 | H28: 0 | I28: 0 | J28: 0 | K28: 0 | L28: 0 | M28: 0 | N28: =SUM(B28:M28) -> 0 | O28: =N28/N27 -> 0
A29: GIROS RESERVAS | B29: 2142000 | C29: 21545533 | D29: 7518918 | E29: 0 | F29: 7352962 | G29: 20228685 | H29: 0 | I29: 0 | J29: 0 | K29: 0 | L29: 0 | M29: 0 | N29: =SUM(B29:M29) -> 58788098 | O29: =N29/N27 -> 0.93290016
A33: REPORTE ACTIVIDADES VIGENCIA (Ejecución vigencia)
A34: DESCRIPCION DE LA ACTIVIDAD | B34: =+B12 -> Implementar 7 cursos con enfoque de género y diferencial para el desarrollo de capacidades digitales de las mujeres en zonas rurales de la ciudad
A35: ANUALIZACIÓN DE LA ACTIVIDAD | B35: 2024 | C35: 2025 | D35: 2026 | E35: 2027 | F35: TOTAL PDD | G35: TIPO DE ANUALIZACIÓN | H35: Suma
B36: 1 | C36: 2 | D36: 2 | E36: 2 | F36: =B36+C36+D36+E36 -> 7
A37: PONDERACIÓN ACTIVIDAD | B37: 0.3 | D37: DESCRIPCIÓN CUALITATIVA DEL AVANCE POR ACTIVIDAD
A38: ENERO | B38: PROGRAMACIÓN | C38: EJECUCIÓN | D38: AVANCES Y LOGROS MENSUAL (2.000 CARACTERES) | F38: AVANCES Y LOGROS ACUMULADO (2.000 CARACTERES) | H38: RETRASOS Y ALTERNATIVAS DE SOLUCIÓN (1.000 CARACTERES) | I38: BENEFICIOS
B39: 0 | C39: 0 | D39: No se presentan avances de acuerdo con la programación | F39: No se presentan avances de acuerdo con la programación
A40: FEBRERO | B40: PROGRAMACIÓN | C40: EJECUCIÓN | D40: AVANCES Y LOGROS MENSUAL (2.000 CARACTERES) | F40: AVANCES Y LOGROS ACUMULADO (2.000 CARACTERES) | H40: RETRASOS Y ALTERNATIVAS DE SOLUCIÓN (1.000 CARACTERES) | I40: BENEFICIOS
B41: 0.2 | C41: 0.2 | D41: En el mes de febrero se realizó una jornada de socialización para realizar procesos de formación en las zonas rurales de las siguientes localidades: 1. Localidad de Usme y Ciudad Bolivar: De esta jornada de socialización, en marzo se inicia un proceso de formación en la vereda Santa Bárbara de Ciudad Bolivar, y talleres de refuerzo en otras veredas como Santa Rosa de Ciudad Bolivar | F41: Se realiza una primera jornada de socialización en las localidades de Usme y Ciudada Bolivar, y se realizó un primer acercamiento con el equipo rural de la Dirección de Enfoque Diferencial. | H41: No se presentan retrasos | I41: Las acciones de convocatoria adelantadas para fortalecer las capacidades digitales de las mujeres rurales generaron beneficios clave al abrir rutas de acceso más directas, participativas y coordinadas a los procesos formativos de los Centros de Inclusión Digital. La articulación con las Direcciones de Enfoque Diferencial y de Territorialización permitió alinear esfuerzos institucionales, reconocer experiencias territoriales y planificar intervenciones conjuntas que facilitan la llegada a grupos históricamente excluidos. Asimismo, la jornada de difusión en las zonas rurales de Usme y veredas aledañas de Ciudad Bolívar posibilitó un diálogo directo con las mujeres, la identificación de sus intereses y la concertación de nuevos grupos de formación para marzo, fortaleciendo así la pertinencia, la cobertura y el impacto comunitario del curso.
A42: MARZO | B42: PROGRAMACIÓN | C42: EJECUCIÓN | D42: AVANCES Y LOGROS MENSUAL (2.000 CARACTERES) | F42: AVANCES Y LOGROS ACUMULADO (2.000 CARACTERES) | H42: RETRASOS Y ALTERNATIVAS DE SOLUCIÓN (1.000 CARACTERES) | I42: BENEFICIOS
B43: 0.2 | C43: 0.2 | D43: En el mes de marzo se adelantaron las siguientes acciones: 1. Socialización de cursos en la vereda de Santa Rosa de Ciudad Bolivar 2. 1er ciclo de formación rural: se realizaron dos procesos de formación en zona rural de ciudad bolivar (veredas SantaRosa y Santa Bárbara) con un total de 14 mujeres participantes. | F43: Se realizaron dos jornadas de socialización en las localidades de Usme y Ciudad Bolivar. Se realiza un primer ciclo de formación rural con la participación de 14 mujeres campesinas en la localidad de Ciudad Bolivar, veredas Santa Rosa y Santa Bárbara. | H43: No se presentan retrasos | I43: Las acciones de socialización, convocatoria e implementación de cursos en zonas rurales permitieron fortalecer el acceso efectivo de las mujeres rurales y campesinas a procesos de formación en capacidades digitales, mediante estrategias participativas y territorialmente pertinentes. La articulación interinstitucional con las Direcciones de Enfoque Diferencial y de Territorialización facilitó el reconocimiento de dinámicas locales, la identificación de intereses formativos y la concertación de grupos de aprendizaje, mejorando la cobertura y la pertinencia de la oferta de los Centros de Inclusión Digital.
A44: ABRIL | B44: PROGRAMACIÓN | C44: EJECUCIÓN | D44: AVANCES Y LOGROS MENSUAL (2.000 CARACTERES) | F44: AVANCES Y LOGROS ACUMULADO (2.000 CARACTERES) | H44: RETRASOS Y ALTERNATIVAS DE SOLUCIÓN (1.000 CARACTERES) | I44: BENEFICIOS
B45: 0.2 | C45: 0.2 | D45: En el mes de abril se realizó la planeación para la reactivación de los procesos de formación en zona rural del segundo semestre: 1. Se priorizará un proceso de formación en una vereda de la localidad de Sumapaz con el curso de Mujeres Emprendedoras en la Era Digital. 2. Se empezará a ajustar el curso de Prevención de Violencias Digitales, con el fin de sacar talleres cortos que permitan ser rotados en solo 1 sesión en las zonas rurales 3. Se intentará abrir espacios en la zona rural de la localidad de suba. | F45: Se realizaron dos jornadas de socialización en las localidades de Usme y Ciudad Bolivar. Se realizó un primer ciclo de formación rural con la participación de 14 mujeres campesinas en la localidad de Ciudad Bolivar, veredas Santa Rosa y Santa Bárbara. Para el segundo semestre se priorizará Sumapaz y se iniciarán gestiones para llegar a la localidad de Suba. Se iniciarán una serie de talleres del curso Prevensión de Violencias Digitales,los cuales permiten mayor rotación en la zona. | H45: No se presentan retrasos | I45: La implementación del curso Mujeres Emprendedoras en la Era Digital favorece el desarrollo de habilidades prácticas orientadas a la autonomía económica, ya que permite a las participantes fortalecer sus conocimientos digitales con un enfoque aplicado al emprendimiento, lo que puede traducirse en mejores oportunidades para la generación de ingresos y el fortalecimiento de iniciativas productivas locales en sus comunidades. Por otra parte, la adaptación del curso de Prevención de Violencias Digitales a formatos de talleres cortos de una sola sesión representa un avance en la flexibilización metodológica, facilitando su implementación en diferentes veredas y permitiendo una mayor cobertura en menor tiempo. Esta estrategia no solo optimiza los recursos, sino que también responde a las dinámicas y limitaciones de acceso propias de los contextos rurales.
A46: MAYO | B46: PROGRAMACIÓN | C46: EJECUCIÓN | D46: AVANCES Y LOGROS MENSUAL (2.000 CARACTERES) | F46: AVANCES Y LOGROS ACUMULADO (2.000 CARACTERES) | H46: RETRASOS Y ALTERNATIVAS DE SOLUCIÓN (1.000 CARACTERES) | I46: BENEFICIOS
B47: 0.2 | C47: 0.2 | D47: En el mes de mayo se realizaron acercamientos con el equipo territorial rural de Chapinero con el fin de consolidar un posible espacio de formación en la vereda el Verjón de la localidad. Es de precisar que hasta que no se adelante el proceso de contratación para la bolsa de transporte, no es posible adelantar socializaciones en territorio. | F47: Se realizaron dos jornadas de socialización en las localidades de Usme y Ciudad Bolivar. Se realizó un primer ciclo de formación rural con la participación de 14 mujeres campesinas en la localidad de Ciudad Bolivar, veredas Santa Rosa y Santa Bárbara. Para el segundo semestre se priorizará Sumapaz y se iniciarán gestiones para llegar a la localidad de Suba y Chapinero. Se iniciarán una serie de talleres del curso Prevensión de Violencias Digitales,los cuales permiten mayor rotación en la zona. | H47: No se presentan retrasos | I47: Los avances realizados durante el mes de mayo fortalecen la proyección territorial de la estrategia, especialmente en contextos rurales, al iniciar acercamientos con el equipo territorial de Chapinero para ampliar la cobertura hacia la vereda El Verjón. Estas gestiones sientan las bases para una expansión planificada y sostenida de los procesos formativos, permitiendo identificar condiciones clave para la implementación y articulación en territorio, reconociendo las limitaciones logísticas que actualmente dependen de la contratación de transporte.
A48: JUNIO | B48: PROGRAMACIÓN | C48: EJECUCIÓN | D48: AVANCES Y LOGROS MENSUAL (2.000 CARACTERES) | F48: AVANCES Y LOGROS ACUMULADO (2.000 CARACTERES) | H48: RETRASOS Y ALTERNATIVAS DE SOLUCIÓN (1.000 CARACTERES) | I48: BENEFICIOS
B49: 0.2 | C49: 0.2 | D49: En el mes de junio se realizaron acercamientos con el equipo territorial rural con quienes se tienen concertados procesos de formación en la localidad de Sumapaz, y en dos veredas de la localidad de Usme. Es de precisar que hasta que no se adelante el proceso de contratación para la bolsa de transporte, no es posible adelantar socializaciones en territorio. | F49: Se realizaron dos jornadas de socialización en las localidades de Usme y Ciudad Bolivar. Se realizó un primer ciclo de formación rural con la participación de 14 mujeres campesinas en la localidad de Ciudad Bolivar, veredas Santa Rosa y Santa Bárbara. Para el segundo semestre se adelantaron concertaciones para relizar los ciclos de formación en la localidad de Sumapaz y Usme. | H49: No se presentan retrasos | I49: Los avances realizados durante el mes de junio fortalecen la implementación de la estrategia de inclusión digital en las zonas rurales de Bogotá, mediante la articulación institucional y la concertación de procesos formativos que responden a las necesidades de las mujeres rurales. Los acercamientos realizados con el equipo territorial rural permitieron coordinar acciones para el desarrollo de ciclos de formación en la localidad de Sumapaz y en dos veredas de la localidad de Usme, generando las condiciones necesarias para ampliar la cobertura de la oferta institucional y garantizar una intervención más pertinente en los territorios.
A50: JULIO | B50: PROGRAMACIÓN | C50: EJECUCIÓN | D50: AVANCES Y LOGROS MENSUAL (2.000 CARACTERES) | F50: AVANCES Y LOGROS ACUMULADO (2.000 CARACTERES) | H50: RETRASOS Y ALTERNATIVAS DE SOLUCIÓN (1.000 CARACTERES) | I50: BENEFICIOS
B51: 0.2 | C51: 0.2 | D51: Durante el período reportado se inició el proceso de articulación territorial para la convocatoria de mujeres de zonas rurales interesadas en participar en el curso de desarrollo de capacidades digitales. Para ello, se sostuvo una reunión con la Rol Comunitaria de Territorialización de la localidad de Usme, en la que se socializaron las acciones desarrolladas por los Centros de Inclusión Digital en territorio rural y se identificaron oportunidades de trabajo conjunto con grupos de mujeres de zonas rurales y urbano-rurales. Es importante señalar que durante el mes reportado no fue posible realizar socializaciones presenciales en las zonas rurales, pese a la solicitud de la comunidad, debido a que estas actividades dependen de la contratación del servicio de transporte institucional, proceso que al momento del reporte continúa en etapa precontractual. | F51: Se realizaron dos jornadas de socialización en las localidades de Usme y Ciudad Bolivar. Se realizó un primer ciclo de formación rural con la participación de 14 mujeres campesinas en la localidad de Ciudad Bolivar, veredas Santa Rosa y Santa Bárbara. Para el segundo semestre se adelantó una concertación en la localidad de Usme | H51: No se presentan retrasos | I51: La articulación inicial con los actores territoriales de la localidad de Usme fortalece la pertinencia y el alcance de la estrategia de formación en capacidades digitales, al permitir identificar de manera más precisa las necesidades, características y condiciones de participación de las mujeres rurales y urbano-rurales. Esta coordinación facilita la planeación de acciones de difusión, inscripción y formación ajustadas al contexto territorial, optimizando el uso de los recursos institucionales y promoviendo una mayor cobertura de la oferta formativa. Asimismo, las gestiones adelantadas con entidades y actores locales contribuyen a reducir barreras de acceso, especialmente aquellas relacionadas con la movilidad y la dispersión geográfica, favoreciendo que más mujeres rurales puedan acceder a procesos de fortalecimiento de habilidades digitales que impulsen su autonomía, inclusión digital y participación en oportunidades educativas y económicas.
A52: AGOSTO | B52: PROGRAMACIÓN | C52: EJECUCIÓN | D52: AVANCES Y LOGROS MENSUAL (2.000 CARACTERES) | F52: AVANCES Y LOGROS ACUMULADO (2.000 CARACTERES) | H52: RETRASOS Y ALTERNATIVAS DE SOLUCIÓN (1.000 CARACTERES) | I52: BENEFICIOS
B53: 0.2 | C53: 0.1 | D53: Durante el período reportado se mantuvo la articulación permanente con los equipos territoriales para la difusión de la oferta formativa de los Centros de Inclusión Digital en distintos espacios comunitarios de las zonas rurales, lo que ha permitido conservar el interés de las potenciales participantes e identificar mujeres interesadas en vincularse a los procesos de formación. De igual manera, se avanzó en la planeación metodológica de los cursos, la actualización de contenidos y materiales pedagógicos, así como en la priorización preliminar de territorios y grupos poblacionales para su futura implementación. Estas acciones de alistamiento contribuyen a que, una vez se disponga de las condiciones logísticas necesarias, se pueda iniciar de manera oportuna la convocatoria, inscripción y ejecución de los procesos formativos previstos. | F53: Se realizaron dos jornadas de socialización en las localidades de Usme y Ciudad Bolivar. Se realizó un primer ciclo de formación rural con la participación de 14 mujeres campesinas en la localidad de Ciudad Bolivar, veredas Santa Rosa y Santa Bárbara. Para el segundo semestre se adelantó una concertación en la localidad de Usme | H53: Retrasos A la fecha no ha sido posible iniciar las actividades de convocatoria, inscripción e implementación de los procesos de formación dirigidos a mujeres rurales, debido a la falta de disponibilidad del servicio de transporte institucional requerido para el desplazamiento del equipo de los Centros de Inclusión Digital y de los Centros de Inclusión Digital Móviles hacia los territorios priorizados. Esta situación ha impedido garantizar las condiciones logísticas necesarias para el desarrollo de las jornadas presenciales, limitando el cumplimiento del cronograma previsto. Se trata de un factor externo a la capacidad de gestión del equipo, que afecta temporalmente la ejecución de las actividades programadas en el plan de acción. Alternativas de solución Como medida de contingencia, se ha fortalecido la articulación con los equipos territoriales para mantener la difusión de la oferta institucional en espacios comunitarios y avanzar en la identificación de mujeres interesadas en participar en los procesos formativos. Paralelamente, el equipo ha continuado con el alistamiento técnico y metodológico de los cursos, incluyendo la actualización de contenidos, materiales pedagógicos y la priorización de territorios para su implementación. Una vez se cuente con la disponibilidad del servicio de transporte institucional, se activará la programación de las jornadas presenciales de socialización, inscripción y formación, priorizando las zonas y grupos previamente identificados para agilizar el inicio de las actividades. | I53: Las acciones de articulación territorial, difusión permanente de la oferta institucional y planeación metodológica realizadas durante este período han permitido mantener el interés de las mujeres rurales en los procesos de formación, así como avanzar en la identificación preliminar de potenciales participantes y territorios priorizados para la implementación. Asimismo, la actualización de contenidos, materiales pedagógicos y estrategias de convocatoria contribuye a que, una vez se cuente con las condiciones logísticas necesarias, los cursos puedan desarrollarse de manera más organizada, pertinente y alineada con las necesidades de las mujeres rurales, favoreciendo una vinculación oportuna y una mayor cobertura de la oferta formativa de los Centros de Inclusión Digital.
A54: SEPTIEMBRE | B54: PROGRAMACIÓN | C54: EJECUCIÓN | D54: AVANCES Y LOGROS MENSUAL (2.000 CARACTERES) | F54: AVANCES Y LOGROS ACUMULADO (2.000 CARACTERES) | H54: RETRASOS Y ALTERNATIVAS DE SOLUCIÓN (1.000 CARACTERES) | I54: BENEFICIOS
B55: 0.2
A56: OCTUBRE | B56: PROGRAMACIÓN | C56: EJECUCIÓN | D56: AVANCES Y LOGROS MENSUAL (2.000 CARACTERES) | F56: AVANCES Y LOGROS ACUMULADO (2.000 CARACTERES) | H56: RETRASOS Y ALTERNATIVAS DE SOLUCIÓN (1.000 CARACTERES) | I56: BENEFICIOS
B57: 0.2
A58: NOVIEMBRE | B58: PROGRAMACIÓN | C58: EJECUCIÓN | D58: AVANCES Y LOGROS MENSUAL (2.000 CARACTERES) | F58: AVANCES Y LOGROS ACUMULADO (2.000 CARACTERES) | H58: RETRASOS Y ALTERNATIVAS DE SOLUCIÓN (1.000 CARACTERES) | I58: BENEFICIOS
B59: 0.2
A60: DICIEMBRE | B60: PROGRAMACIÓN | C60: EJECUCIÓN | D60: AVANCES Y LOGROS MENSUAL (2.000 CARACTERES) | F60: AVANCES Y LOGROS ACUMULADO (2.000 CARACTERES) | H60: RETRASOS Y ALTERNATIVAS DE SOLUCIÓN (1.000 CARACTERES) | I60: BENEFICIOS
B61: 0
B62: =+B59+B57+B55+B53+B51+B49+B47+B45+B43+B41 -> 2 | C62: =+C59+C57+C55+C53+C51+C49+C47+C45+C43+C41 -> 1.3
A65: DESCRIPCIÓN CUALITATIVA Y PORCENTUAL DEL AVANCE POR TAREA
A66: DESCRIPCIÓN DE LA TAREA | B66: 4. Realizar acciones de convocatoria con grupos de mujeres en zona rural para la implementación del curso para el desarrollo de capacidades digitales | D66: 5. Desarrollar jornadas de implementación de cursos con enfoque de género y diferencial para el desarrollo de capacidades digitales de mujeres rurales | F66: Tarea | H66: Tarea
A67: PONDERACIÓN DE LA TAREA | B67: 0.13 | D67: 0.17
A68: Enero | B68: PROGRAMACIÓN | C68: EJECUCIÓN | D68: PROGRAMACIÓN | E68: EJECUCIÓN | F68: PROGRAMACIÓN | G68: EJECUCIÓN | H68: PROGRAMACIÓN | I68: EJECUCIÓN
B69: 0 | C69: 0 | D69: 0 | E69: 0
A70: LOGROS Y BENEFICIOS Y RETRASOS Y ALTERNATIVAS DE SOLUCIÓN | B70: No se presentan avances de acuerdo con la programación | D70: No se presentan avances de acuerdo con la programación
A71: EVIDENCIAS DE EJECUCIÓN | B71: N/A | D71: N/A
A72: Febrero | B72: PROGRAMACIÓN | C72: EJECUCIÓN | D72: PROGRAMACIÓN | E72: EJECUCIÓN | F72: PROGRAMACIÓN | G72: EJECUCIÓN | H72: PROGRAMACIÓN | I72: EJECUCIÓN
B73: 0.25 | C73: 0.25 | D73: 0 | E73: 0
A74: LOGROS Y BENEFICIOS Y RETRASOS Y ALTERNATIVAS DE SOLUCIÓN | B74: En el marco de la implementación del curso para el desarrollo de capacidades digitales en zonas rurales, durante el mes de febrero se adelantaron diversas acciones de convocatoria dirigidas a grupos de mujeres rurales, con el fin de realizar las acciones de difusión y concertación para los procesos de formación. Se desarrollaron dos acciones: a. Articulación con la Dirección de Enfoque Diferencial y la Dirección de Territorialización: Se llevó a cabo un espacio de intercambio para identificar posibles rutas de trabajo conjunto. En esta reunión se socializaron las estrategias en curso, las experiencias territoriales y las oportunidades de acción coordinada para facilitar el acceso de las mujeres rurales a los procesos formativos de los Centros de Inclusión Digital, se acordó la participación desde los CID de la jornada de difusión en la localidad de Usme y Ciudad Bolívar (en veredas aledañas a ambas localidades) para identificar posibles grupos de formación b. Jornada de difusión en zonas rurales de Usme: Se realizó una jornada presencial con mujeres de los territorios rurales de esta localidad y veredas aledañas de Ciudad Bolivar, con el objetivo de presentar la oferta formativa, escuchar sus intereses y concertar la participación. Este espacio apertura la socialización con mujeres de las veredas aledañas de Santa Rosa y Santa Barbara en Ciudad Bolívar para generar concertación de formación en el mes de marzo. | D74: No se presentan avances de acuerdo con la programación
A75: EVIDENCIAS DE EJECUCIÓN | B75: Evidencias: 01. Acta de Articulación de Formación Rural el 04/02/2026 02. Listado de asistencia del espacio de articulación 04/02/2026 03. Acta jornada de difusión USME RURAL 11/02/2026 04. Correo de articulación de transporte rural para la difusión de oferta de cursos en la ruralidad. https://secretariadistritald.sharepoint.com/:f:/s/ContratacinSPI-2022/IgD0xsYHxfBRQrdWEWaLL102AQ0-GGuyrOapFAdHjfE10nw?e=YMuFV4 | D75: N/A
A76: Marzo | B76: PROGRAMACIÓN | C76: EJECUCIÓN | D76: PROGRAMACIÓN | E76: EJECUCIÓN | F76: PROGRAMACIÓN | G76: EJECUCIÓN | H76: PROGRAMACIÓN | I76: EJECUCIÓN
B77: 0.25 | C77: 0.25 | D77: 0.25 | E77: 0.25
A78: LOGROS Y BENEFICIOS Y RETRASOS Y ALTERNATIVAS DE SOLUCIÓN | B78: En el mes de marzo se realizó una jornada convocada por la Dirección de Gestión del Conocimiento, orientada por la contratista Yamile Aguilar Ochoa apoyo operativo del equipo de formación, el 02 de marzo de 2026 desde 2:00 pm en la vereda Santa Rosa de la localidad de Ciudad Bolívar, con el fin de realizar la concertación de un curso, reunión a la cual asistieron 9 mujeres de la vereda. Luego de la socialización, se acuerda con las mujeres el desarrollo de un taller con el curso Descubriendo Office, teniendo en cuenta las necesidades identificadas. Este taller estará orientado al uso de las herramientas de Word, Excel y PowerPoint, también se verán temas relacionados con el manejo del correo electrónico y el acceso a internet. Este taller se desarrollará en 3 sesiones, en las siguientes fechas: 9, 16 y 24 de marzo, en el horario de 1:30 a 4:00 pm, en el salón comunal de la vereda Santa Rosa. | D78: En el marco del compromiso con mujeres rurales y campesinas, durante el mes de marzo se realizaron y culminaron dos espacios de fortalecimiento de capacidades digitales en la zona rural de la localidad de Ciudad Bolívar, desarrollados en las veredas Santa Bárbara y Santa Rosa. Estos espacios estuvieron orientados a la apropiación de herramientas digitales básicas con las que cuentan las mujeres, tales como el uso del teléfono celular, la ofimática básica y la navegación en internet, como medios para facilitar el acceso a la información y fortalecer la autonomía digital de las mujeres participantes: 1. En la vereda Santa Bárbara se adelantó el curso de habilidades digitales con cuatro sesiones, el cual contó con la participación de 5 mujeres rurales. Durante el desarrollo de este espacio se abordaron los contenidos correspondientes a los diferentes módulos, priorizando el reconocimiento y uso de las funciones y funcionalidades básicas del teléfono celular, como la conexión a redes Wi‑Fi, el uso del correo electrónico y otras herramientas fundamentales para la comunicación digital. 2. Por su parte, en la vereda Santa Rosa se llevó a cabo un taller compuesto por dos sesiones, con la participación de 9 mujeres. Cada sesión con una duración de dos horas y media, orientado al apropiación y fortalecimiento de las capacidades y destrezas digitales de las mujeres participantes. El taller se desarrolló a través de prácticas y ejercicios prácticos enfocados al uso de Word, Excel, correo y navegación en internet, promoviendo un aprendizaje aplicado a los contextos cotidianos y necesidades prácticas de las participantes.
A79: EVIDENCIAS DE EJECUCIÓN | B79: 01. Acta de Jornada de concertación para el desarrollo de un taller con las mujeres de la vereda Santa Rosa Ciudad Bolívar. Respositorio: https://secretariadistritald.sharepoint.com/:f:/s/ContratacinSPI-2022/IgCKjCy9lfBOQ5-Uock0Bdl1AdelVGJ5jD_3DW8sT8Q47kA?e=r3mLaC | D79: 01. Actas vereda Santa Barará: 0.1.1. Cuatro actas de formación y los espacios trabajados con la comunidad. 0.1.2. Registro fotográfico. 0.1.3. Plan de curso de ruralidad desarrollado. 02. Actas vereda Santa Rosa: 0.2.1. Acta 1_ formación Santa Rosa Ciudad Bolivar_09-03-2026 0.2.2. Acta 2 _asistencia_santa rosa_16-03-2026 0.2.3. Registro fotográfico 0.1.3. Plan de curso de desarrollado. 03. Acta de acompañamiento Metodológico Santa Barbara_20260306 04. Acta de Orientaciones Metodológicas Ruralidad_20260305 Repositorio: https://secretariadistritald.sharepoint.com/:f:/s/ContratacinSPI-2022/IgBXKPomp3JIToh9qu3GF1ITAeXJIUngq1egLzOIEeyPF8k?e=kprF03
A80: Abril | B80: PROGRAMACIÓN | C80: EJECUCIÓN | D80: PROGRAMACIÓN | E80: EJECUCIÓN | F80: PROGRAMACIÓN | G80: EJECUCIÓN | H80: PROGRAMACIÓN | I80: EJECUCIÓN
B81: 0 | C81: 0 | D81: 0 | E81: 0
A82: LOGROS Y BENEFICIOS Y RETRASOS Y ALTERNATIVAS DE SOLUCIÓN | B82: No se presentan avances de acuerdo con la programación | D82: No se presentan avances de acuerdo con la programación
A83: EVIDENCIAS DE EJECUCIÓN
A84: Mayo | B84: PROGRAMACIÓN | C84: EJECUCIÓN | D84: PROGRAMACIÓN | E84: EJECUCIÓN | F84: PROGRAMACIÓN | G84: EJECUCIÓN | H84: PROGRAMACIÓN | I84: EJECUCIÓN
B85: 0 | C85: 0 | D85: 0 | E85: 0
A86: LOGROS Y BENEFICIOS Y RETRASOS Y ALTERNATIVAS DE SOLUCIÓN | B86: No se presentan avances de acuerdo con la programación | D86: No se presentan avances de acuerdo con la programación
A87: EVIDENCIAS DE EJECUCIÓN
A88: Junio | B88: PROGRAMACIÓN | C88: EJECUCIÓN | D88: PROGRAMACIÓN | E88: EJECUCIÓN | F88: PROGRAMACIÓN | G88: EJECUCIÓN | H88: PROGRAMACIÓN | I88: EJECUCIÓN
B89: 0 | C89: 0 | D89: 0 | E89: 0
A90: LOGROS Y BENEFICIOS Y RETRASOS Y ALTERNATIVAS DE SOLUCIÓN | B90: No se presentan avances de acuerdo con la programación | D90: No se presentan avances de acuerdo con la programación
A91: EVIDENCIAS DE EJECUCIÓN
A92: Julio | B92: PROGRAMACIÓN | C92: EJECUCIÓN | D92: PROGRAMACIÓN | E92: EJECUCIÓN | F92: PROGRAMACIÓN | G92: EJECUCIÓN | H92: PROGRAMACIÓN | I92: EJECUCIÓN
B93: 0.25 | C93: 0.05 | D93: 0 | E93: 0
A94: LOGROS Y BENEFICIOS Y RETRASOS Y ALTERNATIVAS DE SOLUCIÓN | B94: En cumplimiento de las acciones previstas para la convocatoria de mujeres en zonas rurales para la implementación del curso de desarrollo de capacidades digitales, se realizó un primer acercamiento de articulación con la Rol Comunitario de Territorialización de la localidad de Usme. Durante el encuentro se socializaron las acciones adelantadas por los Centros de Inclusión Digital en territorio rural y se identificaron oportunidades de trabajo conjunto con grupos de mujeres ubicados en zonas rurales y urbano-rurales de la localidad. Como resultado de la reunión, se acordó la remisión de información sobre la ubicación, características y número aproximado de participantes de los grupos de mujeres rurales y mixtos presentes en el territorio, con el fin de adelantar las acciones de convocatoria, difusión e inscripción requeridas para la posterior implementación de los procesos de formación en habilidades digitales. Acorde a esa información se iniciará la planeación de las jornadas territoriales necesarias para la construcción del cronograma de difusión, inscripción y formación; de tal manera que pueda continuarse con las gestiones con Alcaldía local para identificar la posibilidad de transporte. Es de precisar que en el mes reportado no se ha logrado realizar socializaciones presenciales en zonas rurales, tal y como lo ha solicitado la ciudadanía de la zona rural, dado que este proceso depende en gran medida del contrato de transporte adelantado por la entidad, el cual, a la fecha de este reporte, continúa en etapa precontractual. | D94: No se presentan avances de acuerdo con la programación
A95: EVIDENCIAS DE EJECUCIÓN | B95: Evidencia: Anexo 1. 31072026_Acta de reunion_Rol Usme Repositorio: https://secretariadistritald.sharepoint.com/:f:/s/ContratacinSPI-2022/IgABuwz_E20JRqcKdELxU12FAQPlDMsFFCghJcnKQFUoP4s?e=lRr3ll | D95: N/A
A96: Agosto | B96: PROGRAMACIÓN | C96: EJECUCIÓN | D96: PROGRAMACIÓN | E96: EJECUCIÓN | F96: PROGRAMACIÓN | G96: EJECUCIÓN | H96: PROGRAMACIÓN | I96: EJECUCIÓN
B97: 0.25 | C97: 0.05 | D97: 0.25 | E97: 0.1
A98: LOGROS Y BENEFICIOS Y RETRASOS Y ALTERNATIVAS DE SOLUCIÓN | B98: Durante el período de seguimiento se continuó fortaleciendo la articulación con los equipos territoriales para promover la oferta institucional e identificar potenciales participantes en zonas rurales para la priorización, planificación y cronograma de las actividades de convocatoria e inscripción se programarán una vez se consoliden las condiciones logísticas requeridas para su desarrollo presencial en los territorios priorizados. En ese sentido se avanzo en el diseño y alistamiento del material de formación con enfoque rural mediante el diseño y consolidación de la cartilla de formacion diseñada y diagramada. | D98: Las jornadas de formación con enfoque de género y diferencial dirigidas a mujeres rurales se encuentran en fase de alistamiento para su implementación. Durante el período de seguimiento, se avanzó en la planeación metodológica de los cursos, la actualización de contenidos y materiales pedagógicos, así como en la articulación con los equipos territoriales para la identificación de potenciales participantes y la priorización de espacios a desarrollar. Dado que la estrategia formativa contempla el despliegue de los Centros de Inclusión Digital Móviles para garantizar el acceso a equipos, conectividad y recursos tecnológicos en zonas rurales, la programación de las jornadas está sujeta a la consolidación de las condiciones logísticas requeridas de transporte por lo que este mes se avanzó en la estructuracion y confirmación de necesidades de transporte para el proceso de contración en curso.
A99: EVIDENCIAS DE EJECUCIÓN | B99: Anexo 1. Cartilla de formación. Repositorio: https://secretariadistritald.sharepoint.com/:f:/s/ContratacinSPI-2022/IgAuxD1-emM4RLfmtKYIDAsFAdLjLXyOwQ1n9_6ClwMyKls?e=Fzh01h | D99: Anexo 1. Matriz de necesidades y presupuesto para el proceso de contratación. Anexo 2: Correo de reporte de necesidades para el proceso de transporte. Repositorio: https://secretariadistritald.sharepoint.com/:x:/s/ContratacinSPI-2022/IQBqorQdP_q5Ro_aSv1CfSvbATVNT0dzBi0HnlZRalAGGCc?e=CudiV8
A100: Septiembre | B100: PROGRAMACIÓN | C100: EJECUCIÓN | D100: PROGRAMACIÓN | E100: EJECUCIÓN | F100: PROGRAMACIÓN | G100: EJECUCIÓN | H100: PROGRAMACIÓN | I100: EJECUCIÓN
B101: 0 | C101: 0 | D101: 0.25 | E101: 0
A102: LOGROS Y BENEFICIOS Y RETRASOS Y ALTERNATIVAS DE SOLUCIÓN
A103: EVIDENCIAS DE EJECUCIÓN
A104: Octubre | B104: PROGRAMACIÓN | C104: EJECUCIÓN | D104: PROGRAMACIÓN | E104: EJECUCIÓN | F104: PROGRAMACIÓN | G104: EJECUCIÓN | H104: PROGRAMACIÓN | I104: EJECUCIÓN
B105: 0 | C105: 0 | D105: 0.25 | E105: 0
A106: LOGROS Y BENEFICIOS Y RETRASOS Y ALTERNATIVAS DE SOLUCIÓN
A107: EVIDENCIAS DE EJECUCIÓN
A108: Noviembre | B108: PROGRAMACIÓN | C108: EJECUCIÓN | D108: PROGRAMACIÓN | E108: EJECUCIÓN | F108: PROGRAMACIÓN | G108: EJECUCIÓN | H108: PROGRAMACIÓN | I108: EJECUCIÓN
B109: 0 | C109: 0 | D109: 0 | E109: 0
A110: LOGROS Y BENEFICIOS Y RETRASOS Y ALTERNATIVAS DE SOLUCIÓN
A111: EVIDENCIAS DE EJECUCIÓN
A112: Diciembre | B112: PROGRAMACIÓN | C112: EJECUCIÓN | D112: PROGRAMACIÓN | E112: EJECUCIÓN | F112: PROGRAMACIÓN | G112: EJECUCIÓN | H112: PROGRAMACIÓN | I112: EJECUCIÓN
B113: 0 | C113: 0 | E113: 0
A114: LOGROS Y BENEFICIOS Y RETRASOS Y ALTERNATIVAS DE SOLUCIÓN
...

Sheet ACTIVIDAD_3
B1: SECRETARÍA DISTRITAL DE LA MUJER | M1: Código: DE-FO-5
B2: DIRECCIONAMIENTO ESTRATEGICO | M2: Versión: 14
B3: PROGRAMACIÓN, ACTUALIZACIÓN Y SEGUIMIENTO PLAN DE ACCIÓN DE PROYECTOS DE INVERSIÓN | M3: Fecha de Emisión: 28/04/2025
B4: ACTIVIDADES | M4: Página 2 de 7
A6: PROYECTO DE INVERSIÓN | B6: 8190 - Desarrollo de capacidades digitales para potenciar la inclusión social de las mujeres en zonas urbanas y rurales en Bogotá D.C. | L6: BPIN | M6: 2024110010313
A8: PERIODO REPORTADO | B8: Enero | D8: Febrero | F8: Marzo | H8: Abril | J8: TIPO DE REPORTE | L8: FORMULACION
B9: Mayo | D9: Junio | F9: Julio | H9: Agosto | I9: X | L9: ACTUALIZACION
B10: Septiembre | D10: Octubre | F10: Noviembre | H10: Diciembre | L10: SEGUIMIENTO | M10: X
A12: ACTIVIDAD DEL PROYECTO | B12: Ejecutar 1 estrategia para garantizar la operación tecnológica de los Centros de Inclusión Digital y sus aulas itinerantes
A16: PRODUCTO MGA | B16: Servicio de promoción de la garantía de derechos | G16: INDICADOR ACTIVIDAD | I16: Numero de estrategias ejecutadas para garantizar la operación tecnológica de los Centros de Inclusión Digital y sus aulas itinerantes
A18: OBJETIVO ESTRATÉGICO | B18: 3. Bogotá confia en su potencial | F18: PROGRAMA | G18: 3.17. Formación para el trabajo y acceso a oportunidades educativas | J18: META PDD | K18: Formar 27.000 mujeres en habilidades digitales a través de los Centros de Inclusión Digital – CID, en zonas rurales y urbanas.
A21: EJECUCIÓN PRESUPUESTAL DEL PROYECTO
A22: PRESUPUESTO ASIGNADO EN LA VIGENCIA ACTUAL (en pesos, sin decimales)
B23: Enero | C23: Febrero | D23: Marzo | E23: Abril | F23: Mayo | G23: Junio | H23: Julio | I23: Agosto | J23: Septiembre | K23: Octubre | L23: Noviembre | M23: Diciembre | N23: Total | O23: Porcentaje de ejecución
A24: PROGRAMACION DE COMPROMISOS | B24: 603014000 | C24: 8950000 | D24: 9000000 | E24: 0 | F24: 105514000 | G24: 0 | H24: -24595594 | I24: 674624 | J24: 110936000 | K24: 0 | L24: 0 | M24: 0 | N24: =SUM(B24:M24) -> 813493030 | O24: 1 | Q24: 812818406 | S24: =Q24-N24 -> -674624
A25: COMPROMISOS | B25: 591874000 | C25: 6636135 | D25: -880000 | E25: 85448005 | F25: 0 | G25: 0 | H25: 0 | I25: 0 | J25: 0 | K25: 0 | L25: 0 | M25: 0 | N25: =SUM(B25:M25) -> 683078140 | O25: =+(B25+C25+D25+E25+F25+G25+H25+I25+J25+K25+L25+M25)/N24 -> 0.8396853
A26: GIROS | B26: 0 | C26: 41813688 | D26: 48864185 | E26: 53288365 | F26: 56231334 | G26: 141754360 | H26: 57718045 | I26: 58071203 | J26: 0 | K26: 0 | L26: 0 | M26: 0 | N26: =SUM(B26:M26) -> 457741180 | O26: =+(B26+C26+D26+E26+F26+G26+H26+I26+J26+K26+L26+M26)/N25 -> 0.6701154
A27: PROGRAMACIÓN RESERVAS | B27: 0 | C27: =114577035-1650000 -> 112927035 | D27: 27805412 | E27: 40210063 | F27: 0 | G27: 0 | H27: 0 | I27: 0 | J27: 0 | K27: 0 | L27: 0 | M27: 0 | N27: =SUM(B27:M27) -> 180942510 | O27: 1
A28: LIBERACION DE RESERVAS | B28: 0 | C28: 0 | D28: 0 | E28: 0 | F28: 0 | G28: 38158766 | H28: 0 | I28: 0 | J28: 0 | K28: 0 | L28: 0 | M28: 0 | N28: =SUM(B28:M28) -> 38158766 | O28: =N28/N27 -> 0.2108889
A29: GIROS RESERVAS | B29: 106425867 | C29: 31284744 | D29: 1575019 | E29: 1492121 | F29: 0 | G29: 0 | H29: 266000 | I29: 0 | J29: 0 | K29: 0 | M29: 0 | N29: =SUM(B29:M29) -> 141043751 | O29: =(N29+N28)/N27 -> 0.99038372
A33: REPORTE ACTIVIDADES VIGENCIA (Ejecución vigencia)
A34: DESCRIPCION DE LA ACTIVIDAD | B34: =+B12 -> Ejecutar 1 estrategia para garantizar la operación tecnológica de los Centros de Inclusión Digital y sus aulas itinerantes
A35: ANUALIZACIÓN DE LA ACTIVIDAD | B35: 2024 | C35: 2025 | D35: 2026 | E35: 2027 | F35: TOTAL PDD | G35: TIPO DE ANUALIZACIÓN | H35: Constante
B36: 1 | C36: 1 | D36: 1 | E36: 1 | F36: 1
A37: PONDERACIÓN ACTIVIDAD | B37: 0.26 | D37: DESCRIPCIÓN CUALITATIVA DEL AVANCE POR ACTIVIDAD
A38: ENERO | B38: PROGRAMACIÓN | C38: EJECUCIÓN | D38: AVANCES Y LOGROS MENSUAL (2.000 CARACTERES) | F38: AVANCES Y LOGROS ACUMULADO (2.000 CARACTERES) | H38: RETRASOS Y ALTERNATIVAS DE SOLUCIÓN (1.000 CARACTERES) | I38: BENEFICIOS
B39: 0 | C39: 0 | D39: No se presentan avances de acuerdo con la programación | F39: No se presentan avances de acuerdo con la programación | H39: No aplica.
A40: FEBRERO | B40: PROGRAMACIÓN | C40: EJECUCIÓN | D40: AVANCES Y LOGROS MENSUAL (2.000 CARACTERES) | F40: AVANCES Y LOGROS ACUMULADO (2.000 CARACTERES) | H40: RETRASOS Y ALTERNATIVAS DE SOLUCIÓN (1.000 CARACTERES) | I40: BENEFICIOS
B41: 0.1 | C41: 0.1 | D41: En el marco de la operación de los Centros de Inclusión Digital durante el mes de febrero, se avanzó en la planeación de las adecuaciones físicas y técnicas de los espacios. Este proceso inició con el Centro de Inclusión Digital de Antonio Nariño, donde se realizaron las primeras revisiones y se definieron los requerimientos prioritarios para mejorar las condiciones de aprendizaje y de atención a las mujeres. De manera paralela, se construyó un cronograma de abordaje para las adecuaciones en los demás Centros de Inclusión Digital, en articulación con el equipo de la Dirección Administrativa y Financiera (DAF). Este cronograma permitirá una ejecución ordenada, gradual y acorde con las necesidades identificadas en cada territorio, garantizando que los CID continúen siendo espacios seguros, accesibles y adecuados para los procesos formativos. | F41: Se realizó la programación de las adecuaciones necesarias para el correcto funcionamiento de los CID, en la vigencia 2026, en articulación con la Dirección administrativa y financiera. El proceso de planificación y revisión de las adecuaciones físicas y técnicas de los Centros de Inclusión Digital permitió avanzar de manera estratégica en la creación de entornos más seguros, accesibles y favorables para el aprendizaje de las mujeres. Las revisiones iniciales en el CID de Antonio Nariño y la construcción de un cronograma articulado con la Dirección Administrativa y Financiera garantizan una intervención ordenada y coherente con las necesidades territoriales. | H41: No se presentaron retrasos | I41: Estos avances fortalecen la calidad de los procesos formativos, mejoran las condiciones de atención y contribuyen a que los Centros continúen siendo espacios confiables y adecuados para impulsar la autonomía y el desarrollo de las participantes.
A42: MARZO | B42: PROGRAMACIÓN | C42: EJECUCIÓN | D42: AVANCES Y LOGROS MENSUAL (2.000 CARACTERES) | F42: AVANCES Y LOGROS ACUMULADO (2.000 CARACTERES) | H42: RETRASOS Y ALTERNATIVAS DE SOLUCIÓN (1.000 CARACTERES) | I42: BENEFICIOS
B43: 0.1 | C43: 0.1 | D43: Para el mes de marzo, se continua con la actualización de la Estrategia de Operación de los Centros de Inclusión Digital (CID), elaborada a partir del seguimiento técnico que se viene realizando de manera continua. Esta actualización permite identificar de forma integral el estado actual de los CID, los avances alcanzados y las necesidades tecnológicas y estructurales existentes, incluyendo aspectos relacionados con la infraestructura física, la dotación tecnológica y las condiciones de movilidad y uso del espacio. Asimismo, el documento consolida información que orienta la toma de decisiones para el fortalecimiento progresivo de los CID, en coherencia con las acciones de seguimiento, mantenimiento, renovación y adecuación que se desarrollan a lo largo del cuatrienio. | F43: Se registra un avance sostenido en la implementación de la estrategia para garantizar la operación tecnológica de los Centros de Inclusión Digital, mediante acciones de planeación, seguimiento y actualización técnica. Se consolidó la actualización de la Estrategia de Operación de los CID, permitiendo contar con un diagnóstico integral del estado de la infraestructura física y la dotación tecnológica, así como identificar necesidades prioritarias para la toma de decisiones. Adicionalmente, se avanzó en la actualización y depuración del inventario tecnológico y en la atención de requerimientos locativos puntuales, contribuyendo a asegurar la continuidad operativa y el adecuado desarrollo de los procesos formativos. | H43: No se presentaron retrasos | I43: La planeación, actualización y seguimiento de la estrategia de operación tecnológica de los Centros de Inclusión Digital permitió avanzar en el fortalecimiento de entornos formativos más seguros, accesibles y adecuados para el aprendizaje de las mujeres. La revisión técnica de la infraestructura física y de la dotación tecnológica, junto con la actualización del inventario y la programación de adecuaciones locativas y tecnológicas en articulación con la Dirección Administrativa y Financiera, facilitó la identificación oportuna de necesidades prioritarias y la toma de decisiones informadas para el mantenimiento y mejora progresiva de los Centros. Estas acciones contribuyen a garantizar la continuidad de la operación de los CID, mejorar las condiciones de atención y uso de los espacios, y asegurar que los procesos de formación en capacidades digitales se desarrollen en ambientes adecuados, fortaleciendo la calidad del servicio y el acceso efectivo de las mujeres a las tecnologías, con enfoque de género y diferencial.
A44: ABRIL | B44: PROGRAMACIÓN | C44: EJECUCIÓN | D44: AVANCES Y LOGROS MENSUAL (2.000 CARACTERES) | F44: AVANCES Y LOGROS ACUMULADO (2.000 CARACTERES) | H44: RETRASOS Y ALTERNATIVAS DE SOLUCIÓN (1.000 CARACTERES) | I44: BENEFICIOS
B45: 0.1 | C45: 0.1 | D45: Durante el mes de abril se desarrollaron acciones orientadas a garantizar la continuidad y el seguimiento de la operación de los Centros de Inclusión Digital (CID). Estas incluyeron la remisión y el seguimiento de mesas de ayuda para la actualización de Office, la continuidad de las adecuaciones del CID de Engativá, realizando el levantamiento del muro e iniciando el proceso de pintura, así como el inicio de la revisión de equipos en los CID de Rafael Uribe Uribe y Puente Aranda, con el fin de gestionar los conceptos técnicos por daño y/o obsolescencia. | F45: Se registra un avance sostenido en la implementación de la estrategia para garantizar la operación tecnológica de los Centros de Inclusión Digital, mediante acciones de planeación, seguimiento y actualización técnica. Se consolidó la actualización de la Estrategia de Operación de los CID, permitiendo contar con un diagnóstico integral del estado de la infraestructura física y la dotación tecnológica, así como identificar necesidades prioritarias para la toma de decisiones. Adicionalmente, se avanzó en la solicitud de conceptos técnicos para la obselencia de equipos, actualización de software y en las adecuaciones de 1 CID para su correcto funcionamiento. | H45: No se presentaron retrasos | I45: Los avances en las adecuaciones del CID de Engativá, reflejados en el levantamiento del muro y el inicio del proceso de pintura, contribuyen a mejorar significativamente las condiciones físicas del espacio, ofreciendo entornos más seguros, dignos y adecuados. Estas mejoras inciden directamente en el bienestar de las mujeres participantes y en la calidad de los espacios destinados al aprendizaje y la inclusión digital. Por otra parte, el inicio de la revisión de equipos en los CID de Rafael Uribe Uribe y Puente Aranda permite optimizar la gestión tecnológica al identificar oportunamente aquellos dispositivos que presentan daños o condiciones de obsolescencia. Este proceso facilita la emisión de conceptos técnicos que orientan la toma de decisiones para su mantenimiento, reposición o actualización, contribuyendo a la sostenibilidad de la infraestructura tecnológica.
A46: MAYO | B46: PROGRAMACIÓN | C46: EJECUCIÓN | D46: AVANCES Y LOGROS MENSUAL (2.000 CARACTERES) | F46: AVANCES Y LOGROS ACUMULADO (2.000 CARACTERES) | H46: RETRASOS Y ALTERNATIVAS DE SOLUCIÓN (1.000 CARACTERES) | I46: BENEFICIOS
B47: 0.1 | C47: 0.1 | D47: En el marco del seguimiento a la ejecución de la estrategia para garantizar la operación tecnológica de los Centros de Inclusión Digital y sus aulas itinerantes, durante el mes de mayo se adelantaron adecuaciones con la instalación del muro en drywall que delimita las zonas de atención, quedando pendientes actividades de pintura, instalación de puerta, fortalecimiento de la iluminación y ajustes en la conectividad eléctrica para el CID de Engativá. De igual manera, en el CID de Ciudad Bolívar se realizaron intervenciones en mobiliario, incluyendo el ajuste de mesas, así como la instalación de un televisor que será utilizado como cartelera digital y herramienta de apoyo en los procesos formativos, y mejoras en la iluminación del CID Mártires. En cuanto a la operación tecnológica, se gestionaron y realizaron mesas de ayuda asociadas a la configuración e instalación de software de seguridad y activación de Office en las tabletas y el portátil de la nueva unidad itinerante, se dio continuidad a la revisión técnica de equipos en los CID de Santa Fe y Casa de Todas, con el fin de gestionar conceptos técnicos por daño o obsolescencia, incluyendo la solicitud de bajas de equipos que han cumplido su vida útil o presentan averías. Finalmente, se reportaron las fallas de conectividad e intermitencia en el servicios de los CID ubicados en Suba, Usme y San Cristóbal, Santa fe las cuales fueron atendidas oportuna y actualmente se encuentran restablecidas, garantizando la continuidad de los procesos de formación. | F47: Se registra un avance sostenido en la implementación de la estrategia para garantizar la operación tecnológica de los Centros de Inclusión Digital, mediante acciones de seguimiento, actualización técnica y mejora de la infraestructura, que se suman al diagnóstico integral ya consolidado sobre el estado de los centros. En este marco, se adelantaron adecuaciones físicas en el CID de Engativá con la instalación de un muro en drywall para delimitar zonas de atención y el avance en mejoras complementarias; se realizaron intervenciones en el CID de Ciudad Bolívar, incluyendo ajustes de mobiliario e instalación de un televisor como herramienta de apoyo formativo; y se fortaleció la iluminación en el CID Mártires. De manera paralela, se avanzó en la gestión técnica mediante la configuración e instalación de software y activación de herramientas en equipos de la unidad itinerante, la revisión técnica de equipos en distintos centros para identificar obsolescencia y gestionar solicitudes de baja, y la atención oportuna de fallas de conectividad en varios CID, garantizando la continuidad de los procesos de formación. | H47: No se presentaron retrasos | I47: Los avances alcanzados fortalecen de manera significativa la operación tecnológica de los Centros de Inclusión Digital, al mejorar tanto las condiciones físicas como la funcionalidad de los espacios, favoreciendo entornos más adecuados, organizados y confortables para el desarrollo de los procesos formativos. Las adecuaciones en infraestructura, iluminación y mobiliario, junto con la incorporación de herramientas como el televisor para apoyo pedagógico, contribuyen a dinamizar las experiencias de aprendizaje y a optimizar el uso de los recursos disponibles. Asimismo, la gestión técnica de los equipos y la atención oportuna de fallas de conectividad permiten garantizar la continuidad y calidad de los servicios ofrecidos, reduciendo interrupciones y fortaleciendo la confianza en la operación de los centros. La identificación de equipos obsoletos y la actualización de software aportan a la sostenibilidad tecnológica de la estrategia, asegurando que las participantes cuenten con herramientas adecuadas, seguras y funcionales para el desarrollo de sus habilidades digitales.
A48: JUNIO | B48: PROGRAMACIÓN | C48: EJECUCIÓN | D48: AVANCES Y LOGROS MENSUAL (2.000 CARACTERES) | F48: AVANCES Y LOGROS ACUMULADO (2.000 CARACTERES) | H48: RETRASOS Y ALTERNATIVAS DE SOLUCIÓN (1.000 CARACTERES) | I48: BENEFICIOS
B49: 0.1 | C49: 0.1 | D49: Durante el mes de junio se realizó el seguimiento al inventario tecnológico de los Centros de Inclusión Digital y las aulas itinerantes, sin registrarse novedades en los equipos inventariados. Asimismo, se atendieron los requerimientos tecnológicos reportados por las facilitadoras a través de las mesas de ayuda, relacionados con actualización de software, activación y renovación de licencias de Microsoft Office, revisión de equipos y solución de novedades de conectividad. Adicionalmente, se culminó la configuración de las tabletas y del equipo portátil destinados a los procesos de formación. Se efectuó el seguimiento a las condiciones locativas de los Centros de Inclusión Digital para garantizar espacios seguros y adecuados para las actividades de formación. En este marco, continuaron las adecuaciones del Centro de Inclusión Digital de Engativá y se realizaron intervenciones de mantenimiento en los Centros de San Cristóbal, Antonio Nariño y Casa de Todas. | F49: Se registra un avance sostenido en la implementación de la estrategia para garantizar la operación tecnológica de los Centros de Inclusión Digital, mediante acciones de seguimiento, actualización técnica y mejora de la infraestructura, que se suman al diagnóstico integral ya consolidado sobre el estado de los centros. En este marco, se adelantaron adecuaciones físicas en el CID de Engativá con la instalación de un muro en drywall para delimitar zonas de atención y el avance en mejoras complementarias; se realizaron intervenciones en el CID de Ciudad Bolívar, incluyendo ajustes de mobiliario e instalación de un televisor como herramienta de apoyo formativo; y se fortaleció la iluminación en el CID Mártires. De manera paralela, se avanzó en la gestión técnica mediante la configuración e instalación de software y activación de herramientas en equipos de la unidad itinerante, la revisión técnica de equipos en distintos centros para identificar obsolescencia y gestionar solicitudes de baja, y la atención oportuna de fallas de conectividad en varios CID, garantizando la continuidad de los procesos de formación. | H49: No se presentaron retrasos | I49: Las acciones desarrolladas durante el mes de junio contribuyeron a fortalecer las condiciones operativas, tecnológicas y locativas de los Centros de Inclusión Digital, garantizando la continuidad y calidad de los procesos de formación dirigidos a las mujeres participantes. El seguimiento permanente al inventario tecnológico, la atención oportuna de requerimientos relacionados con software, licencias, conectividad y funcionamiento de equipos, así como la configuración de nuevos dispositivos, permitieron asegurar la disponibilidad de herramientas tecnológicas adecuadas para el desarrollo de las actividades formativas y reducir posibles interrupciones en la prestación del servicio. Asimismo, los traslados estratégicos de equipos de cómputo entre los Centros de Inclusión Digital de Casa de Todas, Puente Aranda y Ciudad Bolívar favorecieron una gestión más eficiente de los recursos tecnológicos disponibles, permitiendo responder de manera ágil a necesidades operativas y garantizar que las participantes contaran con equipos funcionales mientras se realizaban procesos de revisión o mantenimiento. Esto contribuyó a mantener la continuidad de las acciones formativas y a optimizar el aprovechamiento de los recursos institucionales.
A50: JULIO | B50: PROGRAMACIÓN | C50: EJECUCIÓN | D50: AVANCES Y LOGROS MENSUAL (2.000 CARACTERES) | F50: AVANCES Y LOGROS ACUMULADO (2.000 CARACTERES) | H50: RETRASOS Y ALTERNATIVAS DE SOLUCIÓN (1.000 CARACTERES) | I50: BENEFICIOS
B51: 0.1 | C51: 0.1 | D51: Durante el mes de julio se adelantaron diversas acciones orientadas al mejoramiento, adecuación y seguimiento de los Centros de Inclusión Digital (CID). Entre estas actividades se destacó el inicio de la instalación de los vinilos institucionales en los diferentes centros, los cuales incluyen códigos QR que facilitan el acceso de la ciudadanía a la información y servicios de la Entidad. Asimismo, se gestionaron solicitudes de apoyo a través de las mesas de ayuda para atender fallas de conectividad presentadas en los CID de Suba y Santa Fe, con el fin de garantizar la continuidad de los procesos de formación y atención. De igual manera, se llevó a cabo una jornada de mantenimiento en el CID de La Candelaria para optimizar las condiciones de servicio eléctrico y mobiliario. También se realizaron las mesas de ayuda requeridas para la actualización de Microsoft Office en los equipos de los centros que asi lo requieran, contribuyendo al fortalecimiento de las herramientas tecnológicas disponibles para las participantes y facilitadoras. Adicionalmente, se efectuó la revisión de los equipos del CID de Bosa y Tunjuelito con el propósito de emitir los conceptos técnicos correspondientes por obsolescencia y/o daño, identificando las necesidades de reposición o mantenimiento para garantizar la adecuada prestación de los servicios y procesos formativos. | F51: Se registra un avance sostenido en la implementación de la estrategia para garantizar la operación tecnológica de los Centros de Inclusión Digital, mediante acciones de seguimiento, actualización técnica y mejora de infraestructura, que se suman al diagnóstico integral ya consolidado sobre el estado de los centros. En este marco, se adelantaron adecuaciones físicas en el CID de Engativá con la instalación de un muro en drywall para delimitar zonas de atención y el avance en mejoras complementarias; se realizaron intervenciones en el CID de Ciudad Bolívar, incluyendo ajustes de mobiliario e instalación de un televisor como herramienta de apoyo formativo; se fortaleció la iluminación en el CID Mártires y se efectuó una jornada de mantenimiento en el CID de La Candelaria para optimizar las condiciones del servicio eléctrico y del mobiliario. Asimismo, inició la instalación de vinilos institucionales en los diferentes centros, incorporando códigos QR que facilitan a la ciudadanía el acceso a la información y servicios de la Entidad. De manera paralela, se avanzó en la gestión técnica mediante la configuración e instalación de software y herramientas en equipos de la unidad itinerante, la actualización de Microsoft Office en los equipos de los centros que lo requerían, la revisión técnica de equipos en los CID de Bosa y Tunjuelito para identificar condiciones de obsolescencia o daño y gestionar las acciones correspondientes, así como la atención oportuna de fallas de conectividad en los CID de Suba, Santa Fe y otros centros, garantizando la continuidad de los procesos de formación y atención a las usuarias. | H51: No se presentaron retrasos | I51: Las acciones realizadas para el mejoramiento y mantenimiento de los Centros de Inclusión Digital fortalecen la calidad, continuidad y eficiencia de los servicios ofrecidos a las mujeres participantes de los procesos de formación. La instalación de vinilos institucionales con códigos QR facilita el acceso oportuno a información, servicios y rutas de atención de la Entidad, promoviendo una mayor apropiación y uso de los recursos disponibles. Asimismo, la atención de fallas de conectividad, la actualización de software y las jornadas de mantenimiento de infraestructura y mobiliario contribuyen a garantizar ambientes adecuados para el aprendizaje y el desarrollo de actividades formativas. De igual manera, la revisión técnica de equipos y la identificación de necesidades de reposición o mantenimiento permiten anticipar riesgos asociados a la obsolescencia tecnológica, mejorando la disponibilidad y el funcionamiento de los recursos informáticos. En conjunto, estas acciones favorecen la sostenibilidad operativa de los Centros de Inclusión Digital, optimizan la experiencia de las usuarias y fortalecen las condiciones necesarias para el acceso efectivo a procesos de inclusión y apropiación digital.
A52: AGOSTO | B52: PROGRAMACIÓN | C52: EJECUCIÓN | D52: AVANCES Y LOGROS MENSUAL (2.000 CARACTERES) | F52: AVANCES Y LOGROS ACUMULADO (2.000 CARACTERES) | H52: RETRASOS Y ALTERNATIVAS DE SOLUCIÓN (1.000 CARACTERES) | I52: BENEFICIOS
B53: 0.1 | C53: 0.1 | D53: En el marco de la operación de los Centros de Inclusión Digital, se iniciaron las actividades de mantenimiento de los equipos tecnológicos ubicados en los diferentes centros. Estas acciones, realizadas por el equipo de la OAP, tienen como propósito efectuar actualizaciones, revisiones técnicas y verificaciones del funcionamiento de los equipos, con el fin de garantizar condiciones adecuadas para el desarrollo de los procesos de formación. Para su ejecución, se estableció un cronograma de visitas que se desarrollará durante los meses de agosto y septiembre, permitiendo realizar seguimiento al estado de los equipos y atender oportunamente los requerimientos identificados. | F53: Durante el período reportado se avanzó en el fortalecimiento de la operación de los Centros de Inclusión Digital mediante la implementación de acciones de mantenimiento, actualización tecnológica, mejoramiento de infraestructura y atención de requerimientos técnicos, orientadas a garantizar condiciones adecuadas para los procesos de formación. Entre los principales logros se destacan la ejecución de revisiones y actualizaciones de equipos, mejoras locativas y de mobiliario en distintos centros, el fortalecimiento de la conectividad y los servicios tecnológicos, la instalación de elementos de señalización institucional y la puesta en marcha de un cronograma de seguimiento técnico que permitirá continuar optimizando la infraestructura tecnológica y operativa de los CID, asegurando la continuidad y calidad de la atención a las usuarias. | H53: No se presentaron retrasos | I53: Fortalecen la continuidad y calidad de los procesos de formación, garantizan el adecuado funcionamiento de los equipos y servicios tecnológicos, mejoran la experiencia de las usuarias y contribuyen a ampliar el acceso efectivo a oportunidades de inclusión digital en condiciones óptimas y seguras.
A54: SEPTIEMBRE | B54: PROGRAMACIÓN | C54: EJECUCIÓN | D54: AVANCES Y LOGROS MENSUAL (2.000 CARACTERES) | F54: AVANCES Y LOGROS ACUMULADO (2.000 CARACTERES) | H54: RETRASOS Y ALTERNATIVAS DE SOLUCIÓN (1.000 CARACTERES) | I54: BENEFICIOS
B55: 0.1
A56: OCTUBRE | B56: PROGRAMACIÓN | C56: EJECUCIÓN | D56: AVANCES Y LOGROS MENSUAL (2.000 CARACTERES) | F56: AVANCES Y LOGROS ACUMULADO (2.000 CARACTERES) | H56: RETRASOS Y ALTERNATIVAS DE SOLUCIÓN (1.000 CARACTERES)
B57: 0.1
A58: NOVIEMBRE | B58: PROGRAMACIÓN | C58: EJECUCIÓN | D58: AVANCES Y LOGROS MENSUAL (2.000 CARACTERES) | F58: AVANCES Y LOGROS ACUMULADO (2.000 CARACTERES) | H58: RETRASOS Y ALTERNATIVAS DE SOLUCIÓN (1.000 CARACTERES)
B59: 0.1
A60: DICIEMBRE | B60: PROGRAMACIÓN | C60: EJECUCIÓN | D60: AVANCES Y LOGROS MENSUAL (2.000 CARACTERES) | F60: AVANCES Y LOGROS ACUMULADO (2.000 CARACTERES) | H60: RETRASOS Y ALTERNATIVAS DE SOLUCIÓN (1.000 CARACTERES)
B61: 0
B62: =+B59+B57+B55+B53+B51+B49+B47+B45+B43+B41 -> 1 | C62: =+C59+C57+C55+C53+C51+C49+C47+C45+C43+C41 -> 0.7
A65: DESCRIPCIÓN CUALITATIVA Y PORCENTUAL DEL AVANCE POR TAREA
A66: DESCRIPCIÓN DE LA TAREA | B66: 6. Realizar reportes del estado de inventarios tecnológico de los Centros de Inclusión Digital y sus aulas itinerantes, identificando las necesidades para garantizar la operación tecnológica de los mismos | D66: 7. Elaborar reportes de seguimiento que den cuenta de las adecuaciones de los Centros de Inclusión Digital. | F66: Tarea | H66: Tarea
A67: PONDERACIÓN DE LA TAREA | B67: 0.15 | D67: 0.11
A68: Enero | B68: PROGRAMACIÓN | C68: EJECUCIÓN | D68: PROGRAMACIÓN | E68: EJECUCIÓN | F68: PROGRAMACIÓN | G68: EJECUCIÓN | H68: PROGRAMACIÓN | I68: EJECUCIÓN
B69: 0 | C69: 0 | D69: 0 | E69: 0
A70: LOGROS Y BENEFICIOS Y RETRASOS Y ALTERNATIVAS DE SOLUCIÓN | B70: No se presentan avances de acuerdo con la programación | D70: No se presentan avances de acuerdo con la programación
A71: EVIDENCIAS DE EJECUCIÓN | B71: N/A | D71: N/A
A72: Febrero | B72: PROGRAMACIÓN | C72: EJECUCIÓN | D72: PROGRAMACIÓN | E72: EJECUCIÓN | F72: PROGRAMACIÓN | G72: EJECUCIÓN | H72: PROGRAMACIÓN | I72: EJECUCIÓN
B73: 0 | C73: 0 | D73: 0 | E73: 0
A74: LOGROS Y BENEFICIOS Y RETRASOS Y ALTERNATIVAS DE SOLUCIÓN | B74: No se presentan avances de acuerdo con la programación | D74: No se presentan avances de acuerdo con la programación
A75: EVIDENCIAS DE EJECUCIÓN | B75: N/A | D75: N/A
A76: Marzo | B76: PROGRAMACIÓN | C76: EJECUCIÓN | D76: PROGRAMACIÓN | E76: EJECUCIÓN | F76: PROGRAMACIÓN | G76: EJECUCIÓN | H76: PROGRAMACIÓN | I76: EJECUCIÓN
B77: 0.25 | C77: 0.25 | D77: 0.1 | E77: 0.1
A78: LOGROS Y BENEFICIOS Y RETRASOS Y ALTERNATIVAS DE SOLUCIÓN | B78: Entre los meses de enero y marzo de 2026 se han adelantado acciones de seguimiento a la operación de los Centros de Inclusión Digital, orientadas al control y actualización del inventario tecnológico y al estado de los equipos. En este periodo, el seguimiento de inventarios y del estado tecnológico se enfocó en la actualización del inventario general de los CID, la programación e inicio de los procesos de toma física de inventarios en los distintos centros y la verificación de la información registrada en el consolidado de inventarios. Como resultado de este ejercicio, se dio inicio al reintegro de elementos que cuentan con concepto técnico, particularmente periféricos averiados u obsoletos, para la depuración de los inventarios. | D78: Entre los meses de enero y marzo de 2026 se han venido adelantado acciones de seguimiento y atención a la operación de los Centros de Inclusión Digital, orientadas principalmente al mantenimiento locativo y a la verificación del inventario general. Durante este periodo se atendieron de manera puntual necesidades relacionadas con iluminación y humedad, logrando la solución de estas situaciones en los CID de Bosa, Casa de Todas y Antonio Nariño, mediante reparaciones eléctricas y labores de pintura. De manera complementaria, se realizó el seguimiento a sedes que presentaban necesidades estructurales pendientes, como pintura, atención de humedad y adecuaciones menores, para las cuales se adelantaron procesos de programación y alistamiento que se encuentran en proceso para el caso de los CID de San Cristóbal, Usme, Kennedy, Barrios Unidos.
A79: EVIDENCIAS DE EJECUCIÓN | B79: 01. Documento de la Estrategia Operación Tecnológica CID Versión No. 2 - Marzo2026. Repositorio: https://secretariadistritald.sharepoint.com/:f:/s/ContratacinSPI-2022/IgCv-E2pPed0TZCguYvHuCCYAaaIEXD1R-HUOBsEQ003aIM?e=BlCkPm | D79: 01. INVENTARIO TECNOLOGICO_DOTACIONES actualizado. Repositorio: https://secretariadistritald.sharepoint.com/:x:/s/ContratacinSPI-2022/IQATNF7A7hKZTq-EBaeU80K-AcLZgmQE5oklNZZac1BTGAk?e=GShWOi
A80: Abril | B80: PROGRAMACIÓN | C80: EJECUCIÓN | D80: PROGRAMACIÓN | E80: EJECUCIÓN | F80: PROGRAMACIÓN | G80: EJECUCIÓN | H80: PROGRAMACIÓN | I80: EJECUCIÓN
B81: 0 | C81: 0 | D81: 0 | E81: 0 | F81: 0 | G81: 0
A82: LOGROS Y BENEFICIOS Y RETRASOS Y ALTERNATIVAS DE SOLUCIÓN | B82: No se presentan avances de acuerdo con la programación | D82: No se presentan avances de acuerdo con la programación
A83: EVIDENCIAS DE EJECUCIÓN
A84: Mayo | B84: PROGRAMACIÓN | C84: EJECUCIÓN | D84: PROGRAMACIÓN | E84: EJECUCIÓN | F84: PROGRAMACIÓN | G84: EJECUCIÓN | H84: PROGRAMACIÓN | I84: EJECUCIÓN
B85: 0 | C85: 0 | D85: 0 | E85: 0 | F85: 0 | G85: 0
A86: LOGROS Y BENEFICIOS Y RETRASOS Y ALTERNATIVAS DE SOLUCIÓN | B86: No se presentan avances de acuerdo con la programación | D86: No se presentan avances de acuerdo con la programación
A87: EVIDENCIAS DE EJECUCIÓN
A88: Junio | B88: PROGRAMACIÓN | C88: EJECUCIÓN | D88: PROGRAMACIÓN | E88: EJECUCIÓN | F88: PROGRAMACIÓN | G88: EJECUCIÓN | H88: PROGRAMACIÓN | I88: EJECUCIÓN
B89: 0.25 | C89: 0.25 | D89: 0.4 | E89: 0.4 | F89: 0 | G89: 0
A90: LOGROS Y BENEFICIOS Y RETRASOS Y ALTERNATIVAS DE SOLUCIÓN | B90: Durante el mes de junio se realizó el seguimiento al inventario tecnológico de los Centros de Inclusión Digital y de las aulas itinerantes, sin identificarse novedades en el inventario registrado. Asimismo, se efectuó seguimiento a las necesidades tecnológicas reportadas por las facilitadoras mediante las mesas de ayuda, atendiendo requerimientos relacionados con actualización de software, activación y renovación de licencias Microsoft Office, revisión de equipos, y atención de novedades de conectividad derivadas de intermitencias o ausencia del servicio de internet. Estas acciones permitieron fortalecer las condiciones de operación tecnológica de los Centros de Inclusión Digital y garantizar la disponibilidad de los recursos necesarios para el desarrollo de los procesos de formación, así mismo se culminó en las acciones de la configuración de las tabletas y del equipo portátil. Adicionalmente, con el fin de garantizar la continuidad de los procesos de formación y la operatividad tecnológica de los Centros de Inclusión Digital, durante el mes de junio se realizaron traslados de equipos de cómputo entre los Centros de Inclusión Digital de Casa de Todas, Puente Aranda y Ciudad Bolívar. Estos movimientos permitieron redistribuir equipos portátiles en adecuado estado de funcionamiento para reemplazar temporalmente aquellos que presentaban fallas técnicas o requerían revisión, contribuyendo a mantener la disponibilidad de recursos tecnológicos para las actividades de formación. | D90: Se ha realizado el seguimiento a las adecuaciones y condiciones locativas de los Centros de Inclusión Digital, con el propósito de garantizar espacios seguros y adecuados para el desarrollo de los procesos de formación. En este marco, se continuó con las adecuaciones del Centro de Inclusión Digital de Engativá. De igual manera, se realizaron intervenciones de mantenimiento locativo en los Centros de Inclusión Digital de San Cristóbal, Antonio Nariño y Casa de Todas, incluyendo la atención de diferentes necesidades de infraestructura identificadas durante el seguimiento periódico. En el caso de Casa de Todas, se efectuó la reparación de las luminarias del techo como respuesta a una novedad presentada en la infraestructura del espacio.
A91: EVIDENCIAS DE EJECUCIÓN | B91: Anexo 1. Reporte de seguimiento a mesas de ayuda Anexo 2. Seguimiento a la conectividad Marzo_Junio Repositorio: https://secretariadistritald.sharepoint.com/:b:/s/ContratacinSPI-2022/IQCW4W2-SNRST5tzxrC2xE70AdSVdGx-7fzpy3G5YtuqMG4?e=hXdA4P | D91: Anexo 1. ActaAdecuacionesAN_04-06-2026 Anexo 2. Acta AdecuacionesCID_Engativa_30-06-2026 Anexo 3. ActaAdecuacionesSanCristobal_04-06-2026 Anexo 4. ActaAdecuacionesSanCristobal_11-06-2026 Anexo 5. AdecuacionesCID_AN_09-06-2026 Anexo 6. AdecuacionesCID_SanCristobal_05-06-2026 Anexo 7. Acompañamiento Instalación TV_CID_CB_23-04-2026 Repositorio: https://secretariadistritald.sharepoint.com/:b:/s/ContratacinSPI-2022/IQCrGwmN5R9qSrzIBfPUu6BLAR8wGBO8_omw1lE9J2GkmeQ?e=a9398B
A92: Julio | B92: PROGRAMACIÓN | C92: EJECUCIÓN | D92: PROGRAMACIÓN | E92: EJECUCIÓN | F92: PROGRAMACIÓN | G92: EJECUCIÓN | H92: PROGRAMACIÓN | I92: EJECUCIÓN
B93: 0 | C93: 0 | D93: 0 | E93: 0 | F93: 0 | G93: 0
A94: LOGROS Y BENEFICIOS Y RETRASOS Y ALTERNATIVAS DE SOLUCIÓN | B94: No se presentan avances de acuerdo con la programación | D94: No se presentan avances de acuerdo con la programación
A95: EVIDENCIAS DE EJECUCIÓN | B95: N/A | D95: N/A
A96: Agosto | B96: PROGRAMACIÓN | C96: EJECUCIÓN | D96: PROGRAMACIÓN | E96: EJECUCIÓN | F96: PROGRAMACIÓN | G96: EJECUCIÓN | H96: PROGRAMACIÓN | I96: EJECUCIÓN
B97: 0 | C97: 0 | D97: 0 | E97: 0 | F97: 0 | G97: 0
A98: LOGROS Y BENEFICIOS Y RETRASOS Y ALTERNATIVAS DE SOLUCIÓN | B98: No se presentan avances de acuerdo con la programación | D98: No se presentan avances de acuerdo con la programación
A99: EVIDENCIAS DE EJECUCIÓN | B99: N/A | D99: N/A
A100: Septiembre | B100: PROGRAMACIÓN | C100: EJECUCIÓN | D100: PROGRAMACIÓN | E100: EJECUCIÓN | F100: PROGRAMACIÓN | G100: EJECUCIÓN | H100: PROGRAMACIÓN | I100: EJECUCIÓN
B101: 0.25 | C101: 0 | D101: 0 | E101: 0 | F101: 0 | G101: 0
A102: LOGROS Y BENEFICIOS Y RETRASOS Y ALTERNATIVAS DE SOLUCIÓN
A103: EVIDENCIAS DE EJECUCIÓN
A104: Octubre | B104: PROGRAMACIÓN | C104: EJECUCIÓN | D104: PROGRAMACIÓN | E104: EJECUCIÓN | F104: PROGRAMACIÓN | G104: EJECUCIÓN | H104: PROGRAMACIÓN | I104: EJECUCIÓN
B105: 0 | C105: 0 | D105: 0 | E105: 0 | F105: 0 | G105: 0
A106: LOGROS Y BENEFICIOS Y RETRASOS Y ALTERNATIVAS DE SOLUCIÓN
A107: EVIDENCIAS DE EJECUCIÓN
A108: Noviembre | B108: PROGRAMACIÓN | C108: EJECUCIÓN | D108: PROGRAMACIÓN | E108: EJECUCIÓN | F108: PROGRAMACIÓN | G108: EJECUCIÓN | H108: PROGRAMACIÓN | I108: EJECUCIÓN
B109: 0 | C109: 0 | D109: 0 | E109: 0 | F109: 0 | G109: 0
A110: LOGROS Y BENEFICIOS Y RETRASOS Y ALTERNATIVAS DE SOLUCIÓN
A111: EVIDENCIAS DE EJECUCIÓN
A112: Diciembre | B112: PROGRAMACIÓN | C112: EJECUCIÓN | D112: PROGRAMACIÓN | E112: EJECUCIÓN | F112: PROGRAMACIÓN | G112: EJECUCIÓN | H112: PROGRAMACIÓN | I112: EJECUCIÓN
B113: 0.25 | C113: 0 | D113: 0.5 | E113: 0 | F113: 0 | G113: 0
A114: LOGROS Y BENEFICIOS Y RETRASOS Y ALTERNATIVAS DE SOLUCIÓN
...

Sheet META_PDD
B1: SECRETARÍA DISTRITAL DE LA MUJER | I1: Código | J1: Código: DE-FO-5
B2: DIRECCIONAMIENTO ESTRATEGICO | I2: Versión | J2: Versión: 14
B3: PROGRAMACIÓN, ACTUALIZACIÓN Y SEGUIMIENTO PLAN DE ACCIÓN DE PROYECTOS DE INVERSIÓN | I3: Fecha de Emisión | J3: Fecha de Emisión: 28/04/2025
B4: META PLAN DE DESARROLLO | I4: Página | J4: Página 3 de 7
A7: NOMBRE DEL PROYECTO | B7: 8190 - Desarrollo de capacidades digitales para potenciar la inclusión social de las mujeres en zonas urbanas y rurales en Bogotá D.C. | I7: BPIN | J7: 2024110010313
A12: PERIODO REPORTADO | B12: Enero | D12: Febrero | F12: Marzo | H12: Abril
B13: Mayo | D13: Junio | F13: Julio | H13: Agosto | I13: X
B14: Septiembre | D14: Octubre | F14: Noviembre | H14: Diciembre
A16: TIPO DE REPORTE | C16: FORMULACION
C17: ACTUALIZACION
C18: SEGUIMIENTO | D18: X
A22: REPORTE INDICADOR META PDD
A23: META PDD | B23: Formar 27.000 mujeres en habilidades digitales a través de los Centros de Inclusión Digital – CID, en zonas rurales y urbanas. | E23: OBJETIVO ODS | F23: 5 - Igualdad de género | G23: META ODS | H23: 5.B. Mejorar el uso de la tecnología instrumental, en particular la tecnología de la información y las comunicaciones, para promover el empoderamiento de las mujeres
A24: INDICADOR META PDD | B24: Número de mujeres formadas en habilidades digitales a través de los Centros de Inclusión Digital - CID, en zonas rurales y urbanas.
A25: PROGRAMACIÓN CUATRIENAL INDICADOR PDD | B25: 2024 | C25: 2025 | D25: 2026 | E25: 2027 | F25: TOTAL | G25: AVANCE ACUMULADO CUATRIENIO | H25: TIPO DE ANUALIZACIÓN (Según aplique)
B26: 3479 | C26: 7721 | D26: 7900 | E26: 7900 | F26: =B26+C26+D26+E26 -> 27000 | G26: =B26+C26+C52 -> 16264 | H26: Suma | M26: =G26/F26 -> 0.60237037
B27: EJECUCIÓN MENSUAL INDICADOR PDD 3969
A28: ENERO | B28: PROGRAMACIÓN | C28: EJECUCIÓN | D28: AVANCES Y LOGROS MENSUAL (2.000 CARACTERES) | F28: AVANCES Y LOGROS ACUMULADO (2.000 CARACTERES) | H28: RETRASOS Y ALTERNATIVAS DE SOLUCIÓN (1.000 CARACTERES) | I28: BENEFICIOS | J28: EVIDENCIAS DEL AVANCE
B29: 80 | C29: 82 | D29: En el mes de enero se alcanzó el desarrollo de capacidades de 82 mujeres (1% meta anual), quienes participaron de la siguiente oferta: Descubriendo Office: 25 Habilidades Digitales para la Autonomía de las Mujeres: 52 Habilidades socio-emocionales: 2 Prevención de las violencias digitales hacia las mujeres: 3 | F29: Durante el mes de enero, se avanzó en el cumplimiento del 1% de la meta programada para la vigencia 2026, logrando que 82 mujeres accedieran a la oferta de formación de los Centros de Inclusión Digital, culminando satisfactoriamente cada uno de los contenidos propuestos. Ahora bien, con relación al avance cuatrienio, a la fecha se han formado 11.282 mujeres, lo que representa el 42%. | H29: No se presentaron retrasos | I29: Durante el mes de enero las mujeres se formaron en distintas habilidades que permiteron acercarlas a herramientas digitales, así como a conocimientos que fortalecen ideas de proyectos y para el ámbito laboral | J29: a. Matriz Formacion enero 2026 b. Reportes Formacion_Seguimiento a la meta https://secretariadistritald.sharepoint.com/:f:/s/ContratacinSPI-2022/IgDznkhJFqCTT6CFYXg7Te9XATZZWWiTFDfOLzvLHb7Tz2A?e=ggHdtt
A30: FEBRERO | B30: PROGRAMACIÓN | C30: EJECUCIÓN | D30: AVANCES Y LOGROS MENSUAL (2.000 CARACTERES) | F30: AVANCES Y LOGROS ACUMULADO (2.000 CARACTERES) | H30: RETRASOS Y ALTERNATIVAS DE SOLUCIÓN (1.000 CARACTERES) | I30: BENEFICIOS | J30: EVIDENCIAS DEL AVANCE
B31: 350 | C31: 352 | D31: En el mes de febrero se alcanzó el desarrollo de capacidades de 352 mujeres (5,5% meta anual), quienes participaron de la siguiente oferta: Descubriendo Office: 113 Habilidades Digitales para la Autonomía de las Mujeres: 185 Habilidades socio-emocionales: 53 Prevención de las violencias digitales hacia las mujeres: 1 | F31: Durante el mes de febrero, se avanzó en el cumplimiento del 5,5% de la meta programada para la vigencia 2026, logrando que 434 mujeres accedieran a la oferta de formación de los Centros de Inclusión Digital, culminando satisfactoriamente cada uno de los contenidos propuestos. Ahora bien, con relación al avance cuatrienio, a la fecha se han formado 11.634 mujeres, lo que representa el 43%. | H31: No se presentaron retrasos | I31: El avance en la formación de mujeres durante febrero refleja un impacto significativo en el fortalecimiento de sus capacidades digitales, socioemocionales y de prevención de violencias. La participación de 352 mujeres en cursos clave como Descubriendo Office, Habilidades Digitales para la Autonomía de las Mujeres, Habilidades Socioemocionales y Prevención de las Violencias Digitales evidencia una oferta formativa diversa y alineada con sus necesidades. Asimismo, el acceso total de 434 mujeres a los contenidos propuestos permitió cumplir el 5,5% de la meta anual para 2026, consolidando un progreso sostenido. En el acumulado del cuatrienio, el proceso formativo ha alcanzado a 11.634 mujeres —el 43% de la meta proyectada— lo que demuestra la continuidad, alcance y eficacia de los Centros de Inclusión Digital como estrategia para promover autonomía, aprendizaje y bienestar de la mujeres en Bogotá. | J31: a. Matriz Formacion febrero 2026 b. Reportes Formacion_Seguimiento a la meta https://secretariadistritald.sharepoint.com/:f:/s/ContratacinSPI-2022/IgDAz5ehn3GkTZnahLEX-s24AeSw7H__DvVGchnb_hYfj3E?e=fYV4C8
A32: MARZO | B32: PROGRAMACIÓN | C32: EJECUCIÓN | D32: AVANCES Y LOGROS MENSUAL (2.000 CARACTERES) | F32: AVANCES Y LOGROS ACUMULADO (2.000 CARACTERES) | H32: RETRASOS Y ALTERNATIVAS DE SOLUCIÓN (1.000 CARACTERES) | I32: BENEFICIOS | J32: EVIDENCIAS DEL AVANCE
B33: 800 | C33: 810 | D33: En el mes de marzo se alcanzó el desarrollo de capacidades de 810 mujeres (16% meta anual), quienes participaron de la siguiente oferta: Descubriendo Office: 189 Habilidades Digitales para la Autonomía de las Mujeres: 555 Habilidades socio-emocionales: 57 Introducción a redes sociales: 9 | F33: Durante el mes de marzo, se avanzó en el cumplimiento del 16% de la meta programada para la vigencia 2026, logrando que 1.244 mujeres accedieran a la oferta de formación de los Centros de Inclusión Digital, culminando satisfactoriamente cada uno de los contenidos propuestos. En el acumulado del cuatrienio, el proceso formativo ha alcanzado a 12.444 mujeres, equivalente al 46% de la meta proyectada, lo que reafirma la continuidad, el alcance y la eficacia de los Centros de Inclusión Digital como una estrategia clave para promover la autonomía, el aprendizaje y el bienestar de las mujeres en Bogotá. | H33: No se presentaron retrasos | I33: Durante el mes de marzo, las mujeres participantes de los procesos de formación no solo adquirireron conocimientos o desarrollaron habilidades digitales, sino que además, a través de herramientas tecológicas identificaron las alertas y cuidados que deben tener al usar las tecnologías de la comunicación y desarrollaron habilidades emocionales para el proyecto de vida. | J33: a. Matriz Formacion marzo 2026 b. Reportes Formacion_Seguimiento a la meta https://secretariadistritald.sharepoint.com/:f:/s/ContratacinSPI-2022/IgBp0FlBLPQZQIHp-jP9ATMdAUJ-y2Sp1LnwdWPtwa8tAhg?e=7fxBaj
A34: ABRIL | B34: PROGRAMACIÓN | C34: EJECUCIÓN | D34: AVANCES Y LOGROS MENSUAL (2.000 CARACTERES) | F34: AVANCES Y LOGROS ACUMULADO (2.000 CARACTERES) | H34: RETRASOS Y ALTERNATIVAS DE SOLUCIÓN (1.000 CARACTERES) | I34: BENEFICIOS | J34: EVIDENCIAS DEL AVANCE
B35: 600 | C35: 603 | D35: En el mes de abril se alcanzó el desarrollo de capacidades de 603 mujeres (23,4% meta anual), quienes participaron de la siguiente oferta: Descubriendo Office: 130 Habilidades Digitales para la Autonomía de las Mujeres: 401 Habilidades socio-emocionales: 12 Prevención de violencias digitales: 60 | F35: Al mes de abril, se avanzó en el cumplimiento del 23,4% de la meta programada para la vigencia 2026, logrando que 1.847 mujeres accedieran a la oferta de formación de los Centros de Inclusión Digital en lo corrido del año, culminando satisfactoriamente cada uno de los contenidos propuestos. En el acumulado del cuatrienio, el proceso formativo ha alcanzado a 13.047 mujeres, equivalente al 48% de la meta proyectada, lo que reafirma la continuidad, el alcance y la eficacia de los Centros de Inclusión Digital como una estrategia clave para promover la autonomía, el aprendizaje y el bienestar de las mujeres en Bogotá. | H35: No se presentaron retrasos | I35: A través de cursos como Habilidades Digitales para la Autonomía de las Mujeres, Descubriendo Office, Prevención de violencias digitales y formación socioemocional, las participantes adquirieron herramientas prácticas para mejorar su autonomía personal, sus oportunidades laborales y su bienestar integral, evidenciando la continuidad, el alcance y la eficacia de los Centros de Inclusión Digital como una estrategia clave para promover el aprendizaje, la autonomía y la calidad de vida de las mujeres en Bogotá. | J35: a. Matriz Formacion abril 2026 b. Reportes Formacion_Seguimiento a la meta https://secretariadistritald.sharepoint.com/:f:/s/ContratacinSPI-2022/IgADZoO6bTqIQ4I9xPPDAjzfASoGe8snbi1viCbokldgi34?e=M4NxSD
A36: MAYO | B36: PROGRAMACIÓN | C36: EJECUCIÓN | D36: AVANCES Y LOGROS MENSUAL (2.000 CARACTERES) | F36: AVANCES Y LOGROS ACUMULADO (2.000 CARACTERES) | H36: RETRASOS Y ALTERNATIVAS DE SOLUCIÓN (1.000 CARACTERES) | I36: BENEFICIOS | J36: EVIDENCIAS DEL AVANCE
B37: 800 | C37: 799 | D37: En el mes de mayo se alcanzó el desarrollo de capacidades de 799 mujeres (33% meta anual acumulada), quienes participaron de la siguiente oferta: DESCUBRIENDO OFFICE: 147 EMPRENDEDORA EN LA ERA DIGITAL: 5 HABILIADES DIGITALES PARA LA AUTONOMIA DE LAS MUJERES: 486 HABILIDADES SOCIOEMOCIONALES CON ENFOQUE DE GÉNERO: 120 INTRODUCCIÓN A LAS REDES SOCIALES: 28 PREVENCIÓN DE VIOLENCIAS DIGITALES: 13 | F37: Al mes de mayo, se avanzó en el cumplimiento del 33% de la meta programada para la vigencia 2026, logrando que 2.646 mujeres accedieran a la oferta de formación de los Centros de Inclusión Digital en lo corrido del año, culminando satisfactoriamente cada uno de los contenidos propuestos. En el acumulado del cuatrienio, el proceso formativo ha alcanzado a 13.846 mujeres, equivalente al 51% de la meta proyectada, lo que reafirma la continuidad, el alcance y la eficacia de los Centros de Inclusión Digital como una estrategia clave para promover la autonomía, el aprendizaje y el bienestar de las mujeres en Bogotá. | H37: No se presentaron retrasos | I37: Durante el periodo se avanzó en la implementación de las acciones previstas para el cumplimiento de la meta, mediante el desarrollo de actividades orientadas al fortalecimiento de capacidades y al acceso efectivo de la población objetivo a servicios y herramientas, lo cual permitió mejorar su participación y apropiación de los procesos institucionales; estos avances se complementan con la articulación interinstitucional y territorial que ha favorecido la ampliación de cobertura y la optimización de recursos. De manera acumulada, se evidencia un progreso sostenido en el cumplimiento de la meta, reflejado en la consolidación de procesos, el fortalecimiento de la gestión institucional y la reducción de brechas de acceso, contribuyendo al mejoramiento de la calidad de vida de la población beneficiaria y al cumplimiento de los objetivos del Plan Distrital de Desarrollo. | J37: a. Matriz de formacion a mayo b. Reportes Formacion_Seguimiento a la meta Repositorio: https://secretariadistritald.sharepoint.com/:f:/s/ContratacinSPI-2022/IgBF3fO_VeeSTqSaaygD4sJ5AY76g9skVUyId3B71J6WTTU?e=34PKXT
A38: JUNIO | B38: PROGRAMACIÓN | C38: EJECUCIÓN | D38: AVANCES Y LOGROS MENSUAL (2.000 CARACTERES) | F38: AVANCES Y LOGROS ACUMULADO (2.000 CARACTERES) | H38: RETRASOS Y ALTERNATIVAS DE SOLUCIÓN (1.000 CARACTERES) | I38: BENEFICIOS | J38: EVIDENCIAS DEL AVANCE
B39: 800 | C39: 800 | D39: En el mes de junio se alcanzó el desarrollo de capacidades de 800 mujeres (44% meta anual acumulada), quienes participaron de la siguiente oferta: Descubriendo Office: 97 Habilidades Digitales para la autonomía de las Mujeres: 522 Habilidades socio-emocionales: 103 Prevención de las violencias digitales hacia las mujeres: 40 Introduccion a redes sociales: 13 Transversalizacion del enfoque de genero en Bogota: 25 | F39: Al mes de junio, se avanzó en el cumplimiento del 44 % de la meta programada para la vigencia 2026, logrando que 3.446 mujeres accedieran a la oferta de formación de los Centros de Inclusión Digital en lo corrido del año, culminando satisfactoriamente cada uno de los contenidos propuestos. En el acumulado del cuatrienio, el proceso formativo ha alcanzado a 14.646 mujeres, equivalente al 54% de la meta proyectada, lo que reafirma la continuidad, el alcance y la eficacia de los Centros de Inclusión Digital como una estrategia clave para promover la autonomía, el aprendizaje y el bienestar de las mujeres en Bogotá. | H39: No se presentaron retrasos | I39: Los resultados alcanzados durante el mes de junio evidencian el aporte de los Centros de Inclusión Digital al fortalecimiento de las capacidades de las mujeres en el uso y apropiación de las tecnologías. La formación de 800 mujeres durante el mes, equivalente al 45% de la meta anual acumulada, permitió fortalecer competencias digitales, socioemocionales y de autonomía personal a través de una oferta diversa que respondió a diferentes necesidades e intereses. Destaca la participación de 522 mujeres en el curso de Habilidades Digitales para la Autonomía de las Mujeres, lo que refleja el interés y la necesidad de continuar ampliando oportunidades de acceso a herramientas digitales para el ejercicio de derechos, la participación y el desarrollo económico. | J39: a. Matriz de formacion Junio b. Reportes Formacion_Seguimiento a la meta Repositorio: https://secretariadistritald.sharepoint.com/:f:/s/ContratacinSPI-2022/IgDWV3-bFwveTrxkFmhajEUVARPqArHZhImTAJrEp4xu2fo?e=GG12jO
A40: JULIO | B40: PROGRAMACIÓN | C40: EJECUCIÓN | D40: AVANCES Y LOGROS MENSUAL (2.000 CARACTERES) | F40: AVANCES Y LOGROS ACUMULADO (2.000 CARACTERES) | H40: RETRASOS Y ALTERNATIVAS DE SOLUCIÓN (1.000 CARACTERES) | I40: BENEFICIOS | J40: EVIDENCIAS DEL AVANCE
B41: 800 | C41: 817 | D41: En el mes de julio se alcanzó el desarrollo de capacidades de 817 mujeres (54% meta anual acumulada), quienes participaron de la siguiente oferta: Descubriendo Office: 90 Habilidades Digitales para la autonomía de las Mujeres: 586 Habilidades socio-emocionales: 40 Prevención de las violencias digitales hacia las mujeres: 22 Emprendedoras en la era digital: 21 Laboratorio (bootcamp mujeres e IA): 58 | F41: Al mes de julio, se avanzó en el cumplimiento del 54% de la meta programada para la vigencia 2026, logrando que 4.263 mujeres accedieran a la oferta de formación de los Centros de Inclusión Digital en lo corrido del año, culminando satisfactoriamente cada uno de los contenidos propuestos. En el acumulado del cuatrienio, el proceso formativo ha alcanzado a 15.463 mujeres, equivalente al 57,3% de la meta proyectada, lo que reafirma la continuidad, el alcance y la eficacia de los Centros de Inclusión Digital como una estrategia clave para promover la autonomía, el aprendizaje y el bienestar de las mujeres en Bogotá. | H41: No se presentaron retrasos | I41: El desarrollo de capacidades de 817 mujeres durante el mes de junio contribuye significativamente al fortalecimiento de la autonomía digital, personal y económica de las participantes, mediante el acceso a procesos formativos orientados al uso de herramientas tecnológicas, el fortalecimiento de habilidades socioemocionales y la apropiación de conocimientos para la prevención de violencias digitales. Asimismo, la amplia participación en los cursos de Habilidades Digitales para la Autonomía de las Mujeres y Descubriendo Office favorece el cierre de brechas digitales y mejora las competencias necesarias para el acceso a oportunidades educativas, laborales y de emprendimiento. De igual manera, la oferta especializada en emprendimiento digital, prevención de violencias digitales y formación en inteligencia artificial permite que las mujeres desarrollen capacidades para enfrentar los desafíos de los entornos digitales, fortalecer sus proyectos productivos y aprovechar las oportunidades que ofrecen las tecnologías emergentes. En conjunto, estos procesos aportan al empoderamiento de las participantes, promueven su inclusión digital y fortalecen su capacidad para ejercer sus derechos y participar activamente en la transformación digital de sus comunidades. | J41: a. Matriz de formacion a Julio b. Reportes Formacion_Seguimiento a la meta Repositorio: https://secretariadistritald.sharepoint.com/:f:/s/ContratacinSPI-2022/IgBAfmUODpMdRLn6nck99OT4AaMxeX3LjDl_P0KoT09lBog?e=eRh0d0
A42: AGOSTO | B42: PROGRAMACIÓN | C42: EJECUCIÓN | D42: AVANCES Y LOGROS MENSUAL (2.000 CARACTERES) | F42: AVANCES Y LOGROS ACUMULADO (2.000 CARACTERES) | H42: RETRASOS Y ALTERNATIVAS DE SOLUCIÓN (1.000 CARACTERES) | I42: BENEFICIOS | J42: EVIDENCIAS DEL AVANCE
B43: 800 | C43: 801 | D43: En el mes de agosto se alcanzó el desarrollo de capacidades de 801 mujeres (64% meta anual acumulada), quienes participaron de la siguiente oferta: Descubriendo Office: 113 Habilidades Digitales para la autonomía de las Mujeres: 516 Habilidades socio-emocionales: 51 Trasversalización del enfoque de género: 42 Emprendedoras en la era digital: 11 Talleres: 50 Mujeres tertuliando: 18 | F43: Al mes de agosto, se avanzó en el cumplimiento del 64% de la meta programada para la vigencia 2026, logrando que 5.064 mujeres accedieran a la oferta de formación de los Centros de Inclusión Digital en lo corrido del año, culminando satisfactoriamente cada uno de los contenidos propuestos. En el acumulado del cuatrienio, el proceso formativo ha alcanzado a 16.264 mujeres, equivalente al 64,1% de la meta proyectada, lo que reafirma la continuidad, el alcance y la eficacia de los Centros de Inclusión Digital como una estrategia clave para promover la autonomía, el aprendizaje y el bienestar de las mujeres en Bogotá. | H43: No se presentaron retrasos | I43: Durante el mes de agosto, 801 mujeres fortalecieron sus capacidades a través de la oferta formativa de los Centros de Inclusión Digital, avanzando en competencias tecnológicas, socioemocionales y para el emprendimiento. La participación mayoritaria en el curso Habilidades Digitales para la Autonomía de las Mujeres (516 beneficiarias) evidencia el interés y la necesidad de fortalecer herramientas que contribuyan a la inclusión digital, la toma de decisiones informadas y el acceso a nuevas oportunidades personales, educativas y económicas. Asimismo, los procesos desarrollados en temas como Office, enfoque de género, habilidades socioemocionales y emprendimiento digital aportan al incremento de la autonomía, la confianza y la participación activa de las mujeres en entornos cada vez más mediados por la tecnología. Gracias a estos resultados, en lo corrido de la vigencia 2026 se ha beneficiado a 5.064 mujeres, alcanzando el 64% de la meta programada, mientras que el acumulado del cuatrienio asciende a 16.264 mujeres formadas, reafirmando el papel de los Centros de Inclusión Digital como una estrategia efectiva para reducir brechas digitales de género, fortalecer capacidades y promover el bienestar integral y la autonomía económica de las mujeres en Bogotá. | J43: a. Matriz de formacion a Julio b. Reportes Formacion_Seguimiento a la meta Repositorio: https://secretariadistritald.sharepoint.com/:f:/s/ContratacinSPI-2022/IgAahXTq85TUSK9zyKWW_lQeAbGqOu7KDH-4lIITs6k9OFE?e=R7qC7W
A44: SEPTIEMBRE | B44: PROGRAMACIÓN | C44: EJECUCIÓN | D44: AVANCES Y LOGROS MENSUAL (2.000 CARACTERES) | F44: AVANCES Y LOGROS ACUMULADO (2.000 CARACTERES) | H44: RETRASOS Y ALTERNATIVAS DE SOLUCIÓN (1.000 CARACTERES) | I44: BENEFICIOS | J44: EVIDENCIAS DEL AVANCE
B45: 800 | C45: 0
A46: OCTUBRE | B46: PROGRAMACIÓN | C46: EJECUCIÓN | D46: AVANCES Y LOGROS MENSUAL (2.000 CARACTERES) | F46: AVANCES Y LOGROS ACUMULADO (2.000 CARACTERES) | H46: RETRASOS Y ALTERNATIVAS DE SOLUCIÓN (1.000 CARACTERES) | I46: BENEFICIOS | J46: EVIDENCIAS DEL AVANCE
B47: 800 | C47: 0
A48: NOVIEMBRE | B48: PROGRAMACIÓN | C48: EJECUCIÓN | D48: AVANCES Y LOGROS MENSUAL (2.000 CARACTERES) | F48: AVANCES Y LOGROS ACUMULADO (2.000 CARACTERES) | H48: RETRASOS Y ALTERNATIVAS DE SOLUCIÓN (1.000 CARACTERES) | I48: BENEFICIOS | J48: EVIDENCIAS DEL AVANCE
B49: 800 | C49: 0
A50: DICIEMBRE | B50: PROGRAMACIÓN | C50: EJECUCIÓN | D50: AVANCES Y LOGROS MENSUAL (2.000 CARACTERES) | F50: AVANCES Y LOGROS ACUMULADO (2.000 CARACTERES) | H50: RETRASOS Y ALTERNATIVAS DE SOLUCIÓN (1.000 CARACTERES) | I50: BENEFICIOS | J50: EVIDENCIAS DEL AVANCE
B51: 470 | C51: 0
B52: =B29+B31+B33+B35+B37+B39+B41+B43+B45+B47+B49+B51 -> 7900 | C52: =C29+C31+C33+C35+C37+C39+C41+C43+C45+C47+C49+C51 -> 5064 | D52: =C52/B52 -> 0.64101266
A55: Formula indicador: | B55: Sumatoria de mujeres formadas en habilidades digitales a través de los Centros de Inclusión Digital - CID, en zonas rurales y urbanas.
A58: Avance mensual | B58: Enero | C58: Febrero | D58: Marzo | E58: Abril | F58: Mayo | G58: Junio | H58: Julio | I58: Agosto | J58: Septiembre | K58: Octubre | L58: Noviembre | M58: Diciembre
B59: 82 | C59: 352 | D59: 810 | E59: 603 | F59: 799 | G59: 800 | H59: 817 | I59: 801
A63: Elaboró | B63: Firma | D63: Aprobó (Según aplique Gerenta de proyecto, Líder técnica y responsable de proceso) | E63: Firma | G63: Revisó (Oficina Asesora de Planeación) | H63: VoBo:
B64: Nombre | C64: Cristian Camilo Apache Roa | E64: Nombre | F64: Ana María Buriticá Alzate | H64: Nombre: | I64: YURIETH PAOLA ROJAS MAYORGA
B65: Cargo | C65: Contratista Planeación DGC | E65: Cargo | F65: Directora Gestión de Conocimiento | H65: Cargo: | I65: Jefa Oficina Asesora de Planeación
B66: Firma | E66: Firma | H66: VoBo:
B67: Nombre | E67: Nombre | F67: JULIANA MARTINEZ LONDOÑO | H67: Nombre:
B68: Cargo | E68: Cargo | F68: Subsecretaria Cuidado y Políticas de Igualdad | H68: Cargo:

Sheet TERRITORIALIZACIÓN
B1: SECRETARÍA DISTRITAL DE LA MUJER DIRECCINAMIENTO ESTRATÉGICO PROGRAMACIÓN, ACTUALIZACIÓN Y SEGUIMIENTO PLAN DE ACCIÓN DE PROYECTOS DE INVERSIÓN TERRITORIALIZACIÓN
A8: NOMBRE DEL PROYECTO | B8: 8190 - Desarrollo de capacidades digitales para potenciar la inclusión social de las mujeres en zonas urbanas y rurales en Bogotá D.C. | AA8: BPIN | AB8: 2024110010313 | AC8: Código | AE8: Código: DE-FO-5
AC9: Versión | AE9: Versión: 14
AC10: Fecha de Emisión | AE10: Fecha de Emisión: 28/04/2025
AC11: Página | AE11: Página 5 de 7
A14: PERIODO REPORTADO | B14: Enero | D14: Febrero | F14: Marzo | H14: Abril | K14: TIPO DE REPORTE | M14: FORMULACION
B15: Mayo | D15: Junio | F15: Julio | H15: Agosto | I15: X | M15: ACTUALIZACION
B16: Septiembre | D16: Octubre | F16: Noviembre | H16: Diciembre | M16: SEGUIMIENTO | P16: X
A18: REPORTE TERRITORIALIZACIÓN
A19: INDICADOR PMR TERRITORIALIZABLE | C19: Número de mujeres formadas en habilidades digitales a través de los Centros de Inclusión Digital - CID, en zonas rurales y urbanas.
A20: I SEMESTRE | B20: LOCALIDAD | C20: PROGRAMACIÓN | O20: EJECUCIÓN
C21: ENERO | E21: FEBRERO | G21: MARZO | I21: ABRIL | K21: MAYO | M21: JUNIO | O21: ENERO | R21: FEBRERO | U21: MARZO | X21: ABRIL | AA21: MAYO | AD21: JUNIO
C22: MAGNITUD | D22: PRESUPUESTO | E22: MAGNITUD | F22: PRESUPUESTO | G22: MAGNITUD | H22: PRESUPUESTO | I22: MAGNITUD | J22: PRESUPUESTO | K22: MAGNITUD | L22: PRESUPUESTO | M22: MAGNITUD | N22: PRESUPUESTO | O22: MAGNITUD | P22: COMPROMISO | Q22: GIROS | R22: MAGNITUD | S22: COMPROMISO | T22: GIROS | U22: MAGNITUD | V22: COMPROMISO | W22: GIROS | X22: MAGNITUD | Y22: COMPROMISO | Z22: GIROS | AA22: MAGNITUD | AB22: COMPROMISO | AC22: GIROS | AD22: MAGNITUD | AE22: COMPROMISO | AF22: GIROS
B23: Distrito | O23: 82 | P23: =(P$44/O$44)*O23 -> 1845392000 | Q23: 0 | R23: =R44 -> 352 | S23: =PRODUCTO_MGA!G19 -> 6636135 | T23: 59601419 | U23: =SUM(U24:U43) -> 810 | V23: =PRODUCTO_MGA!J15+PRODUCTO_MGA!J18 -> -2200000 | W23: =PRODUCTO_MGA!K15+PRODUCTO_MGA!K18 -> 161516184 | X23: =SUM(X24:X43) -> 603 | Y23: =PRODUCTO_MGA!D24+PRODUCTO_MGA!D26 -> 84054672 | Z23: =PRODUCTO_MGA!E24+PRODUCTO_MGA!E26 -> 166153698 | AA23: 799 | AB23: =PRODUCTO_MGA!G24+PRODUCTO_MGA!G26 -> 208740 | AC23: =PRODUCTO_MGA!H24+PRODUCTO_MGA!H26 -> 167266667 | AD23: =SUM(AD24:AD43) -> 800 | AE23: =SUM(PRODUCTO_MGA!J24+PRODUCTO_MGA!J26) -> 10228260 | AF23: =SUM(PRODUCTO_MGA!K24+PRODUCTO_MGA!K26) -> 254939693
B24: 1. Usaquén | O24: 0 | P24: =(P$44/O$44)*O24 -> 0 | Q24: 0 | R24: 22 | S24: =(S$23/R$23)*R24 -> 414758.44 | T24: =(T$23/R$23)*R24 -> 3725088.7 | U24: 0 | V24: =(V$23/U$23)*U24 -> 0 | W24: =(W$23/U$23)*U24 -> 0 | X24: 27 | Y24: =(Y$23/X$23)*X24 -> 3763642 | Z24: =(Z$23/X$23)*X24 -> 7439717.8 | AB24: =(AB$23/AA$23)*AA24 -> 0 | AC24: =(AC$23/AA$23)*AA24 -> 0 | AD24: 9 | AE24: =(AE$23/AD$23)*AD24 -> 115067.93 | AF24: =(AF$23/AD$23)*AD24 -> 2868071.5
B25: 2. Chapinero | O25: 0 | P25: =(P$44/O$44)*O25 -> 0 | Q25: 0 | R25: 15 | S25: =(S$23/R$23)*R25 -> 282789.84 | T25: =(T$23/R$23)*R25 -> 2539833.2 | U25: 7 | V25: =(V$23/U$23)*U25 -> -19012.346 | W25: =(W$23/U$23)*U25 -> 1395818.9 | X25: 0 | Y25: =(Y$23/X$23)*X25 -> 0 | Z25: =(Z$23/X$23)*X25 -> 0 | AA25: 46 | AB25: =(AB$23/AA$23)*AA25 -> 12017.572 | AC25: =(AC$23/AA$23)*AA25 -> 9629870.7 | AD25: 53 | AE25: =(AE$23/AD$23)*AD25 -> 677622.23 | AF25: =(AF$23/AD$23)*AD25 -> 16889755
B26: 3. Santafé | O26: 12 | P26: =(P$44/O$44)*O26 -> 2.7005737e+08 | Q26: 0 | R26: 16 | S26: =(S$23/R$23)*R26 -> 301642.5 | T26: =(T$23/R$23)*R26 -> 2709155.4 | U26: 66 | V26: =(V$23/U$23)*U26 -> -179259.26 | W26: =(W$23/U$23)*U26 -> 13160578 | X26: 0 | Y26: =(Y$23/X$23)*X26 -> 0 | Z26: =(Z$23/X$23)*X26 -> 0 | AA26: 56 | AB26: =(AB$23/AA$23)*AA26 -> 14630.088 | AC26: =(AC$23/AA$23)*AA26 -> 11723321 | AD26: 44 | AE26: =(AE$23/AD$23)*AD26 -> 562554.3 | AF26: =(AF$23/AD$23)*AD26 -> 14021683
B27: 4. San Cristóbal | O27: 5 | P27: =(P$44/O$44)*O27 -> 1.125239e+08 | Q27: 0 | R27: 0 | S27: =(S$23/R$23)*R27 -> 0 | T27: =(T$23/R$23)*R27 -> 0 | U27: 51 | V27: =(V$23/U$23)*U27 -> -138518.52 | W27: =(W$23/U$23)*U27 -> 10169538 | X27: 36 | Y27: =(Y$23/X$23)*X27 -> 5018189.4 | Z27: =(Z$23/X$23)*X27 -> 9919623.8 | AA27: 39 | AB27: =(AB$23/AA$23)*AA27 -> 10188.811 | AC27: =(AC$23/AA$23)*AA27 -> 8164455.6 | AD27: 33 | AE27: =(AE$23/AD$23)*AD27 -> 421915.73 | AF27: =(AF$23/AD$23)*AD27 -> 10516262
B28: 5. Usme | O28: 0 | P28: =(P$44/O$44)*O28 -> 0 | Q28: 0 | R28: 9 | S28: =(S$23/R$23)*R28 -> 169673.91 | T28: =(T$23/R$23)*R28 -> 1523899.9 | U28: 13 | V28: =(V$23/U$23)*U28 -> -35308.642 | W28: =(W$23/U$23)*U28 -> 2592235.1 | X28: 29 | Y28: =(Y$23/X$23)*X28 -> 4042430.3 | Z28: =(Z$23/X$23)*X28 -> 7990808 | AA28: 19 | AB28: =(AB$23/AA$23)*AA28 -> 4963.7797 | AC28: =(AC$23/AA$23)*AA28 -> 3977555.3 | AD28: 24 | AE28: =(AE$23/AD$23)*AD28 -> 306847.8 | AF28: =(AF$23/AD$23)*AD28 -> 7648190.8
B29: 6. Tunjuelito | O29: 0 | P29: =(P$44/O$44)*O29 -> 0 | Q29: 0 | R29: 25 | S29: =(S$23/R$23)*R29 -> 471316.41 | T29: =(T$23/R$23)*R29 -> 4233055.3 | U29: 32 | V29: =(V$23/U$23)*U29 -> -86913.58 | W29: =(W$23/U$23)*U29 -> 6380886.3 | X29: 57 | Y29: =(Y$23/X$23)*X29 -> 7945466.5 | Z29: =(Z$23/X$23)*X29 -> 15706071 | AA29: 33 | AB29: =(AB$23/AA$23)*AA29 -> 8621.3016 | AC29: =(AC$23/AA$23)*AA29 -> 6908385.5 | AD29: 36 | AE29: =(AE$23/AD$23)*AD29 -> 460271.7 | AF29: =(AF$23/AD$23)*AD29 -> 11472286
B30: 7. Bosa | O30: 0 | P30: =(P$44/O$44)*O30 -> 0 | Q30: 0 | R30: 27 | S30: =(S$23/R$23)*R30 -> 509021.72 | T30: =(T$23/R$23)*R30 -> 4571699.8 | U30: 88 | V30: =(V$23/U$23)*U30 -> -239012.35 | W30: =(W$23/U$23)*U30 -> 17547437 | X30: 44 | Y30: =(Y$23/X$23)*X30 -> 6133342.6 | Z30: =(Z$23/X$23)*X30 -> 12123985 | AA30: 55 | AB30: =(AB$23/AA$23)*AA30 -> 14368.836 | AC30: =(AC$23/AA$23)*AA30 -> 11513976 | AD30: 77 | AE30: =(AE$23/AD$23)*AD30 -> 984470.03 | AF30: =(AF$23/AD$23)*AD30 -> 24537945
B31: 8. Kennedy | O31: =3+9 -> 12 | P31: =(P$44/O$44)*O31 -> 2.7005737e+08 | Q31: 0 | R31: 0 | S31: =(S$23/R$23)*R31 -> 0 | T31: =(T$23/R$23)*R31 -> 0 | U31: 63 | V31: =(V$23/U$23)*U31 -> -171111.11 | W31: =(W$23/U$23)*U31 -> 12562370 | X31: 8 | Y31: =(Y$23/X$23)*X31 -> 1115153.2 | Z31: =(Z$23/X$23)*X31 -> 2204360.8 | AA31: 36 | AB31: =(AB$23/AA$23)*AA31 -> 9405.0563 | AC31: =(AC$23/AA$23)*AA31 -> 7536420.5 | AD31: 49 | AE31: =(AE$23/AD$23)*AD31 -> 626480.93 | AF31: =(AF$23/AD$23)*AD31 -> 15615056
B32: 9. Fontibón | O32: 0 | P32: =(P$44/O$44)*O32 -> 0 | Q32: 0 | R32: 27 | S32: =(S$23/R$23)*R32 -> 509021.72 | T32: =(T$23/R$23)*R32 -> 4571699.8 | U32: 36 | V32: =(V$23/U$23)*U32 -> -97777.778 | W32: =(W$23/U$23)*U32 -> 7178497.1 | X32: 37 | Y32: =(Y$23/X$23)*X32 -> 5157583.5 | Z32: =(Z$23/X$23)*X32 -> 10195169 | AA32: 33 | AB32: =(AB$23/AA$23)*AA32 -> 8621.3016 | AC32: =(AC$23/AA$23)*AA32 -> 6908385.5 | AD32: 18 | AE32: =(AE$23/AD$23)*AD32 -> 230135.85 | AF32: =(AF$23/AD$23)*AD32 -> 5736143.1
B33: 10. Engativá | O33: 0 | P33: =(P$44/O$44)*O33 -> 0 | Q33: 0 | R33: 9 | S33: =(S$23/R$23)*R33 -> 169673.91 | T33: =(T$23/R$23)*R33 -> 1523899.9 | U33: 73 | V33: =(V$23/U$23)*U33 -> -198271.6 | W33: =(W$23/U$23)*U33 -> 14556397 | X33: 30 | Y33: =(Y$23/X$23)*X33 -> 4181824.5 | Z33: =(Z$23/X$23)*X33 -> 8266353.1 | AA33: 85 | AB33: =(AB$23/AA$23)*AA33 -> 22206.383 | AC33: =(AC$23/AA$23)*AA33 -> 17794326 | AD33: 101 | AE33: =(AE$23/AD$23)*AD33 -> 1291317.8 | AF33: =(AF$23/AD$23)*AD33 -> 32186136
B34: 11. Suba | O34: =8+6 -> 14 | P34: =(P$44/O$44)*O34 -> 3.1506693e+08 | Q34: 0 | R34: 53 | S34: =(S$23/R$23)*R34 -> 999190.78 | T34: =(T$23/R$23)*R34 -> 8974077.3 | U34: 89 | V34: =(V$23/U$23)*U34 -> -241728.4 | W34: =(W$23/U$23)*U34 -> 17746840 | X34: 74 | Y34: =(Y$23/X$23)*X34 -> 10315167 | Z34: =(Z$23/X$23)*X34 -> 20390338 | AA34: 85 | AB34: =(AB$23/AA$23)*AA34 -> 22206.383 | AC34: =(AC$23/AA$23)*AA34 -> 17794326 | AD34: 79 | AE34: =(AE$23/AD$23)*AD34 -> 1010040.7 | AF34: =(AF$23/AD$23)*AD34 -> 25175295
B35: 12. Barrios Unidos | O35: 0 | P35: =(P$44/O$44)*O35 -> 0 | Q35: 0 | R35: 21 | S35: =(S$23/R$23)*R35 -> 395905.78 | T35: =(T$23/R$23)*R35 -> 3555766.5 | U35: 36 | V35: =(V$23/U$23)*U35 -> -97777.778 | W35: =(W$23/U$23)*U35 -> 7178497.1 | X35: 25 | Y35: =(Y$23/X$23)*X35 -> 3484853.7 | Z35: =(Z$23/X$23)*X35 -> 6888627.6 | AA35: 47 | AB35: =(AB$23/AA$23)*AA35 -> 12278.824 | AC35: =(AC$23/AA$23)*AA35 -> 9839215.7 | AD35: 8 | AE35: =(AE$23/AD$23)*AD35 -> 102282.6 | AF35: =(AF$23/AD$23)*AD35 -> 2549396.9
B36: 13. Teusaquillo | O36: 2 | P36: =(P$44/O$44)*O36 -> 45009561 | Q36: 0 | R36: 29 | S36: =(S$23/R$23)*R36 -> 546727.03 | T36: =(T$23/R$23)*R36 -> 4910344.2 | U36: 36 | V36: =(V$23/U$23)*U36 -> -97777.778 | W36: =(W$23/U$23)*U36 -> 7178497.1 | X36: 78 | Y36: =(Y$23/X$23)*X36 -> 10872744 | Z36: =(Z$23/X$23)*X36 -> 21492518 | AA36: 36 | AB36: =(AB$23/AA$23)*AA36 -> 9405.0563 | AC36: =(AC$23/AA$23)*AA36 -> 7536420.5 | AD36: 44 | AE36: =(AE$23/AD$23)*AD36 -> 562554.3 | AF36: =(AF$23/AD$23)*AD36 -> 14021683
B37: 14. Los Mártires | O37: 0 | P37: =(P$44/O$44)*O37 -> 0 | Q37: 0 | R37: 0 | S37: =(S$23/R$23)*R37 -> 0 | T37: =(T$23/R$23)*R37 -> 0 | U37: 0 | V37: =(V$23/U$23)*U37 -> 0 | W37: =(W$23/U$23)*U37 -> 0 | X37: 15 | Y37: =(Y$23/X$23)*X37 -> 2090912.2 | Z37: =(Z$23/X$23)*X37 -> 4133176.6 | AA37: 35 | AB37: =(AB$23/AA$23)*AA37 -> 9143.8048 | AC37: =(AC$23/AA$23)*AA37 -> 7327075.5 | AD37: 33 | AE37: =(AE$23/AD$23)*AD37 -> 421915.73 | AF37: =(AF$23/AD$23)*AD37 -> 10516262
B38: 15. Antonio Nariño | O38: 0 | P38: =(P$44/O$44)*O38 -> 0 | Q38: 0 | R38: 18 | S38: =(S$23/R$23)*R38 -> 339347.81 | T38: =(T$23/R$23)*R38 -> 3047799.8 | U38: 58 | V38: =(V$23/U$23)*U38 -> -157530.86 | W38: =(W$23/U$23)*U38 -> 11565356 | X38: 24 | Y38: =(Y$23/X$23)*X38 -> 3345459.6 | Z38: =(Z$23/X$23)*X38 -> 6613082.5 | AA38: 29 | AB38: =(AB$23/AA$23)*AA38 -> 7576.2954 | AC38: =(AC$23/AA$23)*AA38 -> 6071005.4 | AD38: 28 | AE38: =(AE$23/AD$23)*AD38 -> 357989.1 | AF38: =(AF$23/AD$23)*AD38 -> 8922889.3
B39: 16. Puente Aranda | O39: 0 | P39: =(P$44/O$44)*O39 -> 0 | Q39: 0 | R39: 0 | S39: =(S$23/R$23)*R39 -> 0 | T39: =(T$23/R$23)*R39 -> 0 | U39: 7 | V39: =(V$23/U$23)*U39 -> -19012.346 | W39: =(W$23/U$23)*U39 -> 1395818.9 | X39: 13 | Y39: =(Y$23/X$23)*X39 -> 1812123.9 | Z39: =(Z$23/X$23)*X39 -> 3582086.4 | AA39: 40 | AB39: =(AB$23/AA$23)*AA39 -> 10450.063 | AC39: =(AC$23/AA$23)*AA39 -> 8373800.6 | AD39: 6 | AE39: =(AE$23/AD$23)*AD39 -> 76711.95 | AF39: =(AF$23/AD$23)*AD39 -> 1912047.7
B40: 17. La Candelaria | O40: 0 | P40: =(P$44/O$44)*O40 -> 0 | Q40: 0 | R40: 0 | S40: =(S$23/R$23)*R40 -> 0 | T40: =(T$23/R$23)*R40 -> 0 | U40: 3 | V40: =(V$23/U$23)*U40 -> -8148.1481 | W40: =(W$23/U$23)*U40 -> 598208.09 | X40: 3 | Y40: =(Y$23/X$23)*X40 -> 418182.45 | Z40: =(Z$23/X$23)*X40 -> 826635.31 | AA40: 6 | AB40: =(AB$23/AA$23)*AA40 -> 1567.5094 | AC40: =(AC$23/AA$23)*AA40 -> 1256070.1 | AD40: 17 | AE40: =(AE$23/AD$23)*AD40 -> 217350.53 | AF40: =(AF$23/AD$23)*AD40 -> 5417468.5
B41: 18. Rafael Uribe Uribe | O41: 0 | P41: =(P$44/O$44)*O41 -> 0 | Q41: 0 | R41: 19 | S41: =(S$23/R$23)*R41 -> 358200.47 | T41: =(T$23/R$23)*R41 -> 3217122 | U41: 38 | V41: =(V$23/U$23)*U41 -> -103209.88 | W41: =(W$23/U$23)*U41 -> 7577302.5 | X41: 40 | Y41: =(Y$23/X$23)*X41 -> 5575766 | Z41: =(Z$23/X$23)*X41 -> 11021804 | AA41: 39 | AB41: =(AB$23/AA$23)*AA41 -> 10188.811 | AC41: =(AC$23/AA$23)*AA41 -> 8164455.6 | AD41: 38 | AE41: =(AE$23/AD$23)*AD41 -> 485842.35 | AF41: =(AF$23/AD$23)*AD41 -> 12109635
B42: 19. Ciudad Bolívar | O42: 37 | P42: =(P$44/O$44)*O42 -> 8.3267688e+08 | Q42: 0 | R42: 62 | S42: =(S$23/R$23)*R42 -> 1168864.7 | T42: =(T$23/R$23)*R42 -> 10497977 | U42: 114 | V42: =(V$23/U$23)*U42 -> -309629.63 | W42: =(W$23/U$23)*U42 -> 22731907 | X42: 63 | Y42: =(Y$23/X$23)*X42 -> 8781831.4 | Z42: =(Z$23/X$23)*X42 -> 17359342 | AA42: 80 | AB42: =(AB$23/AA$23)*AA42 -> 20900.125 | AC42: =(AC$23/AA$23)*AA42 -> 16747601 | AD42: 103 | AE42: =(AE$23/AD$23)*AD42 -> 1316888.5 | AF42: =(AF$23/AD$23)*AD42 -> 32823485
B43: 20. Sumapaz | O43: 0 | P43: =(P$44/O$44)*O43 -> 0 | Q43: 0 | R43: 0 | S43: =(S$23/R$23)*R43 -> 0 | T43: =(T$23/R$23)*R43 -> 0 | U43: 0 | V43: =(V$23/U$23)*U43 -> 0 | W43: =(W$23/U$23)*U43 -> 0 | X43: 0 | Y43: =(Y$23/X$23)*X43 -> 0 | Z43: =(Z$23/X$23)*X43 -> 0 | AA43: 0 | AB43: =(AB$23/AA$23)*AA43 -> 0 | AC43: =(AC$23/AA$23)*AA43 -> 0 | AE43: =(AE$23/AD$23)*AD43 -> 0 | AF43: =(AF$23/AD$23)*AD43 -> 0
B44: TOTAL | O44: =SUM(O24:O43) -> 82 | P44: =PRODUCTO_MGA!D15+PRODUCTO_MGA!D18 -> 1845392000 | Q44: =PRODUCTO_MGA!E15 -> 0 | R44: =SUM(R24:R43) -> 352 | S44: =SUM(S24:S43) -> 6636135 | T44: =SUM(T24:T43) -> 59601419 | U44: =SUM(U24:U43) -> 810 | V44: =SUM(V24:V43) -> -2200000 | W44: =SUM(W24:W43) -> 161516184 | X44: =SUM(X24:X43) -> 603 | Y44: =SUM(Y24:Y43) -> 84054672 | ... AC44: =SUM(AC24:AC43) -> 167266667 | AD44: =AD23 -> 800 | AE44: =SUM(AE24:AE43) -> 10228260 | AF44: =SUM(AF24:AF43) -> 254939693
A46: II SEMESTRE | B46: LOCALIDAD | C46: PROGRAMACIÓN | O46: EJECUCIÓN
C47: JULIO | E47: AGOSTO | G47: SEPTIEMBRE | I47: OCTUBRE | K47: NOVIEMBRE | M47: DICIEMBRE | O47: JULIO | R47: AGOSTO | U47: SEPTIEMBRE | X47: OCTUBRE | AA47: NOVIEMBRE | AD47: DICIEMBRE
C48: MAGNITUD | D48: PRESUPUESTO | E48: MAGNITUD | F48: PRESUPUESTO | G48: MAGNITUD | H48: PRESUPUESTO | I48: MAGNITUD | J48: PRESUPUESTO | K48: MAGNITUD | L48: PRESUPUESTO | M48: MAGNITUD | N48: PRESUPUESTO | O48: MAGNITUD | P48: COMPROMISO | Q48: GIROS | R48: MAGNITUD | S48: COMPROMISO | T48: GIROS | U48: MAGNITUD | V48: COMPROMISO | W48: GIROS | X48: MAGNITUD | Y48: COMPROMISO | Z48: GIROS | AA48: MAGNITUD | AB48: COMPROMISO | AC48: GIROS | AD48: MAGNITUD | AE48: COMPROMISO | AF48: GIROS
O49: =SUM(O50:O69) -> 817 | P49: =PRODUCTO_MGA!D32+PRODUCTO_MGA!D34 -> 16500000 | Q49: =PRODUCTO_MGA!E32+PRODUCTO_MGA!E34 -> 171333378 | R49: =SUM(R50:R69) -> 801 | S49: =PRODUCTO_MGA!G32+PRODUCTO_MGA!G34 -> 0 | T49: =PRODUCTO_MGA!H32+PRODUCTO_MGA!H34 -> 173109870
B50: 1. Usaquén | O50: 6 | P50: =(P$49/O$49)*O50 -> 121175.03 | Q50: =(Q$49/P$49)*P50 -> 1258262.3 | R50: 12 | S50: =(S$49/R$49)*R50 -> 0 | T50: =(T$49/R$49)*R50 -> 2593406.3
B51: 2. Chapinero | O51: 45 | P51: =(P$49/O$49)*O51 -> 908812.73 | Q51: =(Q$49/P$49)*P51 -> 9436967 | R51: 30 | S51: =(S$49/R$49)*R51 -> 0 | T51: =(T$49/R$49)*R51 -> 6483515.7
B52: 3. Santafé | O52: 18 | P52: =(P$49/O$49)*O52 -> 363525.09 | Q52: =(Q$49/P$49)*P52 -> 3774786.8 | R52: 20 | S52: =(S$49/R$49)*R52 -> 0 | T52: =(T$49/R$49)*R52 -> 4322343.8
B53: 4. San Cristóbal | O53: 25 | P53: =(P$49/O$49)*O53 -> 504895.96 | Q53: =(Q$49/P$49)*P53 -> 5242759.4 | R53: 41 | S53: =(S$49/R$49)*R53 -> 0 | T53: =(T$49/R$49)*R53 -> 8860804.8
B54: 5. Usme | O54: 31 | P54: =(P$49/O$49)*O54 -> 626070.99 | Q54: =(Q$49/P$49)*P54 -> 6501021.7 | R54: 30 | S54: =(S$49/R$49)*R54 -> 0 | T54: =(T$49/R$49)*R54 -> 6483515.7
B55: 6. Tunjuelito | O55: 32 | P55: =(P$49/O$49)*O55 -> 646266.83 | Q55: =(Q$49/P$49)*P55 -> 6710732.1 | R55: 24 | S55: =(S$49/R$49)*R55 -> 0 | T55: =(T$49/R$49)*R55 -> 5186812.6
B56: 7. Bosa | O56: 51 | P56: =(P$49/O$49)*O56 -> 1029987.8 | Q56: =(Q$49/P$49)*P56 -> 10695229 | R56: 50 | S56: =(S$49/R$49)*R56 -> 0 | T56: =(T$49/R$49)*R56 -> 10805860
B57: 8. Kennedy | O57: 60 | P57: =(P$49/O$49)*O57 -> 1211750.3 | Q57: =(Q$49/P$49)*P57 -> 12582623 | R57: 49 | S57: =(S$49/R$49)*R57 -> 0 | T57: =(T$49/R$49)*R57 -> 10589742
B58: 9. Fontibón | O58: 54 | P58: =(P$49/O$49)*O58 -> 1090575.3 | Q58: =(Q$49/P$49)*P58 -> 11324360 | R58: 21 | S58: =(S$49/R$49)*R58 -> 0 | T58: =(T$49/R$49)*R58 -> 4538461
B59: 10. Engativá | O59: 64 | P59: =(P$49/O$49)*O59 -> 1292533.7 | Q59: =(Q$49/P$49)*P59 -> 13421464 | R59: 27 | S59: =(S$49/R$49)*R59 -> 0 | T59: =(T$49/R$49)*R59 -> 5835164.2
B60: 11. Suba | O60: 119 | P60: =(P$49/O$49)*O60 -> 2403304.8 | Q60: =(Q$49/P$49)*P60 -> 24955535 | R60: 80 | S60: =(S$49/R$49)*R60 -> 0 | T60: =(T$49/R$49)*R60 -> 17289375
B61: 12. Barrios Unidos | O61: 31 | P61: =(P$49/O$49)*O61 -> 626070.99 | Q61: =(Q$49/P$49)*P61 -> 6501021.7 | R61: 14 | S61: =(S$49/R$49)*R61 -> 0 | T61: =(T$49/R$49)*R61 -> 3025640.7
... B68: 19. Ciudad Bolívar | O68: 81 | P68: =(P$49/O$49)*O68 -> 1635862.9 | Q68: =(Q$49/P$49)*P68 -> 16986541 | R68: 94 | S68: =(S$49/R$49)*R68 -> 0 | T68: =(T$49/R$49)*R68 -> 20315016
B69: 20. Sumapaz | O69: 0 | P69: =(P$49/O$49)*O69 -> 0 | Q69: =(Q$49/P$49)*P69 -> 0 | S69: =(S$49/R$49)*R69 -> 0 | T69: =(T$49/R$49)*R69 -> 0
B70: TOTAL | O70: =SUM(O50:O69) -> 817 | P70: =SUM(P50:P69) -> 16500000 | Q70: =SUM(Q50:Q69) -> 1.7133338e+08 | R70: =SUM(R49:R69)-R49 -> 801 | S70: =SUM(S49:S69)-S49 -> 0 | T70: =SUM(T49:T69)-T49 -> 1.7310987e+08
AB80: =AB75/891 -> 0

Sheet PRODUCTO_MGA
B1: SECRETARÍA DISTRITAL DE LA MUJER | J1: Código: DE-FO-5
B2: DIRECCIONAMIENTO ESTRATEGICO | J2: Versión: 14
B3: PROGRAMACIÓN, ACTUALIZACIÓN Y SEGUIMIENTO PLAN DE ACCIÓN DE PROYECTOS DE INVERSIÓN | J3: Fecha de Emisión: 28/04/2025
B4: PRODUCTO - MGA | J4: Página 4 de 7
A6: PROYECTO DE INVERSIÓN | B6: 8190 - Desarrollo de capacidades digitales para potenciar la inclusión social de las mujeres en zonas urbanas y rurales en Bogotá D.C. | J6: BPIN | K6: 2024110010313
A8: PERIODO REPORTADO | B8: Enero | D8: Febrero | F8: Marzo | H8: Abril | J8: TIPO DE REPORTE | K8: FORMULACION
B9: Mayo | D9: Junio | F9: Julio | H9: Agosto | I9: X | K9: ACTUALIZACION
B10: Septiembre | D10: Octubre | F10: Noviembre | H10: Diciembre | K10: SEGUIMIENTO | L10: X
A12: EJECUCIÓN PRESUPUESTAL DEL PRODUCTO I TRIMESTRE
A13: OBJETIVO ESPECIFICO | B13: ACTIVIDAD | C13: PRODUCTO MGA | D13: ENERO | G13: FEBRERO | J13: MARZO
D14: COMPROMISOS | E14: GIROS | F14: EJECUTADO MAGNITUD | G14: COMPROMISOS | H14: GIROS | I14: EJECUTADO MAGNITUD | J14: COMPROMISOS | K14: GIROS | L14: EJECUTADO MAGNITUD
A15: Desarrollar contenidos con enfoque de género y diferencial que favorezcan el desarrollo de capacidades digitales de las mujeres en zonas rurales y urbanas | B15: Diseñar 4 contenidos nuevos de formación en capacidades digitales con enfoque de género y diferencial | C15: PRODUCTO 1 Servicio de Educación Informal | D15: =ACTIVIDAD_1!B25+ACTIVIDAD_2!B25 -> 1253518000 | E15: =ACTIVIDAD_1!B26+ACTIVIDAD_2!B26 -> 0 | F15: =ACTIVIDAD_1!C39+ACTIVIDAD_2!C39 -> 0 | G15: =ACTIVIDAD_1!C25+ACTIVIDAD_2!C25 -> 0 | H15: =ACTIVIDAD_1!C26+ACTIVIDAD_2!C26 -> 17787731 | I15: =ACTIVIDAD_1!C41+ACTIVIDAD_2!C41 -> 0.28 | J15: =ACTIVIDAD_1!D25+ACTIVIDAD_2!D25 -> -1320000 | K15: =ACTIVIDAD_1!D26+ACTIVIDAD_2!D26 -> 112651999 | L15: =ACTIVIDAD_1!C43+ACTIVIDAD_2!C43 -> 0.28
B17: Implementar 7 cursos con enfoque de género y diferencial para el desarrollo de capacidades digitales de las mujeres en zonas rurales de la ciudad
A18: Asegurar la infraestructura tecnológica de los Centros de Inclusión Digital y sus aulas itinerantes favoreciendo el acceso, uso y apropiación de las TIC de las mujeres urbanas y rurales. | B18: Ejecutar 1 estrategia para garantizar la operación tecnológica de los Centros de Inclusión Digital y sus aulas itinerantes | C18: PRODUCTO 3 Servicio de promoción de la garantía de derechos | D18: =ACTIVIDAD_3!B25 -> 591874000 | E18: =+[1]ACTIVIDAD_3!B27 -> 0 | F18: =ACTIVIDAD_3!C39 -> 0 | G18: =ACTIVIDAD_3!C25 -> 6636135 | H18: =ACTIVIDAD_3!C26 -> 41813688 | I18: =ACTIVIDAD_3!C41 -> 0.1 | J18: =ACTIVIDAD_3!D25 -> -880000 | K18: =ACTIVIDAD_3!D26 -> 48864185 | L18: 0.1
D19: =SUM(D15:D18) -> 1845392000 | G19: =SUM(G15:G18) -> 6636135
A21: EJECUCIÓN PRESUPUESTAL DEL PRODUCTO II TRIMESTRE
A22: OBJETIVO ESPECIFICO | B22: ACTIVIDAD | C22: PRODUCTO MGA | D22: ABRIL | G22: MAYO | J22: JUNIO
D23: COMPROMISOS | E23: GIROS | F23: EJECUTADO MAGNITUD | G23: COMPROMISOS | H23: GIROS | I23: EJECUTADO MAGNITUD | J23: COMPROMISOS | K23: GIROS | L23: EJECUTADO MAGNITUD
A24: Desarrollar contenidos con enfoque de género y diferencial que favorezcan el desarrollo de capacidades digitales de las mujeres en zonas rurales y urbanas | B24: Diseñar 4 contenidos nuevos de formación en capacidades digitales con enfoque de género y diferencial | C24: PRODUCTO 1 Servicio de Educación Informal | D24: =ACTIVIDAD_1!E25+ACTIVIDAD_2!E25 -> -1393333 | E24: =ACTIVIDAD_1!E26+ACTIVIDAD_2!E26 -> 112865333 | F24: =ACTIVIDAD_1!C45+ACTIVIDAD_2!C45 -> 0.28 | G24: =ACTIVIDAD_1!F25+ACTIVIDAD_2!F25 -> 208740 | H24: =ACTIVIDAD_1!F26+ACTIVIDAD_2!F26 -> 111035333 | I24: =ACTIVIDAD_1!C47+ACTIVIDAD_2!C47 -> 0.28 | J24: =ACTIVIDAD_1!G25+ACTIVIDAD_2!G25 -> 10228260 | K24: =ACTIVIDAD_1!G26+ACTIVIDAD_2!G26 -> 113185333 | L24: =ACTIVIDAD_1!C49+ACTIVIDAD_2!C49 -> 0.28
B25: Implementar 7 cursos con enfoque de género y diferencial para el desarrollo de capacidades digitales de las mujeres en zonas rurales de la ciudad
A26: Asegurar la infraestructura tecnológica de los Centros de Inclusión Digital y sus aulas itinerantes favoreciendo el acceso, uso y apropiación de las TIC de las mujeres urbanas y rurales. | B26: Ejecutar 1 estrategia para garantizar la operación tecnológica de los Centros de Inclusión Digital y sus aulas itinerantes | C26: PRODUCTO 3 Servicio de promoción de la garantía de derechos | D26: =ACTIVIDAD_3!E25 -> 85448005 | E26: =ACTIVIDAD_3!E26 -> 53288365 | F26: =ACTIVIDAD_3!C43 -> 0.1 | G26: =ACTIVIDAD_3!F25 -> 0 | H26: =ACTIVIDAD_3!F26 -> 56231334 | I26: =ACTIVIDAD_3!C47 -> 0.1 | J26: =ACTIVIDAD_3!G25 -> 0 | K26: =ACTIVIDAD_3!G26 -> 141754360 | L26: =ACTIVIDAD_3!C49 -> 0.1
A29: EJECUCIÓN PRESUPUESTAL DEL PRODUCTO III TRIMESTRE
A30: OBJETIVO ESPECIFICO | B30: ACTIVIDAD | C30: PRODUCTO MGA | D30: JULIO | G30: AGOSTO | J30: SEPTIEMBRE
D31: COMPROMISOS | E31: GIROS | F31: EJECUTADO MAGNITUD | G31: COMPROMISOS | H31: GIROS | I31: EJECUTADO MAGNITUD | J31: COMPROMISOS | K31: GIROS | L31: EJECUTADO MAGNITUD
A32: Desarrollar contenidos con enfoque de género y diferencial que favorezcan el desarrollo de capacidades digitales de las mujeres en zonas rurales y urbanas | B32: Diseñar 4 contenidos nuevos de formación en capacidades digitales con enfoque de género y diferencial | C32: PRODUCTO 1 Servicio de Educación Informal | D32: 16500000 | E32: 113615333 | F32: =ACTIVIDAD_1!C51+ACTIVIDAD_2!C51 -> 0.28 | G32: =ACTIVIDAD_1!I25+ACTIVIDAD_2!I25 -> 0 | H32: =ACTIVIDAD_1!I26+ACTIVIDAD_2!I26 -> 115038667 | I32: =ACTIVIDAD_1!C53+ACTIVIDAD_2!C53 -> 0.18 | J32: =ACTIVIDAD_1!J25+ACTIVIDAD_2!J25 -> 0 | K32: =ACTIVIDAD_1!J26+ACTIVIDAD_2!J26 -> 0 | L32: 1
B33: Implementar 7 cursos con enfoque de género y diferencial para el desarrollo de capacidades digitales de las mujeres en zonas rurales de la ciudad
A34: Asegurar la infraestructura tecnológica de los Centros de Inclusión Digital y sus aulas itinerantes favoreciendo el acceso, uso y apropiación de las TIC de las mujeres urbanas y rurales. | B34: Ejecutar 1 estrategia para garantizar la operación tecnológica de los Centros de Inclusión Digital y sus aulas itinerantes | C34: PRODUCTO 3 Servicio de promoción de la garantía de derechos | D34: 0 | E34: 57718045 | F34: =ACTIVIDAD_3!C51 -> 0.1 | G34: =ACTIVIDAD_3!I25 -> 0 | H34: =ACTIVIDAD_3!I26 -> 58071203 | I34: =ACTIVIDAD_3!C53 -> 0.1 | J34: 0 | K34: 0 | L34: 0
A37: EJECUCIÓN PRESUPUESTAL DEL PRODUCTO IV TRIMESTRE
A38: OBJETIVO ESPECIFICO | B38: ACTIVIDAD | C38: PRODUCTO MGA | D38: OCTUBRE | G38: NOVIEMBRE | J38: DICIEMBRE
D39: COMPROMISOS | E39: GIROS | F39: EJECUTADO MAGNITUD | G39: COMPROMISOS | H39: GIROS | I39: EJECUTADO MAGNITUD | J39: COMPROMISOS | K39: GIROS | L39: EJECUTADO MAGNITUD
A40: Desarrollar contenidos con enfoque de género y diferencial que favorezcan el desarrollo de capacidades digitales de las mujeres en zonas rurales y urbanas | B40: Diseñar 4 contenidos nuevos de formación en capacidades digitales con enfoque de género y diferencial | C40: PRODUCTO 1 Servicio de Educación Informal | D40: =ACTIVIDAD_1!K25+ACTIVIDAD_2!K25 -> 0 | E40: =ACTIVIDAD_1!K26+ACTIVIDAD_2!K26 -> 0 | F40: 0 | G40: 0 | H40: 0 | I40: 0
B41: Implementar 7 cursos con enfoque de género y diferencial para el desarrollo de capacidades digitales de las mujeres en zonas rurales de la ciudad
A42: Asegurar la infraestructura tecnológica de los Centros de Inclusión Digital y sus aulas itinerantes favoreciendo el acceso, uso y apropiación de las TIC de las mujeres urbanas y rurales. | B42: Ejecutar 1 estrategia para garantizar la operación tecnológica de los Centros de Inclusión Digital y sus aulas itinerantes | C42: PRODUCTO 3 Servicio de promoción de la garantía de derechos | D42: =ACTIVIDAD_3!K25 -> 0 | E42: =ACTIVIDAD_3!K26 -> 0 | F42: 0 | G42: 0 | H42: 0 | I42: 0

Sheet PMR
C1: SECRETARÍA DISTRITAL DE LA MUJER | AV1: Código: DE-FO-5
C2: DIRECCIONAMIENTO ESTRATEGICO | AV2: Versión: 14
C3: PROGRAMACIÓN, ACTUALIZACIÓN Y SEGUIMIENTO PLAN DE ACCIÓN DE PROYECTOS DE INVERSIÓN | AV3: Fecha de Emisión: 28/04/2025
C4: PRODUCTOS, METAS Y RESULTADOS -PMR | AV4: Página 6 de 7
A6: PROYECTO DE INVERSIÓN | C6: 8190 - Desarrollo de capacidades digitales para potenciar la inclusión social de las mujeres en zonas urbanas y rurales en Bogotá D.C. | N6: BPIN | O6: 2024110010313
A8: PERIODO REPORTADO | C8: Enero | E8: Febrero | G8: Marzo | I8: Abril | N8: TIPO DE REPORTE | Q8: FORMULACION
C9: Mayo | E9: Junio | G9: Julio | I9: Agosto | J9: X | Q9: ACTUALIZACION
C10: Septiembre | E10: Octubre | G10: Noviembre | I10: Diciembre | Q10: SEGUIMIENTO | T10: X
